Workbook

Sheet I (UNO)
A1: 9 | B1: CATEGORIAS | C1: POR MES | D1: POR MES | E1: POR MES | F1: POR MES | H1: POR MES | M1: POR MES
C2: Febrero | D2: Marzo | E2: Abril | F2: Mayo | H2: Junio | M2: 45689
C3: N.R | D3: N.R | E3: N.R | F3: BÁSICO | G3: N.R | H3: BÁSICO | I3: N.R | M3: BÁSICO
B4: TALLERES DE POMPA DE SASTRERIAS PARA HOMBRES, SENORAS Y NINOS TALLERES INTERNOS DE SASTRERIA A MEDIDA PARA HOMBRES Y NIÑOS.
B5: TALLERES DE POMPA DE SASTRERIA PARA HOMBRES.
A6: 1 | B6: POMPIER | C6: =M6*0.05 -> 43408.81 | D6: =+M6*0.075 -> 65113.215 | E6: =+M6*0.105 -> 91158.501 | F6: =+M6*1.04 -> 902903.25 | G6: =F6*0.075 -> 67717.744 | H6: =F6*1.045 -> 943533.9 | I6: =H6*0.055 -> 51894.364 | M6: 868176.2
B7: Es el trabajador que realiza todas las tareas correspondientes a los arreglos y o composturas.
B8: NOTA: Posee todos los conocimientos necesarios para desarmar y armar un prenda completa. ( Sacos, Gabanes, Sobretodos Etc. )
A9: 2 | B9: PANTALONERO | C9: =M9*0.05 -> 41321.295 | D9: =+M9*0.075 -> 61981.943 | E9: =+M9*0.105 -> 86774.72 | F9: =+M9*1.04 -> 859482.94 | G9: =F9*0.075 -> 64461.22 | H9: =F9*1.045 -> 898159.67 | I9: =H9*0.055 -> 49398.782 | M9: 826425.9
B10: Es el trabajador que dirige o marca o realiza composturas.
A11: 3 | B11: PLANCHADOR A MANO O A MAQUINA | C11: =M11*0.05 -> 38202.805 | D11: =+M11*0.075 -> 57304.208 | E11: =+M11*0.105 -> 80225.891 | F11: =+M11*1.04 -> 794618.34 | G11: =F11*0.075 -> 59596.376 | H11: =F11*1.045 -> 830376.17 | I11: =H11*0.055 -> 45670.689 | M11: 764056.1
B12: Deberá conocer y realizar eventualmente cualquiera de las siguientes tareas:
B13: Plancha la prenda completa: o sea mangas delanteros espalda, sisas internas y externas, solapas, cuellos y hombros con plancha específica. Cintura y piernas con plancha universal.Plancha delanteros y cuellos en máquina universal.
A14: 4 | B14: COSTURERA POMPIERA CALIFICADA | C14: =M14*0.05 -> 37095.038 | D14: =+M14*0.075 -> 55642.557 | E14: =+M14*0.105 -> 77899.579 | F14: =+M14*1.04 -> 771576.79 | G14: =F14*0.075 -> 57868.259 | H14: =F14*1.045 -> 806297.74 | I14: =H14*0.055 -> 44346.376 | M14: 741900.76
B15: Es la trabajadora que realiza habitualmente cualquiera de las siguientes tareas:
B16: Hace todos los arreglos de chalecos y/o pantalones.
B17: Hace ojales.
B18: Realiza tareas de costados y/u hombros y/o cuellos - Trabaja a máquina exclusivamente.
A19: 5 | B19: POMPIERA ALISTADORA CALIFICADA | C19: =M19*0.05 -> 35545.41 | D19: =+M19*0.075 -> 53318.115 | E19: =+M19*0.105 -> 74645.361 | F19: =+M19*1.04 -> 739344.53 | G19: =F19*0.075 -> 55450.84 | H19: =F19*1.045 -> 772615.04 | I19: =H19*0.055 -> 42493.827 | M19: 710908.2
B20: Es la trabajadora que realiza habitualmente cualquiera de las siguientes tareas:
B21: Coloca aros y/o rombos y/o bocamangas con o sin galones.
B22: Arma accesórios y/u hombreras.
B23: Coloca galones y/o ginetas.
B24: Hace accesórios y/o galones y/o ginetas y/u hombreras.
A25: 6 | B25: COSTURERA POMPIERA | C25: =M25*0.05 -> 35545.41 | D25: =+M25*0.075 -> 53318.115 | E25: =+M25*0.105 -> 74645.361 | F25: =+M25*1.04 -> 739344.53 | G25: =F25*0.075 -> 55450.84 | H25: =F25*1.045 -> 772615.04 | I25: =H25*0.055 -> 42493.827 | M25: 710908.2
B26: Es la trabajadora que realiza habitualmente cualquiera de las siguientes tareas.
B27: Acorta mangas y/o sacos
B28: Alarga mangas y/o sacos
B29: Hace bajos de pantalones y/o forrados en general
B30: Pone pruebas
A31: 7 | B31: MARCADOR DE COMPOSTURAS | C31: =M31*0.05 -> 40283.941 | D31: =+M31*0.075 -> 60425.912 | E31: =+M31*0.105 -> 84596.276 | F31: =+M31*1.04 -> 837905.98 | G31: =F31*0.075 -> 62842.948 | H31: =F31*1.045 -> 875611.74 | I31: =H31*0.055 -> 48158.646 | M31: 805678.82
B32: Es el trabajador que marca todas las composturas para ser realizadas por otros trabajadores.
A33: 8 | B33: REVISADOR DE COMPOSTURAS | C33: =M33*0.05 -> 39240.159 | D33: =+M33*0.075 -> 58860.239 | E33: =+M33*0.105 -> 82404.334 | F33: =+M33*1.04 -> 816195.31 | G33: =F33*0.075 -> 61214.648 | H33: =F33*1.045 -> 852924.1 | I33: =H33*0.055 -> 46910.825 | M33: 784803.18
B34: Es el trabajador que revisa las composturas después de realizadas.
A35: 9 | B35: POMPIER PROBADOR Y MARCADOR | C35: =M35*0.05 -> 46546.486 | D35: =+M35*0.075 -> 69819.729 | E35: =+M35*0.105 -> 97747.621 | F35: =+M35*1.04 -> 968166.91 | G35: =F35*0.075 -> 72612.518 | H35: =F35*1.045 -> 1011734.4 | I35: =H35*0.055 -> 55645.393 | M35: 930929.72
B36: Es el trabajador que realiza y marca todas las tareas correspondientes a los arreglos y/o composturas.
B37: NOTA: Es el trabajador que posee todos los conocimientos del punto 1.
A38: 10 | B38: Para el caso en que dichas funciones se realicen en reemplazo del que siempre las efectúa, el salario será proporcional al del titular, por el tiempo trabajado.
B39: TALLERES DE POMPA DE SASTRERIA PARA SEÑORAS Y NIÑOS
A40: 11 | B40: Los trabajadores de esta especialidad, ganarán los mismos sueldos que los fijados para la pompa de hombres, detallados en el presente Capítulo, Incisos 1 al 10.
B41: TRABAJADORES/AS QUE CONFECCIONAN PRENDAS DE MEDIDA EN TALLERES INTERNOS.
A42: 12 | B42: OFICIAL CALIFICADO ESPECIALIZADO | C42: =M42*0.05 -> 36486.688 | D42: =+M42*0.075 -> 54730.033 | E42: =+M42*0.105 -> 76622.046 | F42: =+M42*1.04 -> 758923.12 | G42: =F42*0.075 -> 56919.234 | H42: =F42*1.045 -> 793074.66 | I42: =H42*0.055 -> 43619.106 | M42: 729733.77
B43: Es el trabajador que confecciona cualquier tipo de prenda completa, inclusive las de talle.
A44: 13 | B44: OFICIAL | C44: =M44*0.05 -> 31748.157 | D44: =+M44*0.075 -> 47622.236 | E44: =+M44*0.105 -> 66671.131 | F44: =+M44*1.04 -> 660361.67 | G44: =F44*0.075 -> 49527.126 | H44: =F44*1.045 -> 690077.95 | I44: =H44*0.055 -> 37954.287 | M44: 634963.15
B45: Coloca cuello y/o mangas
B46: Hace una prenda hasta terminar hombros y/o costados
B47: Hace bolsillos exteriores
B48: Si realiza exclusivamente ojales, percibirá un treinta por ciento (30%) más del salario fijado en este inciso.
A49: 14 | B49: COSTURERA AYUDANTA ADELANTADA | C49: =M49*0.05 -> 30211.337 | D49: =+M49*0.075 -> 45317.005 | E49: =+M49*0.105 -> 63443.807 | F49: =+M49*1.04 -> 628395.8 | G49: =F49*0.075 -> 47129.685 | H49: =F49*1.045 -> 656673.61 | I49: =H49*0.055 -> 36117.049 | M49: 604226.73
B50: Hace bolsillos interiores y/o vistas
B51: Pica entretelas y/o solapas
B52: Confecciona mangas
B53: TALLERES INTERNOS DE PANTALONES A MEDIDA.
A54: 15 | B54: OFICIAL CALIFICADO ESPECIALIZADO | C54: =M54*0.05 -> 34962.674 | D54: =+M54*0.075 -> 52444.012 | E54: =+M54*0.105 -> 73421.616 | F54: =+M54*1.04 -> 727223.63 | G54: =F54*0.075 -> 54541.772 | H54: =F54*1.045 -> 759948.69 | I54: =H54*0.055 -> 41797.178 | M54: 699253.49
B55: Es el trabajador que confecciona el pantalón completo
A56: 16 | B56: OFICIAL | C56: =M56*0.05 -> 31696.93 | D56: =+M56*0.075 -> 47545.395 | E56: =+M56*0.105 -> 66563.553 | F56: =+M56*1.04 -> 659296.15 | G56: =F56*0.075 -> 49447.211 | H56: =F56*1.045 -> 688964.47 | I56: =H56*0.055 -> 37893.046 | M56: 633938.6
B57: Hace ojales y/o todo tipo de bolsillos
B58: Cose entrepiernas y/o costados
A59: 17 | B59: MEDIO OFICIAL | C59: =M59*0.05 -> 30211.337 | D59: =+M59*0.075 -> 45317.005 | E59: =+M59*0.105 -> 63443.807 | F59: =+M59*1.04 -> 628395.8 | G59: =F59*0.075 -> 47129.685 | H59: =F59*1.045 -> 656673.61 | I59: =H59*0.055 -> 36117.049 | M59: 604226.73
B60: Hace bajos y/o coloca broches
B61: Pega botones
B62: Forra bajos y/o cinturas
B63: TALLERES INTERNOS DE CHALECOS A MEDIDA
A64: 18 | B64: OFICIAL CALIFICADO ESPECIALIZADO | C64: =M64*0.05 -> 34962.674 | D64: =+M64*0.075 -> 52444.012 | E64: =+M64*0.105 -> 73421.616 | F64: =+M64*1.04 -> 727223.63 | G64: =F64*0.075 -> 54541.772 | H64: =F64*1.045 -> 759948.69 | I64: =H64*0.055 -> 41797.178 | M64: 699253.49
B65: Es el trabajador que confecciona el chaleco completo
A66: 19 | B66: OFICIAL | C66: =M66*0.05 -> 31696.93 | D66: =+M66*0.075 -> 47545.395 | E66: =+M66*0.105 -> 66563.553 | F66: =+M66*1.04 -> 659296.15 | G66: =F66*0.075 -> 49447.211 | H66: =F66*1.045 -> 688964.47 | I66: =H66*0.055 -> 37893.046 | M66: 633938.6
B67: Hace ojales y todo tipo de bolsillos
A68: 20 | B68: MEDIO OFICIAL | C68: =M68*0.05 -> 30211.337 | D68: =+M68*0.075 -> 45317.005 | E68: =+M68*0.105 -> 63443.807 | F68: =+M68*1.04 -> 628395.8 | G68: =F68*0.075 -> 47129.685 | H68: =F68*1.045 -> 656673.61 | I68: =H68*0.055 -> 36117.049 | M68: 604226.73
B69: Hace espaldas y/o presillas
B70: Pega botones y/o coloca hebillas
A71: 21 | B71: DISPOSICIONES GENERALES PARA ESTE CAPITULO.
B72: Los trabajadores que realicen cambrado de cuellos hilvanados o refinados, asi como las que colocan mangas y pegan cuellos en los Talleres Internos de sacos, serán considerados/as en la categoría de oficiales/as.
B74: NOTA: LAS ESCALAS SALARIALES AQUÍ PREVISTAS SE INCREMENTARÁN POR APLICACION DE LOS ADICIONALES PARA LA ZONA PATAGONICA DISPUESTOS EN EL ART. Nº 40 DE LA PRESENTE.

Sheet II (DOS)
A1: ITEM | B1: CATEGORIAS | C1: POR MES | D1: POR MES | E1: POR MES | F1: POR MES | H1: POR MES | L1: POR MES
C2: Febrero | D2: Marzo | E2: Abril | F2: Mayo | H2: Junio | L2: 45778
C3: N.R | D3: N.R | E3: N.R | F3: BÁSICO | G3: N.R | H3: BÁSICO | I3: N.R | L3: BÁSICO
B4: CASAS DE MODA, TIENDAS, CASAS DE MODELOS, MODISTAS EN GENERAL Y SOMBREROS PARA SEÑORAS, SEÑORITAS Y NIÑAS.
A5: 1 | B5: MEDIO OFICIAL | C5: =+L5*0.05 -> 31959.47 | D5: =+L5*0.075 -> 47939.205 | E5: =+L5*0.105 -> 67114.888 | F5: =+L5*1.04 -> 664756.98 | G5: =+F5*0.075 -> 49856.774 | H5: =+F5*1.045 -> 694671.05 | I5: =+H5*0.055 -> 38206.908 | L5: 639189.41
B6: Hace bolsillos sencillos y/o cinturones y/o cuellos sencillos y/o dobladillos y/o mangas sencillas y/u ojales militares y/o terminaciones de polleras.
A7: 2 | B7: OFICIAL | C7: =+L7*0.05 -> 33662.78 | D7: =+L7*0.075 -> 50494.17 | E7: =+L7*0.105 -> 70691.838 | F7: =+L7*1.04 -> 700185.83 | G7: =+F7*0.075 -> 52513.937 | H7: =+F7*1.045 -> 731694.19 | I7: =+H7*0.055 -> 40243.18 | L7: 673255.6
B8: Confecciona vestidos y/o blusas.
B9: Recorta drapeado y sus partes principales.
A10: 3 | B10: OFICIAL CALIFICADO | C10: =+L10*0.05 -> 36525.109 | D10: =+L10*0.075 -> 54787.663 | E10: =+L10*0.105 -> 76702.729 | F10: =+L10*1.04 -> 759722.27 | G10: =+F10*0.075 -> 56979.17 | H10: =+F10*1.045 -> 793909.77 | I10: =+H10*0.055 -> 43665.037 | L10: 730502.18
B11: Confecciona un vestido o demás prendas propias de la modistería.
A12: 4 | B12: PRIMERA DE MESA. | C12: =+L12*0.05 -> 41583.811 | D12: =+L12*0.075 -> 62375.716 | E12: =+L12*0.105 -> 87326.003 | F12: =+L12*1.04 -> 864943.27 | G12: =+F12*0.075 -> 64870.745 | H12: =+F12*1.045 -> 903865.71 | I12: =+H12*0.055 -> 49712.614 | L12: 831676.22
B13: Responsable del trabajo de mesa que dirige, siendo la encargada del modelado y el armado de las prendas, pudiendo participar en la confección de las partes principales de la misma y orientando dentro de su especialidad al personal, de acuerdo a la modalidad de cada casa, su salario percibirá un adicional no inferior a un 30% del que fija en el inciso 4.
B14: NOTA: Para los incisos 3, 4 y 5 las trabajadoras que se dediquen a la confección de trajes de novia y/o gala, largos o cortos, percibirán un adicional salarial del 20% sobre el total de los salarios percibidos.
A15: 5 | B15: PLANCHADORA A MAQUINA O A MANO | C15: =+L15*0.05 -> 36525.109 | D15: =+L15*0.075 -> 54787.663 | E15: =+L15*0.105 -> 76702.729 | F15: =+L15*1.04 -> 759722.27 | G15: =+F15*0.075 -> 56979.17 | H15: =+F15*1.045 -> 793909.77 | I15: =+H15*0.055 -> 43665.037 | L15: 730502.18
A16: 6 | B16: En las casas de Modas o Modelos, Tiendas, que se dediquen preferentemente o con exclusividad a la confección de blusas o polleras, las trabajadoras que confeccionen las mismas se calificarán en la categoría de Oficiales Calificados de Moda o Modista.
A17: 7 | B17: El personal que por disposición del empleador concurra a presentar su aporte profesional en desfiles de modas, vestir novias o acompañantes y/o concurra al templo, percibir por dicha tarea una bonificación equivalente al 100% de su salario básico diario,
B19: SASTRERIAS PARA SEÑORAS Y NIÑAS, CLASICOS Y FANTASIAS, TAPADOS Y TAILLEURS.
A20: 8 | B20: MEDIO OFICIAL | C20: =+L20*0.05 -> 32401.306 | D20: =+L20*0.075 -> 48601.959 | E20: =+L20*0.105 -> 68042.743 | F20: =+L20*1.04 -> 673947.17 | G20: =+F20*0.075 -> 50546.038 | H20: =+F20*1.045 -> 704274.79 | I20: =+H20*0.055 -> 38735.114 | L20: 648026.13
B21: Hace hombreras y/o mangas y/o vistas.
B22: Pica cuellos y/o solapas. Hace ojales militares
A23: 9 | B23: OFICIAL | C23: =+L23*0.05 -> 33662.78 | D23: =+L23*0.075 -> 50494.17 | E23: =+L23*0.105 -> 70691.838 | F23: =+L23*1.04 -> 700185.83 | G23: =+F23*0.075 -> 52513.937 | H23: =+F23*1.045 -> 731694.19 | I23: =+H23*0.055 -> 40243.18 | L23: 673255.6
B24: Hace la prenda hasta dejarla falta de mangas y cuellos. Hace bolsillos.
B25: NOTA: Los operarios que habitualmente coloquen mangas, cuellos, percibirán el salario del Oficial Calificado.
A26: 10 | B26: OFICIAL CALIFICADO | C26: =+L26*0.05 -> 36525.109 | D26: =+L26*0.075 -> 54787.663 | E26: =+L26*0.105 -> 76702.729 | F26: =+L26*1.04 -> 759722.27 | G26: =+F26*0.075 -> 56979.17 | H26: =+F26*1.045 -> 793909.77 | I26: =+H26*0.055 -> 43665.037 | L26: 730502.18
B27: Hace cualquier prenda completa.
A28: 11 | B28: PRIMER OFICIAL DE MESA . | C28: =+L28*0.05 -> 40540.053 | D28: =+L28*0.075 -> 60810.08 | E28: =+L28*0.105 -> 85134.112 | F28: =+L28*1.04 -> 843233.11 | G28: =+F28*0.075 -> 63242.483 | H28: =+F28*1.045 -> 881178.6 | I28: =+H28*0.055 -> 48464.823 | L28: 810801.07
B29: Responsable del trabajo de mesa que dirige, estando a su cargo el armado de las prendas, Tendrá Oficial Calificado, Oficial y Medio Oficial, con un máximo de diez trabajadores.
A30: 12 | B30: OFICIALA POLLERISTA | C30: =+L30*0.05 -> 35839.943 | D30: =+L30*0.075 -> 53759.914 | E30: =+L30*0.105 -> 75263.88 | F30: =+L30*1.04 -> 745470.81 | G30: =+F30*0.075 -> 55910.311 | H30: =+F30*1.045 -> 779017 | I30: =+H30*0.055 -> 42845.935 | L30: 716798.86
B31: Confecciona polleras.
A32: 13 | B32: MEDIO OFICIALA POLLERISTA . | C32: =+L32*0.05 -> 32401.306 | D32: =+L32*0.075 -> 48601.959 | E32: =+L32*0.105 -> 68042.743 | F32: =+L32*1.04 -> 673947.17 | G32: =+F32*0.075 -> 50546.038 | H32: =+F32*1.045 -> 704274.79 | I32: =+H32*0.055 -> 38735.114 | L32: 648026.13
B33: Hace terminaciones.
A34: 14 | B34: OFICIALA CALIFICADA BRECHERA | C34: =+L34*0.05 -> 36525.109 | D34: =+L34*0.075 -> 54787.663 | E34: =+L34*0.105 -> 76702.729 | F34: =+L34*1.04 -> 759722.27 | G34: =+F34*0.075 -> 56979.17 | H34: =+F34*1.045 -> 793909.77 | I34: =+H34*0.055 -> 43665.037 | L34: 730502.18
A35: 15 | B35: PLANCHADORA A MANO O A MAQUINA. | C35: =+L35*0.05 -> 36525.109 | D35: =+L35*0.075 -> 54787.663 | E35: =+L35*0.105 -> 76702.729 | F35: =+L35*1.04 -> 759722.27 | G35: =+F35*0.075 -> 56979.17 | H35: =+F35*1.045 -> 793909.77 | I35: =+H35*0.055 -> 43665.037 | L35: 730502.18
A36: 16 | B36: POMPIER/A | C36: =+L36*0.05 -> 36525.109 | D36: =+L36*0.075 -> 54787.663 | E36: =+L36*0.105 -> 76702.729 | F36: =+L36*1.04 -> 759722.27 | G36: =+F36*0.075 -> 56979.17 | H36: =+F36*1.045 -> 793909.77 | I36: =+H36*0.055 -> 43665.037 | L36: 730502.18
B39: REFORMA DE VESTIDOS Y COMPOSTURAS DE MEDIDA Y CONFECCION PARA SEÑORAS Y NIÑAS.
A41: 17 | B41: OFICIALA CALIFICADA . | C41: =+L41*0.05 -> 36525.109 | D41: =+L41*0.075 -> 54787.663 | E41: =+L41*0.105 -> 76702.729 | F41: =+L41*1.04 -> 759722.27 | G41: =+F41*0.075 -> 56979.17 | H41: =+F41*1.045 -> 793909.77 | I41: =+H41*0.055 -> 43665.037 | L41: 730502.18
B42: Marca composturas y/o las reformas.
B43: Realiza una de las dos tareas.
A44: 18 | B44: MEDIO OFICIAL | C44: =+L44*0.05 -> 32401.306 | D44: =+L44*0.075 -> 48601.959 | E44: =+L44*0.105 -> 68042.743 | F44: =+L44*1.04 -> 673947.17 | G44: =+F44*0.075 -> 50546.038 | H44: =+F44*1.045 -> 704274.79 | I44: =+H44*0.055 -> 38735.114 | L44: 648026.13
B45: Realiza las tareas secundarias.
A46: 19 | B46: PLANCHADORA | C46: =+L46*0.05 -> 33861.286 | D46: =+L46*0.075 -> 50791.929 | E46: =+L46*0.105 -> 71108.701 | F46: =+L46*1.04 -> 704314.75 | G46: =+F46*0.075 -> 52823.606 | H46: =+F46*1.045 -> 736008.91 | I46: =+H46*0.055 -> 40480.49 | L46: 677225.72
B47: Plancha las composturas y/o reformas.
A48: 20 | B48: PRIMERA DE MESA DE ARREGLOS. | C48: =+L48*0.05 -> 41583.811 | D48: =+L48*0.075 -> 62375.716 | E48: =+L48*0.105 -> 87326.003 | F48: =+L48*1.04 -> 864943.27 | G48: =+F48*0.075 -> 64870.745 | H48: =+F48*1.045 -> 903865.71 | I48: =+H48*0.055 -> 49712.614 | L48: 831676.22
B49: Responsable de la Mesa de Arreglos.
B50: Marca y/o toma composturas.
B51: Puede participar en su realización.
B52: Tiene a su cargo un máximo de diez trabajadores.
A53: 21 | B53: En los casos en que en las Casas de Modas, Tiendas, Casas de Modelos, Sastrerías para Señoras y niñas, Modistas en general y demás establecimientos comprendidos en el Capítulo II que por modalidad, características o conveniencia del Empleador, los trabajadores no confeccionen las prendas en su totalidad, se considerarán y calificarán en esta categoría, siempre que realicen las partes principales de las prendas.
A54: 22 | B54: Los trabajadores que pasados los quince (15) días de trabajo, no quedaren efectivos, cualquiera sea su especialidad, percibirán una compensación de un veinte por ciento (20%) sobre su jornal, independientemente de cualquier otro beneficio que pudiera corresponderle por ley.
B56: FABRICA, TALLERES, CONFECCIONISTAS Y ESTABLECIMIENTOS EN GENERAL QUE SE DEDIQUEN A LA CONFECCION DE SOMBREROS DE SEÑORAS, SEÑORITAS Y NIÑAS.
A58: 23 | B58: CREADORA | C58: =+L58*0.05 -> 44766.311 | D58: =+L58*0.075 -> 67149.466 | E58: =+L58*0.105 -> 94009.253 | F58: =+L58*1.04 -> 931139.26 | G58: =+F58*0.075 -> 69835.445 | H58: =+F58*1.045 -> 973040.53 | I58: =+H58*0.055 -> 53517.229 | L58: 895326.21
B59: Confecciona sombreros.
B60: Crea sombreros.
B61: Hace modelos exclusivos.
B62: Puede completar su horario a pedido del empleador con tareas relacionadas al oficio siempre que las mismas estén de acuerdo a su calificación profesional.
A63: 24 | B63: PRIMERA DE MESA | C63: =+L63*0.05 -> 41583.811 | D63: =+L63*0.075 -> 62375.716 | E63: =+L63*0.105 -> 87326.003 | F63: =+L63*1.04 -> 864943.27 | G63: =+F63*0.075 -> 64870.745 | H63: =+F63*1.045 -> 903865.71 | I63: =+H63*0.055 -> 49712.614 | L63: 831676.22
B64: Es responsable de la mesa que dirige, puede participar en la confección del sombrero, orientando dentro de su especialidad al personal.
B65: Su salario se incrementará con un adicional no inferior a un treinta por ciento (30%) del que fija el Inciso 4.
A66: 25 | B66: OFICIAL FORMISTA | C66: =+L66*0.05 -> 33906.11 | D66: =+L66*0.075 -> 50859.165 | E66: =+L66*0.105 -> 71202.831 | F66: =+L66*1.04 -> 705247.09 | G66: =+F66*0.075 -> 52893.532 | H66: =+F66*1.045 -> 736983.21 | I66: =+H66*0.055 -> 40534.076 | L66: 678122.2
B67: Cose sombreros de Señoras.
B68: Plancha sombreros de Señoras.
A69: 26 | B69: OFICIAL PREPARADORA ESPECIAL . | C69: =+L69*0.05 -> 36525.109 | D69: =+L69*0.075 -> 54787.663 | E69: =+L69*0.105 -> 76702.729 | F69: =+L69*1.04 -> 759722.27 | G69: =+F69*0.075 -> 56979.17 | H69: =+F69*1.045 -> 793909.77 | I69: =+H69*0.055 -> 43665.037 | L69: 730502.18
B70: Adapta el sombrero a la clienta.
B71: Adorna el sombrero.
B72: Hace todo el sombrero en cualquier clase de material.
B73: Termina el sombrero a medida.
A74: 27 | B74: OFICIALA PREPARADORA | C74: =+L74*0.05 -> 33906.11 | D74: =+L74*0.075 -> 50859.165 | E74: =+L74*0.105 -> 71202.831 | F74: =+L74*1.04 -> 705247.09 | G74: =+F74*0.075 -> 52893.532 | H74: =+F74*1.045 -> 736983.21 | I74: =+H74*0.055 -> 40534.076 | L74: 678122.2
B75: Cuando se trate de fábricas o talleres de venta al por mayor, esta trabajadora confecciona todo el sombrero, y lo produce sin adaptaciones individuales.
A76: 28 | B76: MEDIO OFICIAL PREPARADORA | C76: =+L76*0.05 -> 31959.47 | D76: =+L76*0.075 -> 47939.205 | E76: =+L76*0.105 -> 67114.888 | F76: =+L76*1.04 -> 664756.98 | G76: =+F76*0.075 -> 49856.774 | H76: =+F76*1.045 -> 694671.05 | I76: =+H76*0.055 -> 38206.908 | L76: 639189.41
B77: DISPOSICIONES GENERALES
A78: 29 | B78: Los trabajadores que realicen prendas en medida, interpretación, corte y prueba del modelo de revista, foto, etc. o diseño, con las variantes de acuerdo a la figura de la clienta si fuera necesario y tengan conocimientos de la tela adecuada para ese modelo (chifón, terciopelo, encaje, organza, gasa, lana) y en general todas las telas adecuadas al soireé, controlando y cortando la tela a emplear, tiempo de confección del mismo, materiales adicionales a utilizar, costo tela/prenda y el seguimiento de la confección de la prenda hasta su realización, percibirán un adicional del treinta por ciento (30%) más sobre su respectivo salario básico.
A79: 30 | B79: Los trabajadores que cosan a máquina o a mano y planchen las telas adecuadas a las especificaciones del inciso 29), que son las relacionadas al soireé, bajo las indicaciones de la Modelista y/o la primera de mesa, hasta finalizar la prenda, percibirán un adicional del veinte por ciento (20%) más sobre su respectivo salario básico.
A80: 31 | B80: Los trabajadores que realicen las siguientes tareas a saber: ruedos, ruloté, aplicación de pedrería, pegar cierres y/o botones y/o presillas etc., bajo las indicaciones de su superior, percibirán un adicional del diez por ciento (10%) más sobre su respectivo salario básico.
B82: NOTA: LAS ESCALAS SALARIALES AQUÍ PREVISTAS SE INCREMENTARÁN POR APLICACION DE LOS ADICIONALES PARA LA ZONA PATAGONICA DISPUESTOS EN EL ART. Nº 40 DE LA PRESENTE.

Sheet III (TRES)
A1: ITEM | B1: CATEGORIAS | C1: POR DIA | D1: POR HORA | E1: POR DIA | F1: POR HORA | G1: POR DIA | H1: POR HORA | I1: POR DIA | K1: POR HORA | M1: POR DIA | O1: POR HORA | R1: POR DIA
C2: ='I (UNO)'!C2 -> Febrero | E2: Marzo | G2: Abril | I2: ='I (UNO)'!F2 -> Mayo | M2: ='I (UNO)'!H2 -> Junio | R2: 45658
C3: N.R. | D3: N.R. | E3: N.R. | F3: N.R. | G3: N.R. | H3: N.R. | I3: BÁSICO | J3: N.R | K3: BÁSICO | L3: N.R | M3: BÁSICO | N3: N.R | O3: BÁSICO | P3: N.R | R3: BÁSICO
B4: CONFECCION DE PRENDAS STANDARD Y DE MEDIDA, EN RUEDA PARA HOMBRES Y NIÑOS EN GENERAL, DE SACOS, GABANES, SOBRETODOS, PERRAMUS, PANTALONES, CHALECOS, PILOTOS, IMPERMEABLES Y UNIFORMES EN GENERAL, CUALQUIERA FUERE EL MATERIAL EMPLEADO EN SU CONFECCION.
B5: NOTA: Exceptúase las prendas confeccionadas en materiales previstos en otros capítulos.
B6: DESCRIPCION DE TAREAS Y JORNALES PARA LAS EMPRESAS QUE CONFECCIONAN SACOS, SOBRETODOS, GABANES, PERRAMUS, PILOTOS E IMPERMEABLES.
B7: TRABAJO A MAQUINA
A8: 1 | B8: OFICIAL CALIFICADO ESPECIALIZADO | C8: =+R8*0.05 -> 1423.6331 | D8: =C8/8 -> 177.95414 | E8: =+R8*0.075 -> 2135.4497 | F8: =E8/8 -> 266.93121 | G8: =+R8*0.105 -> 2989.6295 | H8: =G8/8 -> 373.70369 | I8: =+R8*1.04 -> 29611.569 | J8: =+I8*0.075 -> 2220.8677 | K8: =I8*8% -> 2368.9255 | L8: =J8*8% -> 177.66941 | M8: =+I8*1.045 -> 30944.089 | N8: =+M8*0.055 -> 1701.9249 | O8: =M8*8% -> 2475.5271 | P8: =N8*8% -> 136.15399 | R8: 28472.662
B9: Deberá conocer y realizar eventualmente cualquiera de las siguientes tareas:
B10: Atraca la sisa, fijándola
B11: Colocar cuellos sin hilvanar y/o mangas sin hilvanar y/o tapa cuello sin hilvanar en cuello pegado.
B12: Coser canto de delantero colocándole pasamano al mismo tiempo.
B13: Coser hombros en género sin hilvanar y/o mangas hilvanadas colocando el chorizo al mismo tiempo.
B14: Encuarta delantero.
B15: Hilvanar sisas.
B16: Coloca chorizo en manga cosida o suelta y/u hombreras.
B17: Atraca sisas hilvanadas. SUELTAS
B18: NO se hacen más ojales militares en máquina común, por lo tanto no corresponde esta operación.
A19: a) | B19: BOLSILLERO | C19: =+R19*0.05 -> 1423.6331 | D19: =C19/8 -> 177.95414 | E19: =+R19*0.075 -> 2135.4497 | F19: =E19/8 -> 266.93121 | G19: =+R19*0.105 -> 2989.6295 | H19: =G19/8 -> 373.70369 | I19: =+R19*1.04 -> 29611.569 | J19: =+I19*0.075 -> 2220.8677 | K19: =I19*8% -> 2368.9255 | L19: =J19*8% -> 177.66941 | M19: =+I19*1.045 -> 30944.089 | N19: =+M19*0.055 -> 1701.9249 | O19: =M19*8% -> 2475.5271 | P19: =N19*8% -> 136.15399 | R19: 28472.662
B20: Deberá realizar toda clase de bolsillos completos.
B21: Hace el bolsillo completo: el que sepa colocar vivos en género y tapas y carteritas de pecho y plaqué todo con máquina recta.(Realiza todas las operaciones).
A22: 2 | B22: OFICIAL CALIFICADO | C22: =+R22*0.05 -> 1341.3085 | D22: =C22/8 -> 167.66356 | E22: =+R22*0.075 -> 2011.9628 | F22: =E22/8 -> 251.49535 | G22: =+R22*0.105 -> 2816.7479 | H22: =G22/8 -> 352.09348 | I22: =+R22*1.04 -> 27899.217 | J22: =+I22*0.075 -> 2092.4413 | K22: =I22*8% -> 2231.9374 | L22: =J22*8% -> 167.3953 | M22: =+I22*1.045 -> 29154.682 | N22: =+M22*0.055 -> 1603.5075 | O22: =M22*8% -> 2332.3745 | P22: =N22*8% -> 128.2806 | R22: 26826.17
B23: Deberá conocer y realizar eventualmente cualquiera de las siguientes tareas:
B24: Hace el bolsillo completo el que sepa colocar vivos en género y tapas y carteritas de pecho y plaqué cuando lo realiza en máquina bolsillera Durkoop o Reece
B25: Carga costados y/o cuello y/o espalda.
B26: Hace ojales militares en máquina común.
B27: Cose centro de espalda en género a cuadro y/u hombros hilvanados y/o mangas hilvanadas y/o susones y/o costadillos y/o aberturas y/o bajos y/o costados.
B28: Enviva costados y/o cuellos y/o delanteros y/o espaldas sin guía.
B29: Hilvana delanteros y/o bajo cuello al escote y/o cuellos pegados.
B30: Pespuntea costados y/o cuellos y/o delanteros y/o bolsillos plaquet colocados.
B31: Cose tapa a cuello suelto.
B32: Hace mangas ranglan y/o aberturas de mangas.
B33: Forra sisas completas.
B34: Encuarta vista a delantero.
... B38: Hace sombreros y/o gorros y/o capuchones en género, para lluvia.
A39: a) | B39: VISTERO | C39: =+R39*0.05 -> 1341.3085 | D39: =C39/8 -> 167.66356 | E39: =+R39*0.075 -> 2011.9628 | F39: =E39/8 -> 251.49535 | G39: =+R39*0.105 -> 2816.7479 | H39: =G39/8 -> 352.09348 | I39: =+R39*1.04 -> 27899.217 | J39: =+I39*0.075 -> 2092.4413 | K39: =I39*8% -> 2231.9374 | L39: =J39*8% -> 167.3953 | M39: =+I39*1.045 -> 29154.682 | N39: =+M39*0.055 -> 1603.5075 | O39: =M39*8% -> 2332.3745 | P39: =N39*8% -> 128.2806 | R39: 26826.17
B40: Deberá conocer y realizar eventualmente cualquiera de las siguientes tareas:
B41: Termina bolsillos en vistas: coloca bolsas, cierra ángulos, coloca presillas y etiquetas y cierra bolsas.
B42: Cose tapa a escote en forro.
B43: Une el forro al género de la vista.
B44: Coloca vivos en máquina recta en vista.
A45: 3 | B45: OFICIAL | C45: =+R45*0.05 -> 1231.4277 | D45: =C45/8 -> 153.92846 | E45: =+R45*0.075 -> 1847.1415 | F45: =E45/8 -> 230.89269 | G45: =+R45*0.105 -> 2585.9981 | H45: =G45/8 -> 323.24976 | I45: =+R45*1.04 -> 25613.696 | J45: =+I45*0.075 -> 1921.0272 | K45: =I45*8% -> 2049.0956 | L45: =J45*8% -> 153.68217 | M45: =+I45*1.045 -> 26766.312 | N45: =+M45*0.055 -> 1472.1472 | O45: =M45*8% -> 2141.305 | P45: =N45*8% -> 117.77177 | R45: 24628.553
B46: Deberá conocer y realizar eventualmente cualquiera de las siguientes tareas:
B47: Afirma pasamanos en cantos de delantero y/o solapas y/o afirma vistas encuartadas por dentro y/o bajos en género.
B48: Atraca sisas hilvanadas.
B49: Coloca pasamanos en las sisas y/u hombros y/o en cuello y/o escote y/o abertura y/o tapa y/o coloca tapas en bolsillos.
B50: Cose centro de espalda en género.
B51: Cierra bocamangas en mangas pegadas.
B52: Hace carteras y/o cinturones y/o todo tipo de hombreras y charreteras y/o bandas de manga con máquinas rectas.
B53: Atraca bolsillos y/u ojales.
B54: Pica solapas.
B55: Hilvana escote.
B56: Hace costura de codo y/o costura interna de mangas en género.
B57: Hilvana y/o encuarta bajos en géneros y/o forro de sisas y/o cuellos sueltos y/o carteras sueltas y/o forros.
... B75: Hace ojales militares en máquina específica.
A76: 4 | B76: SEGUNDO OFICIAL | C76: =+R76*0.05 -> 1200.8045 | D76: =C76/8 -> 150.10056 | E76: =+R76*0.075 -> 1801.2067 | F76: =E76/8 -> 225.15084 | G76: =+R76*0.105 -> 2521.6894 | H76: =G76/8 -> 315.21118 | I76: =+R76*1.04 -> 24976.733 | J76: =+I76*0.075 -> 1873.255 | K76: =I76*8% -> 1998.1387 | L76: =J76*8% -> 149.8604 | M76: =+I76*1.045 -> 26100.686 | N76: =+M76*0.055 -> 1435.5377 | O76: =M76*8% -> 2088.0549 | P76: =N76*8% -> 114.84302 | R76: 24016.09
B77: Deberá conocer y realizar eventualmente cualquiera de las siguientes tareas:
B78: Prepara entretela y/o bajo cuello para el picado.
B79: Cose etiquetas y/o refuerzos.
B80: Cose espaldas, mangas y vista en forro.
B81: Hace atraques excepto, en bolsillos y ojales.
B82: Hace pliegues y/o fuelles.
B83: Pica cuellos y/o entretelas.
B84: Forra bocamangas en mangas sueltas.
B85: Hace crines y/o monederos y/o presillas.
B86: Añade bajo cuello y/o banana
B87: Prepara bolsas para bolsillos en general y/o carteritas de pecho.
B88: Pega botones.
... B91: TRABAJO DE MESA, DE MANO Y DE PREPARACION
A92: 5 | B92: OFICIAL CALIFICADO ESPECIALIZADO | C92: =+R92*0.05 -> 1423.5337 | D92: =C92/8 -> 177.94171 | E92: =+R92*0.075 -> 2135.3005 | F92: =E92/8 -> 266.91257 | G92: =+R92*0.105 -> 2989.4208 | H92: =G92/8 -> 373.6776 | I92: =+R92*1.04 -> 29609.501 | J92: =+I92*0.075 -> 2220.7126 | K92: =I92*8% -> 2368.7601 | L92: =J92*8% -> 177.65701 | M92: =+I92*1.045 -> 30941.928 | N92: =+M92*0.055 -> 1701.8061 | O92: =M92*8% -> 2475.3543 | P92: =N92*8% -> 136.14449 | R92: 28470.674
B93: Deberá conocer y realizar eventualmente cualquiera de las siguientes tareas:
B94: Hilvana mangas.
B95: Realiza todas las tareas del preparado por no venir éste realizado del corte y/o está a su cargo el grupo de preparación para el taller.
B96: Hace toda clase de ojales.
B97: Atraca sisas sin hilvanar.
B98: Hace ojales militares.
A99: 6 | B99: OFICIAL CALIFICADO | C99: =+R99*0.05 -> 1341.6689 | D99: =C99/8 -> 167.70861 | E99: =+R99*0.075 -> 2012.5033 | F99: =E99/8 -> 251.56291 | G99: =+R99*0.105 -> 2817.5046 | H99: =G99/8 -> 352.18808 | I99: =+R99*1.04 -> 27906.712 | J99: =+I99*0.075 -> 2093.0034 | K99: =I99*8% -> 2232.537 | L99: =J99*8% -> 167.44027 | M99: =+I99*1.045 -> 29162.514 | N99: =+M99*0.055 -> 1603.9383 | O99: =M99*8% -> 2333.0011 | P99: =N99*8% -> 128.31506 | R99: 26833.377
B100: Deberá conocer y realizar eventualmente cualquiera de las siguientes tareas:
B101: Controla calidad intermedios.
B102: Refina cuellos pegados y/o delanteros en género sin molde.
B103: Encuarta vistas y/o delanteros.
B104: Dobla delanteros hilvanando al mismo tiempo y/o forra espejos.
B105: Pespuntea costuras cargadas y/o cuellos y/o delanteros
B106: Carga costuras.
B107: Hilvana hombros.
B108: Forra sisas completas y/o aberturas y/o bajos completos.
A109: 7 | B109: OFICIAL | C109: =+R109*0.05 -> 1231.3883 | D109: =C109/8 -> 153.92353 | E109: =+R109*0.075 -> 1847.0824 | F109: =E109/8 -> 230.8853 | G109: =+R109*0.105 -> 2585.9153 | H109: =G109/8 -> 323.23942 | I109: =+R109*1.04 -> 25612.876 | J109: =+I109*0.075 -> 1920.9657 | K109: =I109*8% -> 2049.03 | L109: =J109*8% -> 153.67725 | M109: =+I109*1.045 -> 26765.455 | N109: =+M109*0.055 -> 1472.1 | O109: =M109*8% -> 2141.2364 | P109: =N109*8% -> 117.768 | R109: 24627.765
B110: Deberá conocer y realizar eventualmente cualquiera de las siguientes tareas:
B111: Cose pasamanos a entretela encuartada.
B112: Hilvana vistas interiores y/o bajo y/o bajo cuellos y/o espejos y/o medio forro y/o tapa de cuellos y/o aberturas.
B113: Distribuye trabajo.
B114: Prepara toda clase de trabajo para las máquinas y/o corrige imperfecciones del corte.
B115: Marca y refina tapas, cuellos banana y bajo cuellos.
B116: Cierra cartera de pecho.
B117: Coloca hombreras y/o ruletillos.
B118: Dobla tapa de cuello hilvanándola al mismo tiempo.
B119: Revisa costuras en proceso de producción y/o terminadas.
B120: Refina delantero en troqueladora y/o con moldes.
B121: Refina mangas en género sin moldes.
... B124: Pica solapas.
...

Sheet IV (CUATRO)
A1: ITEM | B1: CATEGORIAS | C1: POR DIA | D1: POR HORA | E1: POR DIA | F1: POR HORA | G1: POR DIA | H1: POR HORA | I1: POR DIA | K1: POR HORA | M1: POR DIA | O1: POR HORA | R1: POR DIA
C2: ='I (UNO)'!C2 -> Febrero | E2: Marzo | G2: Abril | I2: ='I (UNO)'!F2 -> Mayo | M2: ='I (UNO)'!H2 -> Junio | R2: 45658
C3: N.R. | D3: N.R. | E3: N.R. | F3: N.R. | G3: N.R. | H3: N.R. | I3: BÁSICO | J3: N.R | K3: BÁSICO | L3: N.R | M3: BÁSICO | N3: N.R | O3: BÁSICO | P3: N.R | R3: BÁSICO
B4: TALLERES DE CONFECCION Y DE MEDIDA EN GRAL. PARA SENORAS Y NIÑOS EN GENERAL DE SACOS, GABANES, TAPADOS, PERRAMUS, PANTALONES, POLLERAS, CHALECOS, PILOTOS, IMPERMEABLES Y UNIFORMES EN GENERAL, VESTIDOS, BLUSAS, SHORTS, BERMUDAS. CUALQUIERA FUERA EL MATERIAL EMPLEADO EN SU CONFECCION.
B5: NOTA: Exceptúase las prendas confeccionadas en materiales previstos en otros capítulos.
B6: ESPECIFICACION DE TAREAS Y SALARIOS PARA TALLER DE SACOS, TAPADOS, GABANES, PERRAMUS, PILOTOS, IMPERMEABLES Y CHALECOS.
B7: TRABAJO A MAQUINA.
A8: 1 | B8: OFICIAL CALIFICADO ESPECIALIZADO | C8: =+R8*0.05 -> 1423.6331 | D8: =C8/8 -> 177.95414 | E8: =+R8*0.075 -> 2135.4497 | F8: =E8/8 -> 266.93121 | G8: =+R8*0.105 -> 2989.6295 | H8: =G8/8 -> 373.70369 | I8: =+R8*1.04 -> 29611.569 | J8: =+I8*0.075 -> 2220.8677 | K8: =I8/8 -> 3701.4461 | L8: =J8/8 -> 277.60846 | M8: =+I8*1.045 -> 30944.089 | N8: =+M8*0.055 -> 1701.9249 | O8: =M8/8 -> 3868.0112 | P8: =N8/8 -> 212.74061 | R8: 28472.662
B9: Deberá conocer y realizar eventualmente cualquiera de las siguientes tareas:
B10: Atracar sisas.
B11: Colocar cuellos sin hilvanar y/o mangas sin hilvanar y/o tapa cuello sin hilvanar en cuello pegado.
B12: Coser canto de delantero colocándole pasamano al mismo tiempo.
B13: Coser hombros en género sin hilvanar y/o mangas hilvanadas colocando el chorizo al mismo tiempo.
B14: Encarta delantero.
B15: Hilvanar sisas.
B16: Hace ojales militares en máquina común.
A17: a) | B17: BOLSILLERO | C17: =+R17*0.05 -> 1423.6331 | D17: =C17/8 -> 177.95414 | E17: =+R17*0.075 -> 2135.4497 | F17: =E17/8 -> 266.93121 | G17: =+R17*0.105 -> 2989.6295 | H17: =G17/8 -> 373.70369 | I17: =+R17*1.04 -> 29611.569 | J17: =+I17*0.075 -> 2220.8677 | K17: =I17/8 -> 3701.4461 | L17: =J17/8 -> 277.60846 | M17: =+I17*1.045 -> 30944.089 | N17: =+M17*0.055 -> 1701.9249 | O17: =M17/8 -> 3868.0112 | P17: =N17/8 -> 212.74061 | R17: 28472.662
B18: Deberá realizar toda clase de bolsillos completos.
B19: Hace el bolsillo completo: el que sepa colocar vivos en género y tapas y carteritas de pecho y plaqué todo con máquina recta. (Realiza todas las operaciones).
B20: Pespunte de vivos en bolsillo delantero.
A21: 2 | B21: OFICIAL CALIFICADO | C21: =+R21*0.05 -> 1341.3085 | D21: =C21/8 -> 167.66356 | E21: =+R21*0.075 -> 2011.9628 | F21: =E21/8 -> 251.49535 | G21: =+R21*0.105 -> 2816.7479 | H21: =G21/8 -> 352.09348 | I21: =+R21*1.04 -> 27899.217 | J21: =+I21*0.075 -> 2092.4413 | K21: =I21/8 -> 3487.4021 | L21: =J21/8 -> 261.55516 | M21: =+I21*1.045 -> 29154.682 | N21: =+M21*0.055 -> 1603.5075 | O21: =M21/8 -> 3644.3352 | P21: =N21/8 -> 200.43844 | R21: 26826.17
B22: Deberá conocer y realizar eventualmente cualquiera de las siguientes tareas:
B23: Carga costados y/o cuello y/o espalda.
B24: Coloca chorizo en manga cosida o suelta y/u hombreras.
B25: Cose centro de espalda en género a cuadro y/u hombros hilvanados y/o mangas hilvanadas y/o susones y/o costadillos y/o aberturas y/o bajos y/o costados.
B26: Enviva costados y/o cuellos y/o delanteros y/o espaldas sin guía.
B27: Hilvana delanteros y/o bajo cuello al escote y/o cuellos pegados.
B28: Pespuntea costados y/o cuellos y/o delanteros y/ bolsillos plaquet colocados.
B29: Cose tapa a cuello suelto.
B30: Hace mangas raglán y/o aberturas de mangas.
B31: Forra sisas completas.
B32: Encuarta vista a delantero.
B33: Hilvana y/o encuarta vista por dentro.
... B37: Hace bolsillo ojal.
A38: a) | B38: VISTERO | C38: =+R38*0.05 -> 1341.3085 | D38: =C38/8 -> 167.66356 | E38: =+R38*0.075 -> 2011.9628 | F38: =E38/8 -> 251.49535 | G38: =+R38*0.105 -> 2816.7479 | H38: =G38/8 -> 352.09348 | I38: =+R38*1.04 -> 27899.217 | J38: =+I38*0.075 -> 2092.4413 | K38: =I38/8 -> 3487.4021 | L38: =J38/8 -> 261.55516 | M38: =+I38*1.045 -> 29154.682 | N38: =+M38*0.055 -> 1603.5075 | O38: =M38/8 -> 3644.3352 | P38: =N38/8 -> 200.43844 | R38: 26826.17
B39: Deberá conocer y realizar eventualmente cualquiera de las siguientes tareas:
B40: Termina bolsillos en vistas: coloca bolsas, cierra ángulos, coloca presillas y etiquetas y cierra bolsas.
B41: Cose tapa a escote en forro.
B42: Une el forro al género de la vista.
B43: Coloca vivos en máquina recta en vista.
A44: 3 | B44: OFICIAL. | C44: =+R44*0.05 -> 1231.4277 | D44: =C44/8 -> 153.92846 | E44: =+R44*0.075 -> 1847.1415 | F44: =E44/8 -> 230.89269 | G44: =+R44*0.105 -> 2585.9981 | H44: =G44/8 -> 323.24976 | I44: =+R44*1.04 -> 25613.696 | J44: =+I44*0.075 -> 1921.0272 | K44: =I44/8 -> 3201.7119 | L44: =J44/8 -> 240.1284 | M44: =+I44*1.045 -> 26766.312 | N44: =+M44*0.055 -> 1472.1472 | O44: =M44/8 -> 3345.789 | P44: =N44/8 -> 184.01839 | R44: 24628.553
B45: Deberá conocer y realizar eventualmente cualquiera de las siguientes tareas:
B46: Afirma pasamanos en cantos de delantero y/o solapas y/o afirma vistas encuartadas por dentro y/o bajos en género.
B47: Atraca sisas hilvanadas.
B48: Coloca pasamanos en las sisas y/u hombros y/o en cuello y/o escote y/o abertura y/o tapa y/o coloca tapas en bolsillos.
B49: Cose centro de espalda en género.
B50: Cierra bocamangas en mangas pegadas.
B51: Hace carteras y/o cinturones y/o todo tipo de hombreras y charreteras y/o bandas de manga con máquinas rectas.
B52: Atraca bolsillos y/u ojales.
B53: Pica solapas.
B54: Hilvana escote.
B55: Hace costura de codo y/o costura interna de mangas en género.
B56: Hilvana y/o encuarta bajos en géneros y/o forro de sisas y/o cuellos sueltos y/o carteras sueltas y/o forros.
... B73: Hace ojales militares en máquina específica.
A74: 4 | B74: SEGUNDO OFICIAL | C74: =+R74*0.05 -> 1200.8847 | D74: =C74/8 -> 150.11058 | E74: =+R74*0.075 -> 1801.327 | F74: =E74/8 -> 225.16587 | G74: =+R74*0.105 -> 2521.8578 | H74: =G74/8 -> 315.23222 | I74: =+R74*1.04 -> 24978.401 | J74: =+I74*0.075 -> 1873.3801 | K74: =I74/8 -> 3122.3001 | L74: =J74/8 -> 234.17251 | M74: =+I74*1.045 -> 26102.429 | N74: =+M74*0.055 -> 1435.6336 | O74: =M74/8 -> 3262.8036 | P74: =N74/8 -> 179.4542 | R74: 24017.693
B75: Deberá conocer y realizar eventualmente cualquiera de las siguientes tareas:
B76: Cierra bolsas de bolsillos.
B77: Prepara entretela y/o bajo cuello para el picado.
B78: Cose etiquetas y/o refuerzos.
B79: Cose espaldas, mangas y vista en forro.
B80: Hace atraques excepto, en bolsillos y ojales.
B81: Hace pliegues y/o fuelles.
B82: Pica cuellos y/o entretelas.
B83: Forra bocamangas en mangas sueltas.
B84: Hace crines y/o monederos y/o presillas.
B85: Añade bajo cuello y/o banana
B86: Prepara bolsas para bolsillos en general y/o carteritas de pecho.
... B90: TRABAJO DE MESA, DE MANO Y DE PREPARACION
A91: 5 | B91: OFICIAL CALIFICADO ESPECIALIZADO | C91: =+R91*0.05 -> 1423.6331 | D91: =C91/8 -> 177.95414 | E91: =+R91*0.075 -> 2135.4497 | F91: =E91/8 -> 266.93121 | G91: =+R91*0.105 -> 2989.6295 | H91: =G91/8 -> 373.70369 | I91: =+R91*1.04 -> 29611.569 | J91: =+I91*0.075 -> 2220.8677 | K91: =I91/8 -> 3701.4461 | L91: =J91/8 -> 277.60846 | M91: =+I91*1.045 -> 30944.089 | N91: =+M91*0.055 -> 1701.9249 | O91: =M91/8 -> 3868.0112 | P91: =N91/8 -> 212.74061 | R91: 28472.662
B92: Deberá conocer y realizar eventualmente cualquiera de las siguientes tareas:
B93: Hilvana mangas.
B94: Realiza todas las tareas del preparado por no venir éste realizado del corte y/o está a su cargo el grupo de preparación para el taller.
B95: Hace toda clase de ojales a mano.
B96: Atraca sisas sin hilvanar.
A97: 6 | B97: OFICIAL CALIFICADO | C97: =+R97*0.05 -> 1341.3085 | D97: =C97/8 -> 167.66356 | E97: =+R97*0.075 -> 2011.9628 | F97: =E97/8 -> 251.49535 | G97: =+R97*0.105 -> 2816.7479 | H97: =G97/8 -> 352.09348 | I97: =+R97*1.04 -> 27899.217 | J97: =+I97*0.075 -> 2092.4413 | K97: =I97/8 -> 3487.4021 | L97: =J97/8 -> 261.55516 | M97: =+I97*1.045 -> 29154.682 | N97: =+M97*0.055 -> 1603.5075 | O97: =M97/8 -> 3644.3352 | P97: =N97/8 -> 200.43844 | R97: 26826.17
B98: Deberá conocer y realizar eventualmente cualquiera de las siguientes tareas:
B99: Controla calidad intermedios.
B100: Refina cuellos pegados y/o delanteros en género sin molde.
B101: Encuarta vistas y/o delanteros.
B102: Dobla delanteros hilvanando al mismo tiempo y/o forra espejos.
B103: Pespuntea costuras cargadas y/o cuellos y/o delanteros.
B104: Carga costuras.
B105: Hilvana hombros.
B106: Coloca pasamano en orillo de delantero.
A107: 7 | B107: OFICIAL. | C107: =+R107*0.05 -> 1231.4277 | D107: =C107/8 -> 153.92846 | E107: =+R107*0.075 -> 1847.1415 | F107: =E107/8 -> 230.89269 | G107: =+R107*0.105 -> 2585.9981 | H107: =G107/8 -> 323.24976 | I107: =+R107*1.04 -> 25613.696 | J107: =+I107*0.075 -> 1921.0272 | K107: =I107/8 -> 3201.7119 | L107: =J107/8 -> 240.1284 | M107: =+I107*1.045 -> 26766.312 | N107: =+M107*0.055 -> 1472.1472 | O107: =M107/8 -> 3345.789 | P107: =N107/8 -> 184.01839 | R107: 24628.553
B108: Deberá conocer y realizar eventualmente cualquiera de las siguientes tareas:
B109: Cose pasamanos a entretela encuartada.
B110: Hilvana vistas interiores y/o bajo y/o bajo cuellos y/o espejos y/o medio forro y/o tapa de cuellos y/o aberturas.
B111: Distribuye trabajo.
B112: Prepara toda clase de trabajo para las máquinas y/o corrige imperfecciones del corte.
B113: Marca y refina tapas, cuellos banana y bajo cuellos.
B114: Cierra cartera de pecho.
B115: Coloca hombreras y/o ruletillos.
B116: Dobla tapa de cuello hilvanándola al mismo tiempo.
B117: Revisa costuras en proceso de producción y/o terminadas.
B118: Refina delantero en troqueladora y/o con moldes.
B119: Refina mangas en género sin moldes.
... B122: Pica solapas.
A123: 8 | B123: SEGUNDO OFICIAL | C123: =+R123*0.05 -> 1200.8847 | D123: =C123/8 -> 150.11058 | E123: =+R123*0.075 -> 1801.327 | F123: =E123/8 -> 225.16587 | G123: =+R123*0.105 -> 2521.8578 | H123: =G123/8 -> 315.23222 | I123: =+R123*1.04 -> 24978.401 | J123: =+I123*0.075 -> 1873.3801 | K123: =I123/8 -> 3122.3001 | L123: =J123/8 -> 234.17251 | M123: =+I123*1.045 -> 26102.429 | N123: =+M123*0.055 -> 1435.6336 | O123: =M123/8 -> 3262.8036 | P123: =N123/8 -> 179.4542 | R123: 24017.693
B124: Deberá conocer y realizar eventualmente cualquiera de las siguientes tareas:
...

Sheet V (CINCO)
A1: ITEM | B1: CATEGORIAS | C1: POR DIA | D1: POR HORA | E1: POR DIA | F1: POR HORA | G1: POR DIA | H1: POR HORA | I1: POR DIA | K1: POR HORA | M1: POR DIA | O1: POR HORA | Q1: POR DIA
C2: ='I (UNO)'!C2 -> Febrero | E2: Marzo | G2: Abril | I2: ='I (UNO)'!F2 -> Mayo | M2: ='I (UNO)'!H2 -> Junio | Q2: 45658
C3: N.R. | D3: N.R. | E3: N.R. | F3: N.R. | G3: N.R. | H3: N.R. | I3: BÁSICO | J3: N.R | K3: BÁSICO | L3: N.R | M3: BÁSICO | N3: N.R | O3: BÁSICO | P3: N.R | Q3: BÁSICO
B4: CAMISERIA EN GENERAL, CORBATAS, PIJAMAS, ROBES, ROPA INTERIOR.
A5: 1 | B5: OFICIAL CALIFICADO MULTIPLE | C5: =+Q5*0.05 -> 1396.7651 | D5: =C5/8 -> 174.59564 | E5: =+Q5*0.075 -> 2095.1477 | F5: =E5/8 -> 261.89346 | G5: =+Q5*0.105 -> 2933.2068 | H5: =G5/8 -> 366.65085 | I5: =+Q5*1.04 -> 29052.715 | J5: =+I5*0.075 -> 2178.9536 | K5: =I5/8 -> 3631.5893 | L5: =J5/8 -> 272.3692 | M5: =+I5*1.045 -> 30360.087 | N5: =+M5*0.055 -> 1669.8048 | O5: =M5/8 -> 3795.0108 | P5: =N5/8 -> 208.7256 | Q5: 27935.303
B6: Es el trabajador/a que mantiene una diaria labor de acuerdo al promedio del trabajo realizado, y tomando como base de promedio la producción efectiva y normal de todos los trabajadores/as así calificados, que se dediquen a su especialidad, de acuerdo a la organización particular de cada Casa, maquinaria y tecnología.
B7: Dicha producción no debe ser inferior al promedio del Oficial Calificado y deberá realizar todas las tareas enunciadas en los siguientes incisos, y operar indistintamente varias máquinas.
B8: CAMISERIA:
B9: a) Colocación de: cuello, mangas, puños,
B10: b) Hacer: cuello completo, vistas completas.
B11: PIJAMAS, ROPA INTERIOR:
B12: a) Colocación de: cuellos, cierres en máquina de una aguja sin guía, vivos sin guía, mangas, puños (o hacer).
B13: NOTA: Será también Oficial Calificado Múltiple aquella trabajadora que sepa realizar todas las operaciones y que al realizarlas mantenga una diaria labor de acuerdo al promedio del trabajo realizado, tomando como base de promedio a la producción efectiva y normal de los trabajadores así calificados y a falta de éstos con la de Oficial Calificado.
B14: Esta categorización se hará de acuerdo a los términos del art. 22 del presente CCT.
A15: 2 | B15: OFICIAL CALIFICADO | C15: =+Q15*0.05 -> 1324.1995 | D15: =C15/8 -> 165.52494 | E15: =+Q15*0.075 -> 1986.2992 | F15: =E15/8 -> 248.2874 | G15: =+Q15*0.105 -> 2780.8189 | H15: =G15/8 -> 347.60237 | I15: =+Q15*1.04 -> 27543.349 | J15: =+I15*0.075 -> 2065.7512 | K15: =I15/8 -> 3442.9187 | L15: =J15/8 -> 258.2189 | M15: =+I15*1.045 -> 28782.8 | N15: =+M15*0.055 -> 1583.054 | O15: =M15/8 -> 3597.85 | P15: =N15/8 -> 197.88175 | Q15: 26483.99
B16: Es el trabajador que mantiene una diaria labor de acuerdo al promedio de trabajo realizado, tomando como base de promedio la producción efectiva y normal de todos los trabajadores que se dediquen a su especialidad, de acuerdo a la organización, maquinaria y tecnología de cada Empresa. deberá realizar como mínimo y con la misma máquina, tres de las tareas enunciadas a continuación:
B17: CAMISERIA
B18: a) Colocación de: cuello, canesú, mangas, puños
B19: b) Hacer: cuello completo, puños completos, vistas completas
B20: c) Arreglo de prendas
B21: PIJAMAS Y ROPA INTERIOR
B22: a) Colocación de: cuellos, cierres en máquina de una aguja sin guía, vivos sin guía, mangas, puños.
B23: b) Hacer: puños, bolsillo ojal con máquina de una aguja, pespunte de ornamentos.
B24: c) Ojalado
A25: 3 | B25: OFICIAL | C25: =+Q25*0.05 -> 1231.2496 | D25: =C25/8 -> 153.9062 | E25: =+Q25*0.075 -> 1846.8745 | F25: =E25/8 -> 230.85931 | G25: =+Q25*0.105 -> 2585.6242 | H25: =G25/8 -> 323.20303 | I25: =+Q25*1.04 -> 25609.992 | J25: =+I25*0.075 -> 1920.7494 | K25: =I25/8 -> 3201.2491 | L25: =J25/8 -> 240.09368 | M25: =+I25*1.045 -> 26762.442 | N25: =+M25*0.055 -> 1471.9343 | O25: =M25/8 -> 3345.3053 | P25: =N25/8 -> 183.99179 | Q25: 24624.993
B26: Es el trabajador que mantiene una diaria labor de acuerdo al promedio de trabajo realizado , tomando como base de promedio la producción efectiva y normal de todos los trabajadores que se dediquen a su especialidad, de acuerdo a la organización, maquinaria y tecnología de cada Empresa. Deberá realizar como mínimo y con la misma máquina, una de las tareas enunciadas a continuación:
B27: CAMISERIA
B28: a) Colocación de: cuello, canesú, mangas, puños.
B29: b) Hacer: cuello completo, puños completos, vistas completas.
B30: c) Arreglo de prendas
B31: d) Planchado de vistas o costuras
B32: e) Pegar botones, hacer atraques, marcado de ojales y botones
B33: f) Ojalado
B34: NOTA: El Ojalador que trabaje en máquinas duales percibirá un diez por ciento (10%) más sobre su respectivo salario básico.
B35: El ojalador a mano percibirá un adicional del 20% sobre su respectivo salario básico.
B36: PIJAMAS Y ROPA INTERIOR
B38: a) Colocación de: cuellos, cierres en máquina de una aguja sin guía, vivos sin guía, mangas, puños.
... B45: El ojalador a mano percibirá un adicional del 20% sobre su respectivo salario básico.
A46: 4 | B46: MEDIO OFICIAL | C46: =+Q46*0.05 -> 1171.9519 | D46: =C46/8 -> 146.49399 | E46: =+Q46*0.075 -> 1757.9278 | F46: =E46/8 -> 219.74098 | G46: =+Q46*0.105 -> 2461.099 | H46: =G46/8 -> 307.63737 | I46: =+Q46*1.04 -> 24376.6 | J46: =+I46*0.075 -> 1828.245 | K46: =I46/8 -> 3047.0749 | L46: =J46/8 -> 228.53062 | M46: =+I46*1.045 -> 25473.546 | N46: =+M46*0.055 -> 1401.0451 | O46: =M46/8 -> 3184.1933 | P46: =N46/8 -> 175.13063 | Q46: 23439.038
B47: Es el trabajador cuyo rendimiento mínimo es el setenta por ciento (70%) de la producción del oficial de su especialidad y/o a falta de este último del Oficial Calificado.
B48: Deberá realizar como mínimo y con la misma máquina, una de las tareas enunciadas a continuación:
B49: CAMISERIA
B50: a) Colocación de: cuello, canesú, mangas, puños.
B51: b) Hacer: cuello completo, puños completos, vistas completas.
B52: c) Arreglo de prendas
B53: d) Planchado de vistas o costuras
B54: e) Pegar botones, hacer atraques, marcado de ojales y botones
B55: f) Ojalado
B56: NOTA: El ojalador que trabaje en máquinas duales percibirá un diez por ciento (10%) más sobre su respectivo salario básico.
B57: PIJAMAS Y ROPA INTERIOR
B58: a) Colocación de: cuellos, cierres en máquina de una aguja sin guía, vivos sin guía, mangas, puños.
... B71: CONTROL DE CALIDAD
A72: 6 | B72: OFICIAL CALIFICADO | C72: =+Q72*0.05 -> 1311.5883 | D72: =C72/8 -> 163.94853 | E72: =+Q72*0.075 -> 1967.3824 | F72: =E72/8 -> 245.9228 | G72: =+Q72*0.105 -> 2754.3353 | H72: =G72/8 -> 344.29192 | I72: =+Q72*1.04 -> 27281.036 | J72: =+I72*0.075 -> 2046.0777 | K72: =I72/8 -> 3410.1295 | L72: =J72/8 -> 255.75971 | M72: =+I72*1.045 -> 28508.682 | N72: =+M72*0.055 -> 1567.9775 | O72: =M72/8 -> 3563.5853 | P72: =N72/8 -> 195.99719 | Q72: 26231.765
B73: Es el trabajador/a que revisa y controla en talleres internos la confección de la prenda terminada para determinar los defectos técnicos que la misma pudiera tener.
B75: REVISADOR EN PROCESO DE PRODUCCION
A76: 7 | B76: OFICIAL | C76: =+Q76*0.05 -> 1238.544 | D76: =C76/8 -> 154.818 | E76: =+Q76*0.075 -> 1857.816 | F76: =E76/8 -> 232.227 | G76: =+Q76*0.105 -> 2600.9424 | H76: =G76/8 -> 325.1178 | I76: =+Q76*1.04 -> 25761.715 | J76: =+I76*0.075 -> 1932.1286 | K76: =I76/8 -> 3220.2144 | L76: =J76/8 -> 241.51608 | M76: =+I76*1.045 -> 26920.992 | N76: =+M76*0.055 -> 1480.6546 | O76: =M76/8 -> 3365.124 | P76: =N76/8 -> 185.08182 | Q76: 24770.88
B77: Es el trabajador que revisa parcialmente la prenda en proceso de producción, o revisa la producción parcial de los talleres externos.
B78: PREPARADO
A79: 8 | B79: a) OFICIAL PREPARADOR | C79: =+Q79*0.05 -> 1238.544 | D79: =C79/8 -> 154.818 | E79: =+Q79*0.075 -> 1857.816 | F79: =E79/8 -> 232.227 | G79: =+Q79*0.105 -> 2600.9424 | H79: =G79/8 -> 325.1178 | I79: =+Q79*1.04 -> 25761.715 | J79: =+I79*0.075 -> 1932.1286 | K79: =I79/8 -> 3220.2144 | L79: =J79/8 -> 241.51608 | M79: =+I79*1.045 -> 26920.992 | N79: =+M79*0.055 -> 1480.6546 | O79: =M79/8 -> 3365.124 | P79: =N79/8 -> 185.08182 | Q79: 24770.88
B80: Es el preparado, separado y reparto de toda clase de trabajo e implementos para la máquina y mano.
B81: b) MEDIO OFICIAL PREPARADOR | C81: =+Q81*0.05 -> 1171.9519 | D81: =C81/8 -> 146.49399 | E81: =+Q81*0.075 -> 1757.9278 | F81: =E81/8 -> 219.74098 | G81: =+Q81*0.105 -> 2461.099 | H81: =G81/8 -> 307.63737 | I81: =+Q81*1.04 -> 24376.6 | J81: =+I81*0.075 -> 1828.245 | K81: =I81/8 -> 3047.0749 | L81: =J81/8 -> 228.53062 | M81: =+I81*1.045 -> 25473.546 | N81: =+M81*0.055 -> 1401.0451 | O81: =M81/8 -> 3184.1933 | P81: =N81/8 -> 175.13063 | Q81: 23439.038
B82: Secunda al oficial preparador
B83: PLANCHADO A MAQUINA, A MANO O A VAPOR. MAQUINA MUÑECOS, DOBLADORA O PLASTIFICADORA.
A84: 9 | B84: OFICIAL CALIFICADO MULTIPLE | C84: =+Q84*0.05 -> 1380.6885 | D84: =C84/8 -> 172.58606 | E84: =+Q84*0.075 -> 2071.0327 | F84: =E84/8 -> 258.87909 | G84: =+Q84*0.105 -> 2899.4458 | H84: =G84/8 -> 362.43073 | I84: =+Q84*1.04 -> 28718.321 | J84: =+I84*0.075 -> 2153.874 | K84: =I84/8 -> 3589.7901 | L84: =J84/8 -> 269.23426 | M84: =+I84*1.045 -> 30010.645 | N84: =+M84*0.055 -> 1650.5855 | O84: =M84/8 -> 3751.3306 | P84: =N84/8 -> 206.32318 | Q84: 27613.77
B85: Es el trabajador/a que mantiene una diaria labor de acuerdo al promedio del trabajo realizado, y tomando como base de promedio la producción efectiva y normal de todos los trabajadores/as así calificados, que se dediquen a su especialidad, de acuerdo a la organización particular de cada Casa, maquinaria y tecnología.
B86: Dicha producción no debe ser inferior al promedio del Oficial Calificado y deberá realizar Planchado a máquina, a mano, a vapor, máquina muñecos, dobladora y plastificado.
A87: 10 | B87: OFICIAL | C87: =+Q87*0.05 -> 1238.544 | D87: =C87/8 -> 154.818 | E87: =+Q87*0.075 -> 1857.816 | F87: =E87/8 -> 232.227 | G87: =+Q87*0.105 -> 2600.9424 | H87: =G87/8 -> 325.1178 | I87: =+Q87*1.04 -> 25761.715 | J87: =+I87*0.075 -> 1932.1286 | K87: =I87/8 -> 3220.2144 | L87: =J87/8 -> 241.51608 | M87: =+I87*1.045 -> 26920.992 | N87: =+M87*0.055 -> 1480.6546 | O87: =M87/8 -> 3365.124 | P87: =N87/8 -> 185.08182 | Q87: 24770.88
B88: Es el trabajador que mantiene una diaria labor de acuerdo al promedio de trabajo realizado , tomando como base de promedio la producción efectiva y normal de todos los trabajadores que se dediquen a su especialidad, de acuerdo a la organización, maquinaria y tecnología de cada Empresa.
A89: 11 | B89: MEDIO OFICIAL | C89: =+Q89*0.05 -> 1187.6147 | D89: =C89/8 -> 148.45184 | E89: =+Q89*0.075 -> 1781.422 | F89: =E89/8 -> 222.67775 | G89: =+Q89*0.105 -> 2493.9908 | H89: =G89/8 -> 311.74886 | I89: =+Q89*1.04 -> 24702.386 | J89: =+I89*0.075 -> 1852.6789 | K89: =I89/8 -> 3087.7982 | L89: =J89/8 -> 231.58486 | M89: =+I89*1.045 -> 25813.993 | N89: =+M89*0.055 -> 1419.7696 | O89: =M89/8 -> 3226.7491 | P89: =N89/8 -> 177.4712 | Q89: 23752.294
B90: Es el trabajador cuyo rendimiento mínimo es el setenta por ciento (70%) de la producción del oficial de su especialidad y/o a falta de este último del Oficial Calificado.
B91: DISPOSICIONES GENERALES PARA ESTE CAPITULO
A92: 12 | B92: Los Oficiales Calificados Múltiples y los Oficiales Calificados que tengan a su cargo la orientación y enseñanza del personal que se inicia y dediquen a esta labor un mínimo de un treinta por ciento (30%) de su tiempo laboral, percibirán un adicional de un veinte por ciento (20%) más de su respectivo salario básico.
A93: 13 | B93: Los trabajadores que realicen tareas en Medida y/o Modelos percibirán un adicional de un veinte por ciento (20%) más de su respectivo salario básico.
A94: 14 | B94: Los trabajadores/as que realicen tareas de composturas, reformas, o adaptaciones de prendas en las casas minoristas exclusivamente, percibirán un adicional de un veinte (20%) por ciento más sobre su respectivo salario básico.
A95: 15 | B95: Los trabajadores que operen indistintamente un máquina de costura recta y una máquina especial, u operen en dos máquinas especiales, percibirán un adicional de un diez por ciento (10%) más de su respectivo salario básico.
B97: NOTA: LAS ESCALAS SALARIALES AQUÍ PREVISTAS SE INCREMENTARÁN POR APLICACION DE LOS ADICIONALES PARA LA ZONA PATAGONICA DISPUESTOS EN EL ART. Nº 40 DE LA PRESENTE.

Sheet VI (SEIS)
A1: ITEM | B1: CATEGORIAS | C1: POR DIA | D1: POR HORA | E1: POR DIA | F1: POR HORA | G1: POR DIA | H1: POR HORA | I1: POR DIA | K1: POR HORA | M1: POR DIA | O1: POR HORA | Q1: POR DIA
C2: ='I (UNO)'!C2 -> Febrero | E2: Marzo | G2: Abril | I2: ='I (UNO)'!F2 -> Mayo | M2: ='I (UNO)'!H2 -> Junio | Q2: 45658
C3: N.R. | D3: N.R. | E3: N.R. | F3: N.R. | G3: N.R. | H3: N.R. | I3: BÁSICO | J3: N.R | K3: BÁSICO | L3: N.R | M3: BÁSICO | N3: N.R | O3: BÁSICO | P3: N.R | Q3: BÁSICO
B4: INDUMENTARIA DE TRABAJO
B5: Especificación de tareas para talleres de Confección de: pantalones, mamelucos, bombachas, jardineros, camperas, camisas, guardapolvos, indumentaria gastronómicos y sanidad en general, gorras, sombreros de tela, capotes, capotitas, indumentaria de seguridad, Indumentaria Antiflama, pasamontañas. Indumentaria para Apicultura.
A6: 1 | B6: OFICIAL CALIFICADO MULTIPLE | C6: =+Q6*0.05 -> 1371.0847 | D6: =C6/8 -> 171.38559 | E6: =+Q6*0.075 -> 2056.627 | F6: =E6/8 -> 257.07838 | G6: =+Q6*0.105 -> 2879.2779 | H6: =G6/8 -> 359.90973 | I6: =+Q6*1.04 -> 28518.562 | J6: =+I6*0.075 -> 2138.8921 | K6: =I6/8 -> 3564.8202 | L6: =J6/8 -> 267.36152 | M6: =+I6*1.045 -> 29801.897 | N6: =+M6*0.055 -> 1639.1043 | O6: =M6/8 -> 3725.2371 | P6: =N6/8 -> 204.88804 | Q6: 27421.694
B7: Es el trabajador que deberá conocer y realizar habitualmente como mínimo 10 de las tareas enunciadas en el inciso 2, Oficial calificado de su respectiva especialidad.
A8: 2 | B8: OFICIAL CALIFICADO | C8: =+Q8*0.05 -> 1292.28 | D8: =C8/8 -> 161.535 | E8: =+Q8*0.075 -> 1938.4199 | F8: =E8/8 -> 242.30249 | G8: =+Q8*0.105 -> 2713.7879 | H8: =G8/8 -> 339.22349 | I8: =+Q8*1.04 -> 26879.423 | J8: =+I8*0.075 -> 2015.9567 | K8: =I8/8 -> 3359.9279 | L8: =J8/8 -> 251.99459 | M8: =+I8*1.045 -> 28088.997 | N8: =+M8*0.055 -> 1544.8948 | O8: =M8/8 -> 3511.1247 | P8: =N8/8 -> 193.11186 | Q8: 25845.599
B9: Es el trabajador que deberá conocer y realizar eventualmente cualquiera de las siguientes operaciones:
B10: coloca mangas y/o cuellos y/o pecheras.
B11: cierra costados con dobladillador.
B12: coloca cintura y/o cierres.
B13: coloca cartera de ojal y/o cartera botón.
B14: cierra traseros y/o entrepiernas con dobladillador.
B15: hace bolsillos en general y coloca ojalillos.
B16: arma mangas y la prenda.
B17: corta bolsillo ojal y pespuntea.
B18: coloca cintura y/o bolsillo con cierre.
B19: pega bolsillo y/o cuello y sobrecose.
B20: pega manga y/o cierre cerrando el delantero.
... B26: pega y sobrecose cuellos y/o puños.
A27: 3 | B27: OFICIAL | C27: =+Q27*0.05 -> 1229.1292 | D27: =C27/8 -> 153.64114 | E27: =+Q27*0.075 -> 1843.6937 | F27: =E27/8 -> 230.46172 | G27: =+Q27*0.105 -> 2581.1712 | H27: =G27/8 -> 322.6464 | I27: =+Q27*1.04 -> 25565.887 | J27: =+I27*0.075 -> 1917.4415 | K27: =I27/8 -> 3195.7358 | L27: =J27/8 -> 239.68019 | M27: =+I27*1.045 -> 26716.351 | N27: =+M27*0.055 -> 1469.3993 | O27: =M27/8 -> 3339.5439 | P27: =N27/8 -> 183.67492 | Q27: 24582.583
B28: Es el trabajador que deberá conocer y realizar eventualmente cualquiera de las siguientes tareas:
B29: atraca carteras y/o bolsillos traseros.
B30: coloca bolsillo plaqué con tablón y bolsillo carpintero.
B31: coloca puños y/o pasacintos y/o botones y/o tachas y/o broches y/o ojalillos y/o vistas y/o vista al forro del bolsillo.
B32: coloca bolsillo reloj y/o carteras y/o carterones y/o bolsillos plaqué simples.
B33: hace y pespuntea cartera.
B34: hace ojales y/o pecheras y/o bolsillos de costado.
B35: hace ruedo del bolsillo.
B36: pespuntea cintura y/o puños y/o presillas y/o tapas.
B37: sobrecose y coloca tapas.
B38: sobrehila cartera de ojal y botón.
B39: une delanteros y atraca.
... B64: arma cuellos, tapas, puños, martingalas y cinturones.
A65: 4 | B65: MEDIO OFICIAL | C65: =+Q65*0.05 -> 1165.9784 | D65: =C65/8 -> 145.74729 | E65: =+Q65*0.075 -> 1748.9675 | F65: =E65/8 -> 218.62094 | G65: =+Q65*0.105 -> 2448.5546 | H65: =G65/8 -> 306.06932 | I65: =+Q65*1.04 -> 24252.35 | J65: =+I65*0.075 -> 1818.9262 | K65: =I65/8 -> 3031.5437 | L65: =J65/8 -> 227.36578 | M65: =+I65*1.045 -> 25343.706 | N65: =+M65*0.055 -> 1393.9038 | O65: =M65/8 -> 3167.9632 | P65: =N65/8 -> 174.23798 | Q65: 23319.567
B66: Es el trabajador que deberá conocer y realizar eventualmente cualquiera de las siguientes tareas:
B67: arma presillas y/o puños o tapas.
B68: arma cuello de costura interna.
B69: coloca etiquetas.
B70: prepara cartera hoja.
B71: fija bolsillo ojal y/o tapas.
B72: hace ruedo en partes chicas y/o bolsillos.
B73: hace carteras de mangas.
B74: pega etiquetas y/o presillas y/o cueritos.
B75: pega vistas a percalina.
B76: arma y plancha bolsillos.
B77: corta hilos y/o pasacintos.
... B96: PLANCHADO A MAQUINA
A97: 5 | B97: PRIMER PLANCHADOR | C97: =+Q97*0.05 -> 1363.5209 | D97: =C97/8 -> 170.44011 | E97: =+Q97*0.075 -> 2045.2814 | F97: =E97/8 -> 255.66017 | G97: =+Q97*0.105 -> 2863.3939 | H97: =G97/8 -> 357.92424 | I97: =+Q97*1.04 -> 28361.235 | J97: =+I97*0.075 -> 2127.0926 | K97: =I97/8 -> 3545.1544 | L97: =J97/8 -> 265.88658 | M97: =+I97*1.045 -> 29637.49 | N97: =+M97*0.055 -> 1630.062 | O97: =M97/8 -> 3704.6863 | P97: =N97/8 -> 203.75775 | Q97: 27270.418
B98: Es el trabajador que deberá conocer y realizar eventualmente cualquiera de las siguientes tareas:
B99: plancha la prenda terminada.
B100: plancha cintura.
B101: plancha piernas.
A102: 6 | B102: SEGUNDO PLANCHADOR | C102: =+Q102*0.05 -> 1268.3987 | D102: =C102/8 -> 158.54984 | E102: =+Q102*0.075 -> 1902.5981 | F102: =E102/8 -> 237.82477 | G102: =+Q102*0.105 -> 2663.6374 | H102: =G102/8 -> 332.95467 | I102: =+Q102*1.04 -> 26382.694 | J102: =+I102*0.075 -> 1978.702 | K102: =I102/8 -> 3297.8367 | L102: =J102/8 -> 247.33776 | M102: =+I102*1.045 -> 27569.915 | N102: =+M102*0.055 -> 1516.3453 | O102: =M102/8 -> 3446.2394 | P102: =N102/8 -> 189.54317 | Q102: 25367.975
B103: Es el trabajador que deberá conocer y realizar eventualmente cualquiera de las siguientes tareas:
B104: plancha partes de la prenda en proceso de producción.
A105: 7 | B105: OFICIAL PLANCHADOR | C105: =+Q105*0.05 -> 1229.1292 | D105: =C105/8 -> 153.64114 | E105: =+Q105*0.075 -> 1843.6937 | F105: =E105/8 -> 230.46172 | G105: =+Q105*0.105 -> 2581.1712 | H105: =G105/8 -> 322.6464 | I105: =+Q105*1.04 -> 25565.887 | J105: =+I105*0.075 -> 1917.4415 | K105: =I105/8 -> 3195.7358 | L105: =J105/8 -> 239.68019 | M105: =+I105*1.045 -> 26716.351 | N105: =+M105*0.055 -> 1469.3993 | O105: =M105/8 -> 3339.5439 | P105: =N105/8 -> 183.67492 | Q105: 24582.583
B106: Es el trabajador que deberá conocer y realizar eventualmente cualquiera de las siguientes tareas:
B107: plancha a mano, o a vapor, o dobladora o plastificadora.
B108: plancha todo tipo de gorras y sombreros, cualquier variedad de material.
B109: PREPARADO
A110: 8 | B110: MEDIO OFICIAL PREPARADOR | C110: =+Q110*0.05 -> 1166.5562 | D110: =C110/8 -> 145.81953 | E110: =+Q110*0.075 -> 1749.8343 | F110: =E110/8 -> 218.72929 | G110: =+Q110*0.105 -> 2449.7681 | H110: =G110/8 -> 306.22101 | I110: =+Q110*1.04 -> 24264.369 | J110: =+I110*0.075 -> 1819.8277 | K110: =I110/8 -> 3033.0462 | L110: =J110/8 -> 227.47846 | M110: =+I110*1.045 -> 25356.266 | N110: =+M110*0.055 -> 1394.5946 | O110: =M110/8 -> 3169.5333 | P110: =N110/8 -> 174.32433 | Q110: 23331.124
B111: Es el que separa y prepara toda clase de implementos para los trabajos a máquina o a mano, troquela y corta con responsabilidad de control
B113: REVISADO Y CONTROL DE CALIDAD (para todo el capítulo)
A114: 9 | B114: REVISOR | C114: =+Q114*0.05 -> 1228.785 | D114: =C114/8 -> 153.59813 | E114: =+Q114*0.075 -> 1843.1775 | F114: =E114/8 -> 230.39719 | G114: =+Q114*0.105 -> 2580.4486 | H114: =G114/8 -> 322.55607 | I114: =+Q114*1.04 -> 25558.729 | J114: =+I114*0.075 -> 1916.9046 | K114: =I114/8 -> 3194.8411 | L114: =J114/8 -> 239.61308 | M114: =+I114*1.045 -> 26708.871 | N114: =+M114*0.055 -> 1468.9879 | O114: =M114/8 -> 3338.6089 | P114: =N114/8 -> 183.62349 | Q114: 24575.701
B115: Es el trabajador que revisa y controla la calidad de la prenda para determinar los defectos técnicos que la misma pudiera tener.
B116: DISPOSICIONES GENERALES PARA ESTE CAPITULO
A117: 10 | B117: Los trabajadores/as que eventualmente realicen muestra o modelos y siempre que en la ejecución de los mismos no tome parte la totalidad del personal, percibirán un veinticinco por ciento (25%) sobre sus salarios básicos, durante el tiempo que dure la ejecución de dichas tareas.
A118: 11 | B118: Los trabajadores que realicen tareas varias como ser: repartir hilos, repartir y retirar trabajo, empaquetar, clasificar y embolsar. Se hallan comprendidos en la presente Convención Colectiva de Trabajo y serán considerados con la calificación de Medio Oficial después de tres (3) meses de antigüedad en el Establecimiento, y al año pasarán a la categoría correspondiente.
A119: 12 | B119: Los trabajadores con las categorías de Oficiales Calificados y Oficiales que tengan a su cargo la orientación y enseñanza del personal, percibirán un adicional del veinte por ciento (20%) más de sus respectivos salarios básicos.
A120: 13 | B120: Durante el período en que en las Empresas se confeccionen prendas correspondientes a los Incisos del Capítulo VIII los trabajadores percibirán los salarios correspondientes a dicho capítulo durante el tiempo que dure la ejecución de dichas tareas.
A121: 14 | B121: Los trabajadores que operen varias máquinas distintas, y rinda la eficiencia y calidad de la Categoría a criterio de la empresa, percibirán un adicional del diez por ciento (10%) más sobre sus respectivos salarios básicos.
B123: NOTA: LAS ESCALAS SALARIALES AQUÍ PREVISTAS SE INCREMENTARÁN POR APLICACION DE LOS ADICIONALES PARA LA ZONA PATAGONICA DISPUESTOS EN EL ART. Nº 40 DE LA PRESENTE.

Sheet VII (SIETE)
A1: ITEM | B1: CATEGORIAS | C1: POR DIA | D1: POR HORA | E1: POR DIA | F1: POR HORA | G1: POR DIA | H1: POR HORA | I1: POR DIA | K1: POR HORA | M1: POR DIA | O1: POR HORA | Q1: POR DIA
C2: ='I (UNO)'!C2 -> Febrero | E2: Marzo | G2: Abril | I2: ='I (UNO)'!F2 -> Mayo | M2: ='I (UNO)'!H2 -> Junio | Q2: 45658
C3: N.R. | D3: N.R. | E3: N.R. | F3: N.R. | G3: N.R. | H3: N.R. | I3: BÁSICO | J3: N.R | K3: BÁSICO | L3: N.R | M3: BÁSICO | N3: N.R | O3: BÁSICO | P3: N.R | Q3: BÁSICO
B4: INDUMENTARIA DE CUERO EN GENERAL, CUERO GAMUZADO.
A5: 1 | B5: OFICIAL CALIFICADO | C5: =+Q5*0.05 -> 1341.3085 | D5: =C5/8 -> 167.66356 | E5: =+Q5*0.075 -> 2011.9628 | F5: =E5/8 -> 251.49535 | G5: =+Q5*0.105 -> 2816.7479 | H5: =G5/8 -> 352.09348 | I5: =+Q5*1.04 -> 27899.217 | J5: =+I5*0.075 -> 2092.4413 | K5: =I5/8 -> 3487.4021 | L5: =J5/8 -> 261.55516 | M5: =+I5*1.045 -> 29154.682 | N5: =+M5*0.055 -> 1603.5075 | O5: =M5/8 -> 3644.3352 | P5: =N5/8 -> 200.43844 | Q5: 26826.17
B6: Es el que posee conocimientos generales del oficio.
B7: Deberá conocer y realizar cualquiera de las siguientes tareas:
B8: Coloca mangas y vistas y/o todo tipo de bolsillos externos
B9: Hace todo tipo de bolsillos
B10: Pega cuellos
B11: Monta vistas en delantero (cáscara)
B12: Coloca cierres finales en prendas armadas
B13: Hace pespuntes finales en prendas armadas
A14: 2 | B14: OFICIAL | C14: =+Q14*0.05 -> 1234.7715 | D14: =C14/8 -> 154.34644 | E14: =+Q14*0.075 -> 1852.1573 | F14: =E14/8 -> 231.51966 | G14: =+Q14*0.105 -> 2593.0202 | H14: =G14/8 -> 324.12752 | I14: =+Q14*1.04 -> 25683.248 | J14: =+I14*0.075 -> 1926.2436 | K14: =I14/8 -> 3210.406 | L14: =J14/8 -> 240.78045 | M14: =+I14*1.045 -> 26838.994 | N14: =+M14*0.055 -> 1476.1447 | O14: =M14/8 -> 3354.8742 | P14: =N14/8 -> 184.51808 | Q14: 24695.43
B15: Es el que posee conocimientos generales del oficio.
B16: Deberá conocer y realizar cualquiera de las siguientes tareas:
B17: Coloca adornos y/o cierres en autopartes y/o chorizos
B18: Coloca hombreras
B19: Hace pespuntes en autopartes y/o bolsillos internos
B20: Hace cuellos y/u ojales militares y/o pespuntes en general
B21: Une el forro al cuero
B22: Arma costados y hombros (armar cáscara completa)
B23: Hace todo tipo de espaldas
B24: Rasado de napacan
A25: 3 | B25: MEDIO OFICIAL | C25: =+Q25*0.05 -> 1166.9593 | D25: =C25/8 -> 145.86991 | E25: =+Q25*0.075 -> 1750.439 | F25: =E25/8 -> 218.80487 | G25: =+Q25*0.105 -> 2450.6145 | H25: =G25/8 -> 306.32682 | I25: =+Q25*1.04 -> 24272.753 | J25: =+I25*0.075 -> 1820.4565 | K25: =I25/8 -> 3034.0942 | L25: =J25/8 -> 227.55706 | M25: =+I25*1.045 -> 25365.027 | N25: =+M25*0.055 -> 1395.0765 | O25: =M25/8 -> 3170.6284 | P25: =N25/8 -> 174.38456 | Q25: 23339.186
B26: Es el que posee conocimientos generales del oficio.
B27: Deberá conocer y realizar cualquiera de las siguientes tareas:
B28: Arma forro
B29: Cierra aberturas y/o sisas
B30: Hace espaldas y/o mangas
B31: Une todas las costuras internas del cuero
B32: TRABAJO DE MESA Y DE MANO
A33: 4 | B33: OFICIAL DE MESA | C33: =+Q33*0.05 -> 1231.5058 | D33: =C33/8 -> 153.93822 | E33: =+Q33*0.075 -> 1847.2587 | F33: =E33/8 -> 230.90733 | G33: =+Q33*0.105 -> 2586.1621 | H33: =G33/8 -> 323.27027 | I33: =+Q33*1.04 -> 25615.32 | J33: =+I33*0.075 -> 1921.149 | K33: =I33/8 -> 3201.915 | L33: =J33/8 -> 240.14363 | M33: =+I33*1.045 -> 26768.01 | N33: =+M33*0.055 -> 1472.2405 | O33: =M33/8 -> 3346.0012 | P33: =N33/8 -> 184.03007 | Q33: 24630.116
B34: Es el que posee conocimientos generales del oficio.
B35: Deberá conocer y realizar cualquiera de las siguientes tareas:
B36: Cambra cuellos
B37: Hace carteritas y/o cuellos y/o dobladillos en plaqué y/u ojales y/o todo pegado para fusionar
B38: Marca ojales
B39: Prepara bolsillos
B40: Recorta, refina, da vuelta y martilla:
B41: bolsillos y/o cuellos y/o delanteros y/o puños , dobladillos de cuero en general
B42: compagina y distribuye
B43: distribuye autopartes
B44: TRABAJO DE MANO
A45: 5 | B45: OFICIAL DE MANO | C45: =+Q45*0.05 -> 1166.9593 | D45: =C45/8 -> 145.86991 | E45: =+Q45*0.075 -> 1750.439 | F45: =E45/8 -> 218.80487 | G45: =+Q45*0.105 -> 2450.6145 | H45: =G45/8 -> 306.32682 | I45: =+Q45*1.04 -> 24272.753 | J45: =+I45*0.075 -> 1820.4565 | K45: =I45/8 -> 3034.0942 | L45: =J45/8 -> 227.55706 | M45: =+I45*1.045 -> 25365.027 | N45: =+M45*0.055 -> 1395.0765 | O45: =M45/8 -> 3170.6284 | P45: =N45/8 -> 174.38456 | Q45: 23339.186
B46: Es el que posee conocimientos generales del oficio.
B47: Deberá conocer y realizar cualquiera de las siguientes tareas:
B48: Cose botones
B49: Empaqueta, refina y prolija costuras
B50: Forra botones y/o hebillas
B51: Hace atraques y/o todo trabajo de cementado
B52: Limpia la prenda y/o termina sisas
B53: Prepara todo el trabajo para el oficial de mesa
B54: Realiza trabajos de expedición
B55: Marca botones y/o tiñe ojales
B56: PLANCHADO A MAQUINA O A MANO
A57: 6 | B57: OFICIAL PLANCHADOR | C57: =+Q57*0.05 -> 1341.3085 | D57: =C57/8 -> 167.66356 | E57: =+Q57*0.075 -> 2011.9628 | F57: =E57/8 -> 251.49535 | G57: =+Q57*0.105 -> 2816.7479 | H57: =G57/8 -> 352.09348 | I57: =+Q57*1.04 -> 27899.217 | J57: =+I57*0.075 -> 2092.4413 | K57: =I57/8 -> 3487.4021 | L57: =J57/8 -> 261.55516 | M57: =+I57*1.045 -> 29154.682 | N57: =+M57*0.055 -> 1603.5075 | O57: =M57/8 -> 3644.3352 | P57: =N57/8 -> 200.43844 | Q57: 26826.17
B58: Plancha toda clase de prendas y en todo tipo de cueros
B59: PREPARADO DE TRABAJO
A60: 7 | B60: PREPARADOR | C60: =+Q60*0.05 -> 1166.9593 | D60: =C60/8 -> 145.86991 | E60: =+Q60*0.075 -> 1750.439 | F60: =E60/8 -> 218.80487 | G60: =+Q60*0.105 -> 2450.6145 | H60: =G60/8 -> 306.32682 | I60: =+Q60*1.04 -> 24272.753 | J60: =+I60*0.075 -> 1820.4565 | K60: =I60/8 -> 3034.0942 | L60: =J60/8 -> 227.55706 | M60: =+I60*1.045 -> 25365.027 | N60: =+M60*0.055 -> 1395.0765 | O60: =M60/8 -> 3170.6284 | P60: =N60/8 -> 174.38456 | Q60: 23339.186
B61: Es el que separa, prepara, distribuye y retira toda clase de trabajos e implementos para las máquinas y/o mano, con responsabilidad de control.
B62: No es el aprendiz que ayuda al maquinista.
B63: REVISADO DE TRABAJO Y CONTROL DE CALIDAD
A64: 8 | B64: REVISADOR | C64: =+Q64*0.05 -> 1231.5058 | D64: =C64/8 -> 153.93822 | E64: =+Q64*0.075 -> 1847.2587 | F64: =E64/8 -> 230.90733 | G64: =+Q64*0.105 -> 2586.1621 | H64: =G64/8 -> 323.27027 | I64: =+Q64*1.04 -> 25615.32 | J64: =+I64*0.075 -> 1921.149 | K64: =I64/8 -> 3201.915 | L64: =J64/8 -> 240.14363 | M64: =+I64*1.045 -> 26768.01 | N64: =+M64*0.055 -> 1472.2405 | O64: =M64/8 -> 3346.0012 | P64: =N64/8 -> 184.03007 | Q64: 24630.116
B65: NOTA: Los salarios correspondientes a las tareas encuadradas en el inciso 8.- REVISADOR, se equipararán al salario de Oficial de Máquina inciso 2.- .
B66: ARREGLOS Y COMPOSTURAS EN GENERAL
A67: 9 | B67: OFICIAL CALIFICADO | C67: =+Q67*0.05 -> 1341.3885 | D67: =C67/8 -> 167.67356 | E67: =+Q67*0.075 -> 2012.0827 | F67: =E67/8 -> 251.51034 | G67: =+Q67*0.105 -> 2816.9158 | H67: =G67/8 -> 352.11447 | I67: =+Q67*1.04 -> 27900.88 | J67: =+I67*0.075 -> 2092.566 | K67: =I67/8 -> 3487.61 | L67: =J67/8 -> 261.57075 | M67: =+I67*1.045 -> 29156.42 | N67: =+M67*0.055 -> 1603.6031 | O67: =M67/8 -> 3644.5525 | P67: =N67/8 -> 200.45039 | Q67: 26827.769
B69: DISPOSICIONES GENERALES PARA ESTE CAPITULO
A71: 10 | B71: Los trabajadores que realicen muestras, modelos, o medidas, y siempre que en la ejecución de los mismos no tome parte la totalidad del personal, percibirán un adicional del treinta por ciento (30%) sobre sus respectivos salarios básicos establecidos en el presente capítulo, durante el tiempo que dure la ejecución de dichas tareas.
A72: 11 | B72: Los trabajadores que realicen prendas completas en cualquier tipo de cuero, percibirán un adicional del veinticinco por ciento (25%) sobre sus respectivos salarios básicos establecidos en el presente capítulo, durante el tiempo que dure la ejecución de dichas tareas.
A73: 12 | B73: Los trabajadores que laboren en una máquina recta y un máquina especial y/o en dos o más máquinas especiales, percibirán un adicional del diez por ciento (10%) sobre sus respectivos salarios básicos establecidos en el presente capítulo.
A74: 13 | B74: Todos los trabajadores que efectúen tareas en prendas de Napalán o Gamulán deberán utilizar obligatoriamente barbijos provistos por la empresa.
B76: NOTA: LAS ESCALAS SALARIALES AQUÍ PREVISTAS SE INCREMENTARÁN POR APLICACION DE LOS ADICIONALES PARA LA ZONA PATAGONICA DISPUESTOS EN EL ART. Nº 40 DE LA PRESENTE.

Sheet VIII (OCHO)
A1: ITEM | B1: CATEGORIAS | C1: POR DIA | D1: POR HORA | E1: POR DIA | F1: POR HORA | G1: POR DIA | H1: POR HORA | I1: POR DIA | K1: POR HORA | M1: POR DIA | O1: POR HORA | Q1: POR DIA
C2: ='I (UNO)'!C2 -> Febrero | E2: Marzo | G2: Abril | I2: ='I (UNO)'!F2 -> Mayo | M2: ='I (UNO)'!H2 -> Junio | Q2: 45658
C3: N.R. | D3: N.R. | E3: N.R. | F3: N.R. | G3: N.R. | H3: N.R. | I3: BÁSICO | J3: N.R | K3: BÁSICO | L3: N.R | M3: BÁSICO | N3: N.R | O3: BÁSICO | P3: N.R | Q3: BÁSICO
B4: TRABAJO EN TALLERES DE CONFECCION, PANTALONES Y POLLERAS EN TELAS DE JEAN, PANTALONES VAQUEROS, JARDINEROS EN TELAS DE DENIM - BROCKEN - TWILL, CORDEROY Y LONETA Y EN TELAS CON MEZCLA DE ALGODON O LANA. SUAVIZADO Y DESGASTADO.
B5: TRABAJO A MAQUINA
A6: 1 | B6: OFICIAL CALIFICADO. | C6: =+Q6*0.05 -> 1310.7655 | D6: =C6/8 -> 163.84569 | E6: =+Q6*0.075 -> 1966.1482 | F6: =E6/8 -> 245.76853 | G6: =+Q6*0.105 -> 2752.6075 | H6: =G6/8 -> 344.07594 | I6: =+Q6*1.04 -> 27263.922 | J6: =+I6*0.075 -> 2044.7942 | K6: =I6/8 -> 3407.9903 | L6: =J6/8 -> 255.59927 | M6: =+I6*1.045 -> 28490.799 | N6: =+M6*0.055 -> 1566.9939 | O6: =M6/8 -> 3561.3499 | P6: =N6/8 -> 195.87424 | Q6: 26215.31
B7: Es el trabajador que deberá conocer y realizar eventualmente cualquiera de las siguientes tareas:
B8: Cierra trasero y/o costado y/o entrepiernas con o sin dobladillador.
B9: Corta bolsillo con ojal y pespuntea.
B10: Hace pespunte en bolsillo ojal y/o dibujo en cartera izquierda uniendo delanteros y/o bolsillo ojal en máquina automática.
B11: Pega bolsillo trasero o plaqué y/o cintura.
B12: Pespuntea cintura.
A13: 2 | B13: OFICIAL | C13: =+Q13*0.05 -> 1238.544 | D13: =C13/8 -> 154.818 | E13: =+Q13*0.075 -> 1857.816 | F13: =E13/8 -> 232.227 | G13: =+Q13*0.105 -> 2600.9424 | H13: =G13/8 -> 325.1178 | I13: =+Q13*1.04 -> 25761.715 | J13: =+I13*0.075 -> 1932.1286 | K13: =I13/8 -> 3220.2144 | L13: =J13/8 -> 241.51608 | M13: =+I13*1.045 -> 26920.992 | N13: =+M13*0.055 -> 1480.6546 | O13: =M13/8 -> 3365.124 | P13: =N13/8 -> 185.08182 | Q13: 24770.88
B14: Es el trabajador que deberá conocer y realizar eventualmente cualquiera de las siguientes tareas:
B15: Atraca pasacintos, carteras, bolsillo en cualquier parte del pantalón.
B16: Corta cierres a medida.
B17: Cose y/o pespuntea tapitas, presillas y tirillas en general.
B18: Desgrana cierres.
B19: Dobladilla bolsillos delanteros y/o relojeros.
B20: Pega cuero y/o bolsillos relojeros.
B21: Encandalilla o sobrehila delanteros, traseros y carteras.
B22: Hace arreglos y/o bajos y/o dibujos en bolsillos traseros o en cualquier parte de la prenda y/o refuerzos o pespuntes de costados y/u ojales y/o punta de cintura descosiendo y/o dibujo en cartera izquierda sin unir delanteros.
B23: Pega cartera izquierda y/o cartera derecha con cierre uniendo delantero y/o botones de pasta en máquina de costura y/o cuñas o pieza de altura y/o elástico a la cintura y/o a la prenda percalina con vivos.
B24: Pega y pespuntea vista interna en bolsillos delanteros.
B25: Une pechera a cintura.
A26: 3 | B26: MEDIO OFICIAL | C26: =+Q26*0.05 -> 1175.9711 | D26: =C26/8 -> 146.99638 | E26: =+Q26*0.075 -> 1763.9566 | F26: =E26/8 -> 220.49457 | G26: =+Q26*0.105 -> 2469.5392 | H26: =G26/8 -> 308.6924 | I26: =+Q26*1.04 -> 24460.198 | J26: =+I26*0.075 -> 1834.5149 | K26: =I26/8 -> 3057.5248 | L26: =J26/8 -> 229.31436 | M26: =+I26*1.045 -> 25560.907 | N26: =+M26*0.055 -> 1405.8499 | O26: =M26/8 -> 3195.1134 | P26: =N26/8 -> 175.73124 | Q26: 23519.421
B27: Es el trabajador que deberá conocer y realizar eventualmente cualquiera de las siguientes tareas:
B28: Coloca deslizador y/o tope inferior o superior.
B29: Fija bolsillo ojal.
B30: Hace pasacintos y/o pinzas y pliegues y/o dobladillos en bolsillos traseros, relojeros y en general y/u operaciones en impresora en tarjeta de producción y/o etiquetas de cartón o tela.
B31: Pespuntea punta de cintura.
B32: Pega cierre a cartera y/o remaches, broches y tachas y/o bolsillo relojero y/o grifa de talle, fantasías, etiquetas de cartón y etiquetas en general y/o vistas a forro y/o a percalina.
B33: TRABAJO A MANO
A34: 4 | B34: MEDIO OFICIAL | C34: =+Q34*0.05 -> 1175.9711 | D34: =C34/8 -> 146.99638 | E34: =+Q34*0.075 -> 1763.9566 | F34: =E34/8 -> 220.49457 | G34: =+Q34*0.105 -> 2469.5392 | H34: =G34/8 -> 308.6924 | I34: =+Q34*1.04 -> 24460.198 | J34: =+I34*0.075 -> 1834.5149 | K34: =I34/8 -> 3057.5248 | L34: =J34/8 -> 229.31436 | M34: =+I34*1.045 -> 25560.907 | N34: =+M34*0.055 -> 1405.8499 | O34: =M34/8 -> 3195.1134 | P34: =N34/8 -> 175.73124 | Q34: 23519.421
B35: Es el trabajador que deberá conocer y realizar eventualmente cualquiera de las siguientes tareas:
B36: Es el trabajador que realiza tareas de mano y toda otra tarea auxiliar.
B37: Alcanza y reparte paquetes.
B38: Cortadora de hilos en prendas en proceso de producción y final.
B39: Coloca botón, broches, tachas.
B40: Corta pasacintos.
B41: Da vuelta presillas, tapitas, charreteras, etc.
B42: Ensambladores en general.
B43: Enrolla pasacintos y/o cintura.
B44: Embolsa, empaqueta.
B45: Limpia las prendas.
B46: Marca posiciones de botones y/u ojales y/o broches.
... B53: TRABAJO A MAQUINA
A54: 5 | B54: OFICIAL CALIFICADO | C54: =+Q54*0.05 -> 1310.7655 | D54: =C54/8 -> 163.84569 | E54: =+Q54*0.075 -> 1966.1482 | F54: =E54/8 -> 245.76853 | G54: =+Q54*0.105 -> 2752.6075 | H54: =G54/8 -> 344.07594 | I54: =+Q54*1.04 -> 27263.922 | J54: =+I54*0.075 -> 2044.7942 | K54: =I54/8 -> 3407.9903 | L54: =J54/8 -> 255.59927 | M54: =+I54*1.045 -> 28490.799 | N54: =+M54*0.055 -> 1566.9939 | O54: =M54/8 -> 3561.3499 | P54: =N54/8 -> 195.87424 | Q54: 26215.31
B55: Es el trabajador que deberá conocer y realizar eventualmente cualquiera de las siguientes tareas:
B56: Corta bolsillo ojal y pespuntea.
B57: Cierra costados y mangas con dobladillador cerrado.
B58: Pega canesú y/o bolsillos y/o mangas con máquina ametralladora con dobladillador cerrado y/o cierres cerrando delanteros.
B59: Pega cuello y sobrecose.
B60: Pega y pespuntea puño y cintura.
B61: Une bajo manga y/o recortes de espalda y/o recortes delanteros.
A62: 6 | B62: OFICIAL | C62: =+Q62*0.05 -> 1238.544 | D62: =C62/8 -> 154.818 | E62: =+Q62*0.075 -> 1857.816 | F62: =E62/8 -> 232.227 | G62: =+Q62*0.105 -> 2600.9424 | H62: =G62/8 -> 325.1178 | I62: =+Q62*1.04 -> 25761.715 | J62: =+I62*0.075 -> 1932.1286 | K62: =I62/8 -> 3220.2144 | L62: =J62/8 -> 241.51608 | M62: =+I62*1.045 -> 26920.992 | N62: =+M62*0.055 -> 1480.6546 | O62: =M62/8 -> 3365.124 | P62: =N62/8 -> 185.08182 | Q62: 24770.88
B63: Es el trabajador que deberá conocer y realizar eventualmente cualquiera de las siguientes tareas:
B64: Atraques.
B65: Coloca corderitos y/o matelassé y/o vistas y/o vistas de cuero.
B66: Cierra costados y mangas con overlock.
B67: Hace ruedos a abertura de manga y/o vistas y/o arreglos y/o dibujos en vistas y/o puntas de puño y cintura en U.
B68: Ojala.
B69: Pespuntea cuello, puño, presilla, tapas y mangas.
B70: Pega percalina con vivos delanteros y/o mangas con overlock y/o cierres en partes.
B71: Une hombros.
A72: 7 | B72: MEDIO OFICIAL | C72: =+Q72*0.05 -> 1175.9711 | D72: =C72/8 -> 146.99638 | E72: =+Q72*0.075 -> 1763.9566 | F72: =E72/8 -> 220.49457 | G72: =+Q72*0.105 -> 2469.5392 | H72: =G72/8 -> 308.6924 | I72: =+Q72*1.04 -> 24460.198 | J72: =+I72*0.075 -> 1834.5149 | K72: =I72/8 -> 3057.5248 | L72: =J72/8 -> 229.31436 | M72: =+I72*1.045 -> 25560.907 | N72: =+M72*0.055 -> 1405.8499 | O72: =M72/8 -> 3195.1134 | P72: =N72/8 -> 175.73124 | Q72: 23519.421
B73: Es el trabajador que deberá conocer y realizar eventualmente cualquiera de las siguientes tareas:
B74: Arma cuello, puños, presillas y tapas.
B75: Arma bolsas.
B76: Fija bolsillo ojal y/o tapas.
B77: Hace ruedos en partes chicas y/o ruedos en bolsillos y/o punta de puños y cintura en atraque recto.
B78: Pega vistas a percalina y/o etiquetas y/o presillas y/o botones, tachas y broches.
B79: Sobrehila o encandalilla partes chicas.
B80: Une recortes de corderito.
B81: CAMISAS
B82: TRABAJO A MAQUINA
A83: 8 | B83: OFICIAL CALIFICADO. | C83: =+Q83*0.05 -> 1310.7655 | D83: =C83/8 -> 163.84569 | E83: =+Q83*0.075 -> 1966.1482 | F83: =E83/8 -> 245.76853 | G83: =+Q83*0.105 -> 2752.6075 | H83: =G83/8 -> 344.07594 | I83: =+Q83*1.04 -> 27263.922 | J83: =+I83*0.075 -> 2044.7942 | K83: =I83/8 -> 3407.9903 | L83: =J83/8 -> 255.59927 | M83: =+I83*1.045 -> 28490.799 | N83: =+M83*0.055 -> 1566.9939 | O83: =M83/8 -> 3561.3499 | P83: =N83/8 -> 195.87424 | Q83: 26215.31
B84: Es el trabajador que deberá conocer y realizar eventualmente cualquiera de las siguientes tareas:
B85: Forma carterón angosto.
B86: Pega carterón ancho y/o bolsillo delantero y/o mangas con dobladillador cerrado.
B87: Pega y sobrecose cuellos y/o puños.
A88: 9 | B88: OFICIAL | C88: =+Q88*0.05 -> 1238.544 | D88: =C88/8 -> 154.818 | E88: =+Q88*0.075 -> 1857.816 | F88: =E88/8 -> 232.227 | G88: =+Q88*0.105 -> 2600.9424 | H88: =G88/8 -> 325.1178 | I88: =+Q88*1.04 -> 25761.715 | J88: =+I88*0.075 -> 1932.1286 | K88: =I88/8 -> 3220.2144 | L88: =J88/8 -> 241.51608 | M88: =+I88*1.045 -> 26920.992 | N88: =+M88*0.055 -> 1480.6546 | O88: =M88/8 -> 3365.124 | P88: =N88/8 -> 185.08182 | Q88: 24770.88
B89: Es el trabajador que deberá conocer y realizar eventualmente cualquiera de las siguientes tareas:
B90: Cierra costados y mangas.
B91: Dobladilla ruedo.
B92: Encandalilla, sobrehila cuello.
B93: Hace arreglos.
B94: Ojala.
B95: Pespuntea cuello, tapas, puños, mangas y pie de cuello y/u hombros y/o tapas.
B96: Pega canesú delantero y trasero y/o tirilla de mangas y/o tapas y/o botones con máquina de costura y/o mangas con overlock.
B97: Sobrecose tirillas.
B98: Une hombros.
A99: 10 | B99: MEDIO OFICIAL | C99: =+Q99*0.05 -> 1175.9711 | D99: =C99/8 -> 146.99638 | E99: =+Q99*0.075 -> 1763.9566 | F99: =E99/8 -> 220.49457 | G99: =+Q99*0.105 -> 2469.5392 | H99: =G99/8 -> 308.6924 | I99: =+Q99*1.04 -> 24460.198 | J99: =+I99*0.075 -> 1834.5149 | K99: =I99/8 -> 3057.5248 | L99: =J99/8 -> 229.31436 | M99: =+I99*1.045 -> 25560.907 | N99: =+M99*0.055 -> 1405.8499 | O99: =M99/8 -> 3195.1134 | P99: =N99/8 -> 175.73124 | Q99: 23519.421
B100: Es el trabajador que deberá conocer y realizar eventualmente cualquiera de las siguientes tareas:
B101: Arma cuello, tapas y puños.
B102: Dobladilla partes chicas.
B103: Encandalilla y sobrehila partes chicas.
B104: Pega pie de cuello a cuello y/o broches y botones metálicos y/o etiquetas.
B105: CAMPERAS, CHALECOS Y CAMISAS
A106: 11 | B106: TRABAJO A MANO | C106: =+Q106*0.05 -> 1175.9711 | D106: =C106/8 -> 146.99638 | E106: =+Q106*0.075 -> 1763.9566 | F106: =E106/8 -> 220.49457 | G106: =+Q106*0.105 -> 2469.5392 | H106: =G106/8 -> 308.6924 | I106: =+Q106*1.04 -> 24460.198 | J106: =+I106*0.075 -> 1834.5149 | K106: =I106/8 -> 3057.5248 | L106: =J106/8 -> 229.31436 | M106: =+I106*1.045 -> 25560.907 | N106: =+M106*0.055 -> 1405.8499 | O106: =M106/8 -> 3195.1134 | P106: =N106/8 -> 175.73124 | Q106: 23519.421
...

Sheet IX (NUEVE)
A1: ITEM | B1: CATEGORIAS | C1: POR DIA | D1: POR HORA | E1: POR DIA | F1: POR HORA | G1: POR DIA | H1: POR HORA | I1: POR DIA | K1: POR HORA | M1: POR DIA | O1: POR HORA | R1: POR DIA
C2: ='I (UNO)'!C2 -> Febrero | E2: Marzo | G2: Abril | I2: ='I (UNO)'!F2 -> Mayo | M2: ='I (UNO)'!H2 -> Junio | R2: 45658
C3: N.R. | D3: N.R. | E3: N.R. | F3: N.R. | G3: N.R. | H3: N.R. | I3: BÁSICO | J3: N.R | K3: BÁSICO | L3: N.R | M3: BÁSICO | N3: N.R | O3: BÁSICO | P3: N.R | R3: BÁSICO
B4: INDUMENTARIA DEPORTIVA
B5: CAMPERAS Y SACONES DE VESTIR Y DEPORTIVOS, EN TELAS DE CASIMIR, POLYESTER, POLYAMIDA, ALGODON, MEZCLAS VARIAS CON O SIN RELLENOS, SHORTS, CARDIGANS, NAUTICOS. INDUMENTARIA ANTIFLAMA EN TELAS ESPECIALES, EQUIPOS DE ALTA MONTAÑA
B6: TRABAJO A MAQUINA
A7: 1 | B7: OFICIAL CALIFICADO (Pasa a Of. Calif. Multi "B" Cap. XVII) | C7: =+R7*0.05 -> 1355.7749 | D7: =C7/8 -> 169.47186 | E7: =+R7*0.075 -> 2033.6623 | F7: =E7/8 -> 254.20779 | G7: =+R7*0.105 -> 2847.1273 | H7: =G7/8 -> 355.89091 | I7: =+R7*1.04 -> 28200.118 | J7: =+I7*0.075 -> 2115.0088 | K7: =I7/8 -> 3525.0147 | L7: =J7/8 -> 264.3761 | M7: =+I7*1.045 -> 29469.123 | N7: =+M7*0.055 -> 1620.8018 | O7: =M7/8 -> 3683.6404 | P7: =N7/8 -> 202.60022 | R7: 27115.498
B8: Es el trabajador que deberá conocer y realizar eventualmente cualquiera de las siguientes tareas:
B9: Armar costados y/o mangas y/o interiores desmontables.
B10: Cerrado completo de interior con exterior.
B11: Cortar bolsillos ojal y pespuntear.
B12: Coloca cintura con o sin elástico.
B13: Hace mangas y/o arreglos y/o capotitas y/o toda clase de bolsillos y tapas.
B14: Pegar canesú y/o toda clase de bolsillos y tapas y/o mangas y/o cierres en delanteros exteriores y/o capotitas y/o puño, cintura, ruedos y mangas y/o solapas cubre cierres en delanteros y/o cuello.
B15: sobrecose.
B16: Pespuntear puño, cintura, ruedos y mangas.
B17: Unir forro y abrigo con el exterior por el cuello y/o recorte de espalda y de delanteros.
A18: 2 | B18: OFICIAL (Pasa a Of. Costura Calif. Cap. XVII) | C18: =+R18*0.05 -> 1256.0916 | D18: =C18/8 -> 157.01145 | E18: =+R18*0.075 -> 1884.1374 | F18: =E18/8 -> 235.51717 | G18: =+R18*0.105 -> 2637.7923 | H18: =G18/8 -> 329.72404 | I18: =+R18*1.04 -> 26126.705 | J18: =+I18*0.075 -> 1959.5029 | K18: =I18/8 -> 3265.8381 | L18: =J18/8 -> 244.93786 | M18: =+I18*1.045 -> 27302.406 | N18: =+M18*0.055 -> 1501.6324 | O18: =M18/8 -> 3412.8008 | P18: =N18/8 -> 187.70404 | R18: 25121.831
B19: Es el trabajador que deberá conocer y realizar eventualmente cualquiera de las siguientes tareas:
B20: Atraques.
B21: Armado completo de interior.
B22: Coloca corderitos y/o matelassé y/o vistas de cuero y/o vistas.
B23: Hace ruedo a abertura de mangas y/o vistas y/o dibujos en vistas y/o puños y cintura en U.
B24: Marcado de tapitas.
B25: Ojalar.
B26: Preparado de pincitas de espalda o delanteros exterior.
B27: Pespuntear cuello, presillas, tapas, mangas y/o ajuste de cintura.
B28: Pegar percalina con vivos a delanteros y/o cierres en parte.
B29: Trabaja con máquina de llenado de prendas con material de Duvet y otros.
B30: Tareas de cierre de llenado ejecutado en máquinas especiales.
B31: Unir hombros.
A32: 3 | B32: MEDIO OFICIAL | C32: =+R32*0.05 -> 1192.1581 | D32: =C32/8 -> 149.01976 | E32: =+R32*0.075 -> 1788.2371 | F32: =E32/8 -> 223.52964 | G32: =+R32*0.105 -> 2503.532 | H32: =G32/8 -> 312.9415 | I32: =+R32*1.04 -> 24796.888 | J32: =+I32*0.075 -> 1859.7666 | K32: =I32/8 -> 3099.611 | L32: =J32/8 -> 232.47083 | M32: =+I32*1.045 -> 25912.748 | N32: =+M32*0.055 -> 1425.2011 | O32: =M32/8 -> 3239.0935 | P32: =N32/8 -> 178.15014 | R32: 23843.162
B33: Es el trabajador que deberá conocer y realizar eventualmente cualquiera de las siguientes tareas:
B34: Ayudante en llenado de prendas con Duvet.
B35: Arma cuello interior, puños, presillas y tapas.
B36: Cerrar bolsas.
B37: Colgantes internos.
B38: Dobladillar bolsillos.
B39: Hacer etiquetas y/o punta de puños y cintura en atraque recto.
B40: Pegar etiquetas y/o vistas a percalina y/o presillas y/o botones, tachas, broches y/o pasador y cordón de ajuste de cintura interior.
B41: Sobrehilar o encandelillar.
B42: Unir recortes de corderitos y/o matelassé.
B43: TRABAJO A MANO
A44: 3 | B44: BIS. OFICIAL | C44: =+R44*0.05 -> 1256.0916 | D44: =C44/8 -> 157.01145 | E44: =+R44*0.075 -> 1884.1374 | F44: =E44/8 -> 235.51717 | G44: =+R44*0.105 -> 2637.7923 | H44: =G44/8 -> 329.72404 | I44: =+R44*1.04 -> 26126.705 | J44: =+I44*0.075 -> 1959.5029 | K44: =I44/8 -> 3265.8381 | L44: =J44/8 -> 244.93786 | M44: =+I44*1.045 -> 27302.406 | N44: =+M44*0.055 -> 1501.6324 | O44: =M44/8 -> 3412.8008 | P44: =N44/8 -> 187.70404 | R44: 25121.831
B45: Es el trabajador que deberá conocer y realizar eventualmente cualquiera de las siguientes tareas:
B46: Arma el cierre y/o bolsillos.
B47: Corta cierres a medida y/o hilos.
B48: Ensambladores en general.
B49: Hace abertura de bolsillo ojal y/o pares.
B50: Numeradora y/o loteadora de partes.
B51: Pega botones.
B52: Revisa pares y/o cuello y puño en proceso de producción.
B53: Troquela.
A54: 3 | B54: BIS II. MEDIO OFICIAL | C54: =+R54*0.05 -> 1192.1581 | D54: =C54/8 -> 149.01976 | E54: =+R54*0.075 -> 1788.2371 | F54: =E54/8 -> 223.52964 | G54: =+R54*0.105 -> 2503.532 | H54: =G54/8 -> 312.9415 | I54: =+R54*1.04 -> 24796.888 | J54: =+I54*0.075 -> 1859.7666 | K54: =I54/8 -> 3099.611 | L54: =J54/8 -> 232.47083 | M54: =+I54*1.045 -> 25912.748 | N54: =+M54*0.055 -> 1425.2011 | O54: =M54/8 -> 3239.0935 | P54: =N54/8 -> 178.15014 | R54: 23843.162
B55: Es el trabajador que deberá conocer y realizar eventualmente cualquiera de las siguientes tareas:
B56: Plancha bolsillos.
B57: Empaqueta y/o embolsa.
B58: Limpia la prenda.
B59: Reparte trabajos y/o hilos.
B60: Distribuye trabajos.
B61: CONFECCION DE SHORTS.
A62: 4 | B62: OFICIAL CALIFICADO (Pasa a Of. Calif. Multi "B" Cap. XVII) | C62: =+R62*0.05 -> 1355.7749 | D62: =C62/8 -> 169.47186 | E62: =+R62*0.075 -> 2033.6623 | F62: =E62/8 -> 254.20779 | G62: =+R62*0.105 -> 2847.1273 | H62: =G62/8 -> 355.89091 | I62: =+R62*1.04 -> 28200.118 | J62: =+I62*0.075 -> 2115.0088 | K62: =I62/8 -> 3525.0147 | L62: =J62/8 -> 264.3761 | M62: =+I62*1.045 -> 29469.123 | N62: =+M62*0.055 -> 1620.8018 | O62: =M62/8 -> 3683.6404 | P62: =N62/8 -> 202.60022 | R62: 27115.498
B63: Es el trabajador que deberá conocer y realizar eventualmente cualquiera de las siguientes tareas:
B64: Coloca cierres y/o vivos sin guía.
B65: Hace y coloca bolsillos completos.
A66: 5 | B66: OFICIAL (Pasa a Of. Costura Calif. Cap. XVII) | C66: =+R66*0.05 -> 1256.0916 | D66: =C66/8 -> 157.01145 | E66: =+R66*0.075 -> 1884.1374 | F66: =E66/8 -> 235.51717 | G66: =+R66*0.105 -> 2637.7923 | H66: =G66/8 -> 329.72404 | I66: =+R66*1.04 -> 26126.705 | J66: =+I66*0.075 -> 1959.5029 | K66: =I66/8 -> 3265.8381 | L66: =J66/8 -> 244.93786 | M66: =+I66*1.045 -> 27302.406 | N66: =+M66*0.055 -> 1501.6324 | O66: =M66/8 -> 3412.8008 | P66: =N66/8 -> 187.70404 | R66: 25121.831
B67: Es el trabajador que deberá conocer y realizar eventualmente cualquiera de las siguientes tareas:
B68: Cierra costados, tiros y entrepiernas.
B69: Coloca puños y/o hace bajos.
B70: Dobladilla o encandalilla.
B71: Pega y pespuntea cintura.
A72: 6 | B72: MEDIO OFICIAL | C72: =+R72*0.05 -> 1192.1581 | D72: =C72/8 -> 149.01976 | E72: =+R72*0.075 -> 1788.2371 | F72: =E72/8 -> 223.52964 | G72: =+R72*0.105 -> 2503.532 | H72: =G72/8 -> 312.9415 | I72: =+R72*1.04 -> 24796.888 | J72: =+I72*0.075 -> 1859.7666 | K72: =I72/8 -> 3099.611 | L72: =J72/8 -> 232.47083 | M72: =+I72*1.045 -> 25912.748 | N72: =+M72*0.055 -> 1425.2011 | O72: =M72/8 -> 3239.0935 | P72: =N72/8 -> 178.15014 | R72: 23843.162
B73: Es el trabajador cuyo rendimiento mínimo es el setenta por ciento (70%) de la producción del Oficial de su misma especialidad.
B74: MAQUINAS ESPECIALES
A75: 7 | B75: OVERLOCK - DOS, TRES O MÁS AGUJAS - OJALES - UNA AGUJA Y CUCHILLA - ATRAQUES - PASACINTOS - CUERITOS - ZIG-ZAG - BOTONES - BROCHES - HACER MATELASSÉ -
B76: PLANCHA
B77: PLANCHADO A MAQUINA
A78: 8 | B78: OFICIAL CALIFICADO | C78: =+R78*0.05 -> 1355.7517 | D78: =C78/8 -> 169.46896 | E78: =+R78*0.075 -> 2033.6276 | F78: =E78/8 -> 254.20345 | G78: =+R78*0.105 -> 2847.0786 | H78: =G78/8 -> 355.88482 | I78: =+R78*1.04 -> 28199.636 | J78: =+I78*0.075 -> 2114.9727 | K78: =I78/8 -> 3524.9544 | L78: =J78/8 -> 264.37158 | M78: =+I78*1.045 -> 29468.619 | N78: =+M78*0.055 -> 1620.7741 | O78: =M78/8 -> 3683.5774 | P78: =N78/8 -> 202.59676 | R78: 27115.034
B79: Plancha la prenda completa.
A80: 9 | B80: OFICIAL | C80: =+R80*0.05 -> 1256.2582 | D80: =C80/8 -> 157.03228 | E80: =+R80*0.075 -> 1884.3873 | F80: =E80/8 -> 235.54842 | G80: =+R80*0.105 -> 2638.1423 | H80: =G80/8 -> 329.76779 | I80: =+R80*1.04 -> 26130.171 | J80: =+I80*0.075 -> 1959.7628 | K80: =I80/8 -> 3266.2714 | L80: =J80/8 -> 244.97036 | M80: =+I80*1.045 -> 27306.029 | N80: =+M80*0.055 -> 1501.8316 | O80: =M80/8 -> 3413.2536 | P80: =N80/8 -> 187.72895 | R80: 25125.165
B81: Abre costura y plancha partes de la prenda.
B82: PLANCHADO A MANO
A83: 10 | B83: OFICIAL CALIFICADO | C83: =+R83*0.05 -> 1355.7517 | D83: =C83/8 -> 169.46896 | E83: =+R83*0.075 -> 2033.6276 | F83: =E83/8 -> 254.20345 | G83: =+R83*0.105 -> 2847.0786 | H83: =G83/8 -> 355.88482 | I83: =+R83*1.04 -> 28199.636 | J83: =+I83*0.075 -> 2114.9727 | K83: =I83/8 -> 3524.9544 | L83: =J83/8 -> 264.37158 | M83: =+I83*1.045 -> 29468.619 | N83: =+M83*0.055 -> 1620.7741 | O83: =M83/8 -> 3683.5774 | P83: =N83/8 -> 202.59676 | R83: 27115.034
B84: Plancha la prenda de acuerdo a la modalidad de la casa.
A85: 11 | B85: MEDIO OFICIAL | C85: =+R85*0.05 -> 1192.1581 | D85: =C85/8 -> 149.01976 | E85: =+R85*0.075 -> 1788.2371 | F85: =E85/8 -> 223.52964 | G85: =+R85*0.105 -> 2503.532 | H85: =G85/8 -> 312.9415 | I85: =+R85*1.04 -> 24796.888 | J85: =+I85*0.075 -> 1859.7666 | K85: =I85/8 -> 3099.611 | L85: =J85/8 -> 232.47083 | M85: =+I85*1.045 -> 25912.748 | N85: =+M85*0.055 -> 1425.2011 | O85: =M85/8 -> 3239.0935 | P85: =N85/8 -> 178.15014 | R85: 23843.162
B86: Abre costura.
B87: PREPARADO DE TRABAJO
A88: 12 | B88: OFICIAL CALIFICADO | C88: =+R88*0.05 -> 1355.7517 | D88: =C88/8 -> 169.46896 | E88: =+R88*0.075 -> 2033.6276 | F88: =E88/8 -> 254.20345 | G88: =+R88*0.105 -> 2847.0786 | H88: =G88/8 -> 355.88482 | I88: =+R88*1.04 -> 28199.636 | J88: =+I88*0.075 -> 2114.9727 | K88: =I88/8 -> 3524.9544 | L88: =J88/8 -> 264.37158 | M88: =+I88*1.045 -> 29468.619 | N88: =+M88*0.055 -> 1620.7741 | O88: =M88/8 -> 3683.5774 | P88: =N88/8 -> 202.59676 | R88: 27115.034
B89: Es el que separa y prepara toda clase de trabajo e implementos para las máquinas y mano.
B90: REVISADO DE TRABAJO Y CONTROL DE CALIDAD
A91: 13 | B91: REVISADOR | C91: =+R91*0.05 -> 1256.2582 | D91: =C91/8 -> 157.03228 | E91: =+R91*0.075 -> 1884.3873 | F91: =E91/8 -> 235.54842 | G91: =+R91*0.105 -> 2638.1423 | H91: =G91/8 -> 329.76779 | I91: =+R91*1.04 -> 26130.171 | J91: =+I91*0.075 -> 1959.7628 | K91: =I91/8 -> 3266.2714 | L91: =J91/8 -> 244.97036 | M91: =+I91*1.045 -> 27306.029 | N91: =+M91*0.055 -> 1501.8316 | O91: =M91/8 -> 3413.2536 | P91: =N91/8 -> 187.72895 | R91: 25125.165
B92: Es el trabajador que revisa y controla la calidad de la prenda en los talleres internos para determinar los defectos técnicos que la misma pudiera tener.
B93: DISPOSICIONES GENERALES PARA ESTE CAPITULO
A94: 14 | B94: En la sección Duvet y/u otros materiales plumíferos, el trabajador deberá poseer, provisto por la empresa, escafandra presurizada en conexión al aire exterior a través de un compresor medicinal.
A95: 15 | B95: En las empresas que se dedican a la producción de prendas con Duvet y/u otros materiales plumíferos en las operaciones de llenado y cerrado, las mismas deberán estar separadas del resto del taller, disponiéndose de una sección especial con ventiladores y extractores de aire.
A96: 16 | B96: Los trabajadores que realicen muestras o modelos y siempre que en la ejecución de las mismas no tome parte el resto del personal percibirá un veinticinco por ciento (25%) más sobre su salario básico respectivo, durante el tiempo que dure la ejecución de dichas tareas.
A97: 17 | B97: Los Oficiales calificados y Oficiales que tengan a su cargo la orientación y enseñanza del personal, percibirán un veinte por ciento (20%) más sobre sus respectivos salarios básicos.
A98: 18 | B98: Los trabajadores que operen indistintamente en una máquina recta o máquinas especiales computadas o robóticas o trabajen en dos (2) máquinas especiales mencionadas en el inciso 5 percibirán un diez por ciento (10%) más sobre su respectivo salario básico establecido en el presente capítulo.
B100: NOTA: LAS ESCALAS SALARIALES AQUÍ PREVISTAS SE INCREMENTARÁN POR APLICACION DE LOS ADICIONALES PARA LA ZONA PATAGONICA DISPUESTOS EN EL ART. Nº 40 DE LA PRESENTE.

Sheet X (DIEZ)
A1: ITEM | B1: CATEGORIAS | C1: POR DIA | D1: POR HORA | E1: POR DIA | F1: POR HORA | G1: POR DIA | H1: POR HORA | I1: POR DIA | K1: POR HORA | M1: POR DIA | O1: POR HORA | Q1: POR DIA
C2: ='I (UNO)'!C2 -> Febrero | E2: Marzo | G2: Abril | I2: ='I (UNO)'!F2 -> Mayo | M2: ='I (UNO)'!H2 -> Junio | Q2: 45658
C3: N.R. | D3: N.R. | E3: N.R. | F3: N.R. | G3: N.R. | H3: N.R. | I3: BÁSICO | J3: N.R | K3: BÁSICO | L3: N.R | M3: BÁSICO | N3: N.R | O3: BÁSICO | P3: N.R | Q3: BÁSICO
B4: TALLERES DE CONFECCION Y COSTURA DE BLANCO EN GENERAL, SABANAS, FUNDAS, CARPETAS, MANTELES, PAÑUELOS, SERVILLETAS, REPASADORES Y TOALLAS - MUÑECAS Y ORNAMENTOS. INDUMENTARIA ARTISTICA Y DE COTILLON PARA NIÑOS Y ADULTOS. INDUMENTARIA PARA ANIMALES. (En cualquier tipo de material)
A5: 1 | B5: OFICIAL | C5: =+Q5*0.05 -> 1231.2496 | D5: =C5/8 -> 153.9062 | E5: =+Q5*0.075 -> 1846.8745 | F5: =E5/8 -> 230.85931 | G5: =+Q5*0.105 -> 2585.6242 | H5: =G5/8 -> 323.20303 | I5: =+Q5*1.04 -> 25609.992 | J5: =+I5*0.075 -> 1920.7494 | K5: =I5/8 -> 3201.2491 | L5: =J5/8 -> 240.09368 | M5: =+I5*1.045 -> 26762.442 | N5: =+M5*0.055 -> 1471.9343 | O5: =M5/8 -> 3345.3053 | P5: =N5/8 -> 183.99179 | Q5: 24624.993
A6: 2 | B6: MEDIO OFICIAL | C6: =+Q6*0.05 -> 1174.5153 | D6: =C6/8 -> 146.81442 | E6: =+Q6*0.075 -> 1761.773 | F6: =E6/8 -> 220.22163 | G6: =+Q6*0.105 -> 2466.4822 | H6: =G6/8 -> 308.31028 | I6: =+Q6*1.04 -> 24429.919 | J6: =+I6*0.075 -> 1832.2439 | K6: =I6/8 -> 3053.7399 | L6: =J6/8 -> 229.03049 | M6: =+I6*1.045 -> 25529.265 | N6: =+M6*0.055 -> 1404.1096 | O6: =M6/8 -> 3191.1582 | P6: =N6/8 -> 175.5137 | Q6: 23490.307
B7: TRABAJO DE MANO
A8: 3 | B8: OFICIAL DE MANO | C8: =+Q8*0.05 -> 1231.2496 | D8: =C8/8 -> 153.9062 | E8: =+Q8*0.075 -> 1846.8745 | F8: =E8/8 -> 230.85931 | G8: =+Q8*0.105 -> 2585.6242 | H8: =G8/8 -> 323.20303 | I8: =+Q8*1.04 -> 25609.992 | J8: =+I8*0.075 -> 1920.7494 | K8: =I8/8 -> 3201.2491 | L8: =J8/8 -> 240.09368 | M8: =+I8*1.045 -> 26762.442 | N8: =+M8*0.055 -> 1471.9343 | O8: =M8/8 -> 3345.3053 | P8: =N8/8 -> 183.99179 | Q8: 24624.993
B9: TRABAJO A MAQUINA
A10: 4 | B10: OFICIAL | C10: =+Q10*0.05 -> 1231.2496 | D10: =C10/8 -> 153.9062 | E10: =+Q10*0.075 -> 1846.8745 | F10: =E10/8 -> 230.85931 | G10: =+Q10*0.105 -> 2585.6242 | H10: =G10/8 -> 323.20303 | I10: =+Q10*1.04 -> 25609.992 | J10: =+I10*0.075 -> 1920.7494 | K10: =I10/8 -> 3201.2491 | L10: =J10/8 -> 240.09368 | M10: =+I10*1.045 -> 26762.442 | N10: =+M10*0.055 -> 1471.9343 | O10: =M10/8 -> 3345.3053 | P10: =N10/8 -> 183.99179 | Q10: 24624.993
A11: 5 | B11: MEDIO OFICIAL | C11: =+Q11*0.05 -> 1174.5153 | D11: =C11/8 -> 146.81442 | E11: =+Q11*0.075 -> 1761.773 | F11: =E11/8 -> 220.22163 | G11: =+Q11*0.105 -> 2466.4822 | H11: =G11/8 -> 308.31028 | I11: =+Q11*1.04 -> 24429.919 | J11: =+I11*0.075 -> 1832.2439 | K11: =I11/8 -> 3053.7399 | L11: =J11/8 -> 229.03049 | M11: =+I11*1.045 -> 25529.265 | N11: =+M11*0.055 -> 1404.1096 | O11: =M11/8 -> 3191.1582 | P11: =N11/8 -> 175.5137 | Q11: 23490.307
B12: PLANCHADO A MANO
A13: 6 | B13: OFICIAL | C13: =+Q13*0.05 -> 1231.2496 | D13: =C13/8 -> 153.9062 | E13: =+Q13*0.075 -> 1846.8745 | F13: =E13/8 -> 230.85931 | G13: =+Q13*0.105 -> 2585.6242 | H13: =G13/8 -> 323.20303 | I13: =+Q13*1.04 -> 25609.992 | J13: =+I13*0.075 -> 1920.7494 | K13: =I13/8 -> 3201.2491 | L13: =J13/8 -> 240.09368 | M13: =+I13*1.045 -> 26762.442 | N13: =+M13*0.055 -> 1471.9343 | O13: =M13/8 -> 3345.3053 | P13: =N13/8 -> 183.99179 | Q13: 24624.993
A14: 7 | B14: MEDIO OFICIAL | C14: =+Q14*0.05 -> 1174.5153 | D14: =C14/8 -> 146.81442 | E14: =+Q14*0.075 -> 1761.773 | F14: =E14/8 -> 220.22163 | G14: =+Q14*0.105 -> 2466.4822 | H14: =G14/8 -> 308.31028 | I14: =+Q14*1.04 -> 24429.919 | J14: =+I14*0.075 -> 1832.2439 | K14: =I14/8 -> 3053.7399 | L14: =J14/8 -> 229.03049 | M14: =+I14*1.045 -> 25529.265 | N14: =+M14*0.055 -> 1404.1096 | O14: =M14/8 -> 3191.1582 | P14: =N14/8 -> 175.5137 | Q14: 23490.307
B15: PLANCHADO A MAQUINA
A16: 8 | B16: OFICIAL | C16: =+Q16*0.05 -> 1231.2496 | D16: =C16/8 -> 153.9062 | E16: =+Q16*0.075 -> 1846.8745 | F16: =E16/8 -> 230.85931 | G16: =+Q16*0.105 -> 2585.6242 | H16: =G16/8 -> 323.20303 | I16: =+Q16*1.04 -> 25609.992 | J16: =+I16*0.075 -> 1920.7494 | K16: =I16/8 -> 3201.2491 | L16: =J16/8 -> 240.09368 | M16: =+I16*1.045 -> 26762.442 | N16: =+M16*0.055 -> 1471.9343 | O16: =M16/8 -> 3345.3053 | P16: =N16/8 -> 183.99179 | Q16: 24624.993
A17: 9 | B17: MEDIO OFICIAL | C17: =+Q17*0.05 -> 1174.5153 | D17: =C17/8 -> 146.81442 | E17: =+Q17*0.075 -> 1761.773 | F17: =E17/8 -> 220.22163 | G17: =+Q17*0.105 -> 2466.4822 | H17: =G17/8 -> 308.31028 | I17: =+Q17*1.04 -> 24429.919 | J17: =+I17*0.075 -> 1832.2439 | K17: =I17/8 -> 3053.7399 | L17: =J17/8 -> 229.03049 | M17: =+I17*1.045 -> 25529.265 | N17: =+M17*0.055 -> 1404.1096 | O17: =M17/8 -> 3191.1582 | P17: =N17/8 -> 175.5137 | Q17: 23490.307
B18: CORTADO DE PAñUELOS
A19: 10 | B19: OFICIAL | C19: =+Q19*0.05 -> 1231.2496 | D19: =C19/8 -> 153.9062 | E19: =+Q19*0.075 -> 1846.8745 | F19: =E19/8 -> 230.85931 | G19: =+Q19*0.105 -> 2585.6242 | H19: =G19/8 -> 323.20303 | I19: =+Q19*1.04 -> 25609.992 | J19: =+I19*0.075 -> 1920.7494 | K19: =I19/8 -> 3201.2491 | L19: =J19/8 -> 240.09368 | M19: =+I19*1.045 -> 26762.442 | N19: =+M19*0.055 -> 1471.9343 | O19: =M19/8 -> 3345.3053 | P19: =N19/8 -> 183.99179 | Q19: 24624.993
A20: 11 | B20: MEDIO OFICIAL | C20: =+Q20*0.05 -> 1174.5153 | D20: =C20/8 -> 146.81442 | E20: =+Q20*0.075 -> 1761.773 | F20: =E20/8 -> 220.22163 | G20: =+Q20*0.105 -> 2466.4822 | H20: =G20/8 -> 308.31028 | I20: =+Q20*1.04 -> 24429.919 | J20: =+I20*0.075 -> 1832.2439 | K20: =I20/8 -> 3053.7399 | L20: =J20/8 -> 229.03049 | M20: =+I20*1.045 -> 25529.265 | N20: =+M20*0.055 -> 1404.1096 | O20: =M20/8 -> 3191.1582 | P20: =N20/8 -> 175.5137 | Q20: 23490.307
B21: LAVADEROS Y ALMIDONADORES A MAQUINA
A22: 12 | B22: MEDIO OFICIAL | C22: =+Q22*0.05 -> 1174.5153 | D22: =C22/8 -> 146.81442 | E22: =+Q22*0.075 -> 1761.773 | F22: =E22/8 -> 220.22163 | G22: =+Q22*0.105 -> 2466.4822 | H22: =G22/8 -> 308.31028 | I22: =+Q22*1.04 -> 24429.919 | J22: =+I22*0.075 -> 1832.2439 | K22: =I22/8 -> 3053.7399 | L22: =J22/8 -> 229.03049 | M22: =+I22*1.045 -> 25529.265 | N22: =+M22*0.055 -> 1404.1096 | O22: =M22/8 -> 3191.1582 | P22: =N22/8 -> 175.5137 | Q22: 23490.307
A23: 13 | B23: OFICIAL | C23: =+Q23*0.05 -> 1231.2496 | D23: =C23/8 -> 153.9062 | E23: =+Q23*0.075 -> 1846.8745 | F23: =E23/8 -> 230.85931 | G23: =+Q23*0.105 -> 2585.6242 | H23: =G23/8 -> 323.20303 | I23: =+Q23*1.04 -> 25609.992 | J23: =+I23*0.075 -> 1920.7494 | K23: =I23/8 -> 3201.2491 | L23: =J23/8 -> 240.09368 | M23: =+I23*1.045 -> 26762.442 | N23: =+M23*0.055 -> 1471.9343 | O23: =M23/8 -> 3345.3053 | P23: =N23/8 -> 183.99179 | Q23: 24624.993
B24: LAVADEROS Y ALMIDONADORES DE TIRILLAS Y PECHERAS A MANO
A25: 14 | B25: MEDIO OFICIAL | C25: =+Q25*0.05 -> 1174.5153 | D25: =C25/8 -> 146.81442 | E25: =+Q25*0.075 -> 1761.773 | F25: =E25/8 -> 220.22163 | G25: =+Q25*0.105 -> 2466.4822 | H25: =G25/8 -> 308.31028 | I25: =+Q25*1.04 -> 24429.919 | J25: =+I25*0.075 -> 1832.2439 | K25: =I25/8 -> 3053.7399 | L25: =J25/8 -> 229.03049 | M25: =+I25*1.045 -> 25529.265 | N25: =+M25*0.055 -> 1404.1096 | O25: =M25/8 -> 3191.1582 | P25: =N25/8 -> 175.5137 | Q25: 23490.307
A26: 15 | B26: OFICIAL | C26: =+Q26*0.05 -> 1231.2496 | D26: =C26/8 -> 153.9062 | E26: =+Q26*0.075 -> 1846.8745 | F26: =E26/8 -> 230.85931 | G26: =+Q26*0.105 -> 2585.6242 | H26: =G26/8 -> 323.20303 | I26: =+Q26*1.04 -> 25609.992 | J26: =+I26*0.075 -> 1920.7494 | K26: =I26/8 -> 3201.2491 | L26: =J26/8 -> 240.09368 | M26: =+I26*1.045 -> 26762.442 | N26: =+M26*0.055 -> 1471.9343 | O26: =M26/8 -> 3345.3053 | P26: =N26/8 -> 183.99179 | Q26: 24624.993
B27: ABRILLANTADOR, AFINADOR Y DOBLADOR A VAPOR
A28: 16 | B28: OFICIAL | C28: =+Q28*0.05 -> 1231.2496 | D28: =C28/8 -> 153.9062 | E28: =+Q28*0.075 -> 1846.8745 | F28: =E28/8 -> 230.85931 | G28: =+Q28*0.105 -> 2585.6242 | H28: =G28/8 -> 323.20303 | I28: =+Q28*1.04 -> 25609.992 | J28: =+I28*0.075 -> 1920.7494 | K28: =I28/8 -> 3201.2491 | L28: =J28/8 -> 240.09368 | M28: =+I28*1.045 -> 26762.442 | N28: =+M28*0.055 -> 1471.9343 | O28: =M28/8 -> 3345.3053 | P28: =N28/8 -> 183.99179 | Q28: 24624.993
B29: DOBLADO A MANO
A30: 17 | B30: OFICIAL | C30: =+Q30*0.05 -> 1231.2496 | D30: =C30/8 -> 153.9062 | E30: =+Q30*0.075 -> 1846.8745 | F30: =E30/8 -> 230.85931 | G30: =+Q30*0.105 -> 2585.6242 | H30: =G30/8 -> 323.20303 | I30: =+Q30*1.04 -> 25609.992 | J30: =+I30*0.075 -> 1920.7494 | K30: =I30/8 -> 3201.2491 | L30: =J30/8 -> 240.09368 | M30: =+I30*1.045 -> 26762.442 | N30: =+M30*0.055 -> 1471.9343 | O30: =M30/8 -> 3345.3053 | P30: =N30/8 -> 183.99179 | Q30: 24624.993
B31: ORNAMENTOS, MUÑECAS, ROPA DE MUÑECAS, JUGUETES DE PAÑO O TELA EN GENERAL, MATELASSE Y AFINES. | K31: =I31/8 -> 0 | L31: =J31/8 -> 0
A32: 18 | B32: OFICIAL CALIFICADO | C32: =+Q32*0.05 -> 1320.3212 | D32: =C32/8 -> 165.04015 | E32: =+Q32*0.075 -> 1980.4818 | F32: =E32/8 -> 247.56023 | G32: =+Q32*0.105 -> 2772.6746 | H32: =G32/8 -> 346.58432 | I32: =+Q32*1.04 -> 27462.681 | J32: =+I32*0.075 -> 2059.7011 | K32: =I32/8 -> 3432.8352 | L32: =J32/8 -> 257.46264 | M32: =+I32*1.045 -> 28698.502 | N32: =+M32*0.055 -> 1578.4176 | O32: =M32/8 -> 3587.3127 | P32: =N32/8 -> 197.3022 | Q32: 26406.424
B33: Hace prendas completas.
A34: 19 | B34: OFICIAL DE MAQUINA Y/O MANO | C34: =+Q34*0.05 -> 1231.2496 | D34: =C34/8 -> 153.9062 | E34: =+Q34*0.075 -> 1846.8745 | F34: =E34/8 -> 230.85931 | G34: =+Q34*0.105 -> 2585.6242 | H34: =G34/8 -> 323.20303 | I34: =+Q34*1.04 -> 25609.992 | J34: =+I34*0.075 -> 1920.7494 | K34: =I34/8 -> 3201.2491 | L34: =J34/8 -> 240.09368 | M34: =+I34*1.045 -> 26762.442 | N34: =+M34*0.055 -> 1471.9343 | O34: =M34/8 -> 3345.3053 | P34: =N34/8 -> 183.99179 | Q34: 24624.993
B35: Arma prendas.
B36: Hace costuras a mano.
B37: Sobrecose.
A38: 20 | B38: MEDIO OFICIAL DE MAQUINA Y/O MANO | C38: =+Q38*0.05 -> 1174.5153 | D38: =C38/8 -> 146.81442 | E38: =+Q38*0.075 -> 1761.773 | F38: =E38/8 -> 220.22163 | G38: =+Q38*0.105 -> 2466.4822 | H38: =G38/8 -> 308.31028 | I38: =+Q38*1.04 -> 24429.919 | J38: =+I38*0.075 -> 1832.2439 | K38: =I38/8 -> 3053.7399 | L38: =J38/8 -> 229.03049 | M38: =+I38*1.045 -> 25529.265 | N38: =+M38*0.055 -> 1404.1096 | O38: =M38/8 -> 3191.1582 | P38: =N38/8 -> 175.5137 | Q38: 23490.307
B39: Hace terminaciones.
B40: Pinta ojos.
B41: Pegan moñitos y/o Pelos.
B42: Pegan y colocan ojos.
B43: Embolsan.
B44: Da vuelta prendas.
B45: Rellena.
B46: Saca Pelitos.
B52: DISPOSICIONES GENERALES PARA ESTE CAPITULO.
A53: 21 | B53: Los Oficiales que tengan a su cargo la orientación y enseñanza del personal que se inicia y dediquen a esta labor un mínimo de un treinta por ciento (30%) de su tiempo laboral, percibirán un adicional de un veinte por ciento (20%) más de su respectivo salario básico.
B55: NOTA: LAS ESCALAS SALARIALES AQUÍ PREVISTAS SE INCREMENTARÁN POR APLICACION DE LOS ADICIONALES PARA LA ZONA PATAGONICA DISPUESTOS EN EL ART. Nº 40 DE LA PRESENTE.

Sheet XI (ONCE)
A1: ITEM | B1: CATEGORIAS | C1: POR DIA | D1: POR HORA | E1: POR DIA | F1: POR HORA | G1: POR DIA | H1: POR HORA | I1: POR DIA | K1: POR HORA | M1: POR DIA | O1: POR HORA | R1: POR DIA
C2: ='I (UNO)'!C2 -> Febrero | E2: Marzo | G2: Abril | I2: ='I (UNO)'!F2 -> Mayo | M2: ='I (UNO)'!H2 -> Junio | R2: 45658
C3: N.R. | D3: N.R. | E3: N.R. | F3: N.R. | G3: N.R. | H3: N.R. | I3: BÁSICO | J3: N.R | K3: BÁSICO | L3: N.R | M3: BÁSICO | N3: N.R | O3: BÁSICO | P3: N.R | R3: BÁSICO
B4: TAPICERIA - GUANTES - PARAGUAS
B5: RAMA TAPICERIA
B6: ARMADO Y COLOCACION
A7: 1 | B7: OFICIAL CALIFICADO | C7: =+R7*0.05 -> 1319.4325 | D7: =C7/8 -> 164.92907 | E7: =+R7*0.075 -> 1979.1488 | F7: =E7/8 -> 247.3936 | G7: =+R7*0.105 -> 2770.8083 | H7: =G7/8 -> 346.35104 | I7: =+R7*1.04 -> 27444.197 | J7: =+I7*0.075 -> 2058.3147 | K7: =I7/8 -> 3430.5246 | L7: =J7/8 -> 257.28934 | M7: =+I7*1.045 -> 28679.186 | N7: =+M7*0.055 -> 1577.3552 | O7: =M7/8 -> 3584.8982 | P7: =N7/8 -> 197.1694 | R7: 26388.651
B8: Es el trabajador que deberá conocer y realizar eventualmente cualquiera de las siguientes tareas:
B9: Arma y coloca bandeaux y cenefas drapeadas sobre cualquier instalación.
B10: Tapiza galerías en capitoné y otras similares.
B11: Coloca toda clase de cortinados y estolas.
B12: Toma medidas y/o saca plantillas y moldes.
B13: Distribuye y asesora a los de categoría inferiores en la organización de los trabajos y concreta con los clientes la solución de los mismos.
B14: Hace fundas para automóviles.
A15: 2 | B15: OFICIAL | C15: =+R15*0.05 -> 1232.1159 | D15: =C15/8 -> 154.01449 | E15: =+R15*0.075 -> 1848.1739 | F15: =E15/8 -> 231.02174 | G15: =+R15*0.105 -> 2587.4435 | H15: =G15/8 -> 323.43043 | I15: =+R15*1.04 -> 25628.011 | J15: =+I15*0.075 -> 1922.1009 | K15: =I15/8 -> 3203.5014 | L15: =J15/8 -> 240.26261 | M15: =+I15*1.045 -> 26781.272 | N15: =+M15*0.055 -> 1472.97 | O15: =M15/8 -> 3347.659 | P15: =N15/8 -> 184.12124 | R15: 24642.319
B16: Es el trabajador que deberá conocer y realizar eventualmente cualquiera de las siguientes tareas:
B17: Coloca cualquier trabajo del ramo.
B18: Tapiza y re tapiza galerías.
A19: 3 | B19: MEDIO OFICIAL | C19: =+R19*0.05 -> 1187.6147 | D19: =C19/8 -> 148.45184 | E19: =+R19*0.075 -> 1781.422 | F19: =E19/8 -> 222.67775 | G19: =+R19*0.105 -> 2493.9908 | H19: =G19/8 -> 311.74886 | I19: =+R19*1.04 -> 24702.386 | J19: =+I19*0.075 -> 1852.6789 | K19: =I19/8 -> 3087.7982 | L19: =J19/8 -> 231.58486 | M19: =+I19*1.045 -> 25813.993 | N19: =+M19*0.055 -> 1419.7696 | O19: =M19/8 -> 3226.7491 | P19: =N19/8 -> 177.4712 | R19: 23752.294
B20: Es el trabajador que deberá conocer y realizar eventualmente cualquiera de las siguientes tareas:
B21: Corta y prepara galerías para tapizarlas, cenefas o bandeaux con recortes stores, cortinados y bandeaux.
B22: Prepara y coloca galerías, cortinados simples y burletes.
B23: Prepara galerías en blanco con su correspondiente juego de tiraje y cordones.
B24: Prepara rieles, caños, varillas y separa los accesorios correspondientes a cada instalación.
B25: COSTURA A MANO O A MAQUINA
A26: 4 | B26: OFICIAL CALIFICADO | C26: =+R26*0.05 -> 1319.4211 | D26: =C26/8 -> 164.92764 | E26: =+R26*0.075 -> 1979.1317 | F26: =E26/8 -> 247.39146 | G26: =+R26*0.105 -> 2770.7844 | H26: =G26/8 -> 346.34804 | I26: =+R26*1.04 -> 27443.959 | J26: =+I26*0.075 -> 2058.2969 | K26: =I26/8 -> 3430.4949 | L26: =J26/8 -> 257.28712 | M26: =+I26*1.045 -> 28678.937 | N26: =+M26*0.055 -> 1577.3416 | O26: =M26/8 -> 3584.8672 | P26: =N26/8 -> 197.1677 | R26: 26388.422
B27: Es el trabajador que deberá conocer y realizar eventualmente cualquiera de las siguientes tareas:
B28: Debe saber hacer toda clase de cenefas, bandeaux, doceles, stores, fundas, colchas, etc. y preparar todos estos trabajos.
B29: Conoce el nombre de las telas, el revés y el derecho de las mismas, sabe cual es el pie del dibujo y sabe calzar los paños.
B30: Arma toda clase de cortinados ya sean con forro, maletín o con flecos a mano o a máquina, indistintamente.
B31: También tiene que aplicar cordones y cintas.
B32: Hace fundas para automóviles y almohadones.
A33: 5 | B33: OFICIAL | C33: =+R33*0.05 -> 1232.1159 | D33: =C33/8 -> 154.01449 | E33: =+R33*0.075 -> 1848.1739 | F33: =E33/8 -> 231.02174 | G33: =+R33*0.105 -> 2587.4435 | H33: =G33/8 -> 323.43043 | I33: =+R33*1.04 -> 25628.011 | J33: =+I33*0.075 -> 1922.1009 | K33: =I33/8 -> 3203.5014 | L33: =J33/8 -> 240.26261 | M33: =+I33*1.045 -> 26781.272 | N33: =+M33*0.055 -> 1472.97 | O33: =M33/8 -> 3347.659 | P33: =N33/8 -> 184.12124 | R33: 24642.319
B34: Es el trabajador que deberá conocer y realizar eventualmente cualquiera de las siguientes tareas:
B35: Confecciona todo trabajo en todas las calidades de telas inclusive colchas, fundas.
B36: Hace cubrecamas y/o acolchados matelassé. Hace mantas en cualquier tipo de tela y medida.
A37: 6 | B37: MEDIO OFICIAL | C37: =+R37*0.05 -> 1187.6147 | D37: =C37/8 -> 148.45184 | E37: =+R37*0.075 -> 1781.422 | F37: =E37/8 -> 222.67775 | G37: =+R37*0.105 -> 2493.9908 | H37: =G37/8 -> 311.74886 | I37: =+R37*1.04 -> 24702.386 | J37: =+I37*0.075 -> 1852.6789 | K37: =I37/8 -> 3087.7982 | L37: =J37/8 -> 231.58486 | M37: =+I37*1.045 -> 25813.993 | N37: =+M37*0.055 -> 1419.7696 | O37: =M37/8 -> 3226.7491 | P37: =N37/8 -> 177.4712 | R37: 23752.294
B38: Es el trabajador que deberá conocer y realizar eventualmente cualquiera de las siguientes tareas:
B39: Conoce la preparación de cortinados a mano o a máquina.
B40: Prepara stores, bandeaux y pone a medida los mismos.
B41: Confecciona colchas "intermedias".
B42: Secunda y prepara el trabajo para el oficial.
B43: Pega ruedas y/o ganchos y/o plomos.
B44: Corta varillas y orillos de tela, etc.
B45: Confecciona colchas "sencillas".
B46: Hace bandeaux simples, visillos, banderolas, agarraderas para recogidos de los cortinados.
B47: Surfila y sobrecose.
A48: 7 | B48: EN LOS ESTABLECIMIENTOS EN QUE POR SU MODALIDAD DE TRABAJO OCUPEN BORDADORES, ÉSTOS PERCIBIRÁN EL SALARIO DEL OFICIAL CALIFICADO.
A49: 8 | B49: EN LOS ESTABLECIMIENTOS EN QUE OCUPEN TRABAJADORES CUYA TAREA EXCLUSIVA SEA LA DEL PLANCHADO, ÉSTOS PERCIBIRÁN EL SALARIO DEL OFICIAL.
A50: 9 | B50: CLASIFICACION DE COLCHAS
B51: a) Colchas sencillas: son las que llevan uno o dos vivos en cada lado o galón aplicado recto, con volados y sin forro.
B52: b) Colchas intermedias: son las que tienen las mismas características que las sencillas, pero forradas o llevan en lugar de vivos cinta o pasacintas sobre la costura, ya sean lisas o fruncidas.
B53: c) Los trabajadores que confeccionan colchas con características distintas a las consignadas en los incisos a) y b) serán calificados como Oficiales.
B54: RAMA GUANTES
B55: GUANTES DE CUERO, DE TELA Y DEPORTIVOS.
A56: 10 | B56: OFICIAL CALIFICADO | C56: =+R56*0.05 -> 1319.4211 | D56: =C56/8 -> 164.92764 | E56: =+R56*0.075 -> 1979.1317 | F56: =E56/8 -> 247.39146 | G56: =+R56*0.105 -> 2770.7844 | H56: =G56/8 -> 346.34804 | I56: =+R56*1.04 -> 27443.959 | J56: =+I56*0.075 -> 2058.2969 | K56: =I56/8 -> 3430.4949 | L56: =J56/8 -> 257.28712 | M56: =+I56*1.045 -> 28678.937 | N56: =+M56*0.055 -> 1577.3416 | O56: =M56/8 -> 3584.8672 | P56: =N56/8 -> 197.1677 | R56: 26388.422
B57: Es el trabajador que posee conocimientos generales del oficio.
A58: 11 | B58: OFICIAL | C58: =+R58*0.05 -> 1241.1866 | D58: =C58/8 -> 155.14833 | E58: =+R58*0.075 -> 1861.78 | F58: =E58/8 -> 232.72249 | G58: =+R58*0.105 -> 2606.4919 | H58: =G58/8 -> 325.81149 | I58: =+R58*1.04 -> 25816.682 | J58: =+I58*0.075 -> 1936.2512 | K58: =I58/8 -> 3227.0853 | L58: =J58/8 -> 242.03139 | M58: =+I58*1.045 -> 26978.433 | N58: =+M58*0.055 -> 1483.8138 | O58: =M58/8 -> 3372.3041 | P58: =N58/8 -> 185.47672 | R58: 24823.733
B59: Es el trabajador que sepa cose en cualquier tipo de máquina siempre refiriéndose a guantes ya sea sujete, piqué, seller, baquetee, etc. y de tela en general no conociendo a la vez la preparación para la costura y la terminación completa del guante.
B60: RAMA DE CUERO
A61: 12 | B61: PREPARADOR | C61: =+R61*0.05 -> 1324.1995 | D61: =C61/8 -> 165.52494 | E61: =+R61*0.075 -> 1986.2992 | F61: =E61/8 -> 248.2874 | G61: =+R61*0.105 -> 2780.8189 | I61: =+R61*1.04 -> 27543.349 | J61: =+I61*0.075 -> 2065.7512 | K61: =I61/8 -> 3442.9187 | L61: =J61/8 -> 258.2189 | M61: =+I61*1.045 -> 28782.8 | N61: =+M61*0.055 -> 1583.054 | O61: =M61/8 -> 3597.85 | P61: =N61/8 -> 197.88175 | R61: 26483.99
A62: 13 | B62: ESTIRADOR | C62: =+R62*0.05 -> 1241.1866 | D62: =C62/8 -> 155.14833 | E62: =+R62*0.075 -> 1861.78 | F62: =E62/8 -> 232.72249 | G62: =+R62*0.105 -> 2606.4919 | I62: =+R62*1.04 -> 25816.682 | J62: =+I62*0.075 -> 1936.2512 | K62: =I62/8 -> 3227.0853 | L62: =J62/8 -> 242.03139 | M62: =+I62*1.045 -> 26978.433 | N62: =+M62*0.055 -> 1483.8138 | O62: =M62/8 -> 3372.3041 | P62: =N62/8 -> 185.47672 | R62: 24823.733
A63: 14 | B63: PIECITERO | C63: =+R63*0.05 -> 1227.0644 | D63: =C63/8 -> 153.38305 | E63: =+R63*0.075 -> 1840.5966 | F63: =E63/8 -> 230.07457 | G63: =+R63*0.105 -> 2576.8352 | I63: =+R63*1.04 -> 25522.939 | J63: =+I63*0.075 -> 1914.2204 | K63: =I63/8 -> 3190.3674 | L63: =J63/8 -> 239.27755 | M63: =+I63*1.045 -> 26671.471 | N63: =+M63*0.055 -> 1466.9309 | O63: =M63/8 -> 3333.9339 | P63: =N63/8 -> 183.36637 | R63: 24541.288
A64: 15 | B64: REVISADOR | C64: =+R64*0.05 -> 1324.1995 | D64: =C64/8 -> 165.52494 | E64: =+R64*0.075 -> 1986.2992 | F64: =E64/8 -> 248.2874 | G64: =+R64*0.105 -> 2780.8189 | I64: =+R64*1.04 -> 27543.349 | J64: =+I64*0.075 -> 2065.7512 | K64: =I64/8 -> 3442.9187 | L64: =J64/8 -> 258.2189 | M64: =+I64*1.045 -> 28782.8 | N64: =+M64*0.055 -> 1583.054 | O64: =M64/8 -> 3597.85 | P64: =N64/8 -> 197.88175 | R64: 26483.99
A65: 16 | B65: PENDEDOR | C65: =+R65*0.05 -> 1241.1866 | D65: =C65/8 -> 155.14833 | E65: =+R65*0.075 -> 1861.78 | F65: =E65/8 -> 232.72249 | G65: =+R65*0.105 -> 2606.4919 | I65: =+R65*1.04 -> 25816.682 | J65: =+I65*0.075 -> 1936.2512 | K65: =I65/8 -> 3227.0853 | L65: =J65/8 -> 242.03139 | M65: =+I65*1.045 -> 26978.433 | N65: =+M65*0.055 -> 1483.8138 | O65: =M65/8 -> 3372.3041 | P65: =N65/8 -> 185.47672 | R65: 24823.733
A66: 17 | B66: FANTASISTA | C66: =+R66*0.05 -> 1241.1866 | D66: =C66/8 -> 155.14833 | E66: =+R66*0.075 -> 1861.78 | F66: =E66/8 -> 232.72249 | G66: =+R66*0.105 -> 2606.4919 | I66: =+R66*1.04 -> 25816.682 | J66: =+I66*0.075 -> 1936.2512 | K66: =I66/8 -> 3227.0853 | L66: =J66/8 -> 242.03139 | M66: =+I66*1.045 -> 26978.433 | N66: =+M66*0.055 -> 1483.8138 | O66: =M66/8 -> 3372.3041 | P66: =N66/8 -> 185.47672 | R66: 24823.733
A67: 18 | B67: CORDONERO | C67: =+R67*0.05 -> 1227.0644 | D67: =C67/8 -> 153.38305 | E67: =+R67*0.075 -> 1840.5966 | F67: =E67/8 -> 230.07457 | G67: =+R67*0.105 -> 2576.8352 | I67: =+R67*1.04 -> 25522.939 | J67: =+I67*0.075 -> 1914.2204 | K67: =I67/8 -> 3190.3674 | L67: =J67/8 -> 239.27755 | M67: =+I67*1.045 -> 26671.471 | N67: =+M67*0.055 -> 1466.9309 | O67: =M67/8 -> 3333.9339 | P67: =N67/8 -> 183.36637 | R67: 24541.288
A68: 19 | B68: FANTASIAS | C68: =+R68*0.05 -> 1227.0644 | D68: =C68/8 -> 153.38305 | E68: =+R68*0.075 -> 1840.5966 | F68: =E68/8 -> 230.07457 | G68: =+R68*0.105 -> 2576.8352 | I68: =+R68*1.04 -> 25522.939 | J68: =+I68*0.075 -> 1914.2204 | K68: =I68/8 -> 3190.3674 | L68: =J68/8 -> 239.27755 | M68: =+I68*1.045 -> 26671.471 | N68: =+M68*0.055 -> 1466.9309 | O68: =M68/8 -> 3333.9339 | P68: =N68/8 -> 183.36637 | R68: 24541.288
A69: 20 | B69: OFICIAL | C69: =+R69*0.05 -> 1241.1866 | D69: =C69/8 -> 155.14833 | E69: =+R69*0.075 -> 1861.78 | F69: =E69/8 -> 232.72249 | G69: =+R69*0.105 -> 2606.4919 | I69: =+R69*1.04 -> 25816.682 | J69: =+I69*0.075 -> 1936.2512 | K69: =I69/8 -> 3227.0853 | L69: =J69/8 -> 242.03139 | M69: =+I69*1.045 -> 26978.433 | N69: =+M69*0.055 -> 1483.8138 | O69: =M69/8 -> 3372.3041 | P69: =N69/8 -> 185.47672 | R69: 24823.733
A70: 21 | B70: RIBETERO | C70: =+R70*0.05 -> 1227.0644 | D70: =C70/8 -> 153.38305 | E70: =+R70*0.075 -> 1840.5966 | F70: =E70/8 -> 230.07457 | G70: =+R70*0.105 -> 2576.8352 | I70: =+R70*1.04 -> 25522.939 | J70: =+I70*0.075 -> 1914.2204 | K70: =I70/8 -> 3190.3674 | L70: =J70/8 -> 239.27755 | M70: =+I70*1.045 -> 26671.471 | N70: =+M70*0.055 -> 1466.9309 | O70: =M70/8 -> 3333.9339 | P70: =N70/8 -> 183.36637 | R70: 24541.288
A71: 22 | B71: REVISADOR DE COSTURAS | C71: =+R71*0.05 -> 1227.0644 | D71: =C71/8 -> 153.38305 | E71: =+R71*0.075 -> 1840.5966 | F71: =E71/8 -> 230.07457 | G71: =+R71*0.105 -> 2576.8352 | I71: =+R71*1.04 -> 25522.939 | J71: =+I71*0.075 -> 1914.2204 | K71: =I71/8 -> 3190.3674 | L71: =J71/8 -> 239.27755 | M71: =+I71*1.045 -> 26671.471 | N71: =+M71*0.055 -> 1466.9309 | O71: =M71/8 -> 3333.9339 | P71: =N71/8 -> 183.36637 | R71: 24541.288
A72: 23 | B72: PLANCHADOR | C72: =+R72*0.05 -> 1227.0644 | D72: =C72/8 -> 153.38305 | E72: =+R72*0.075 -> 1840.5966 | F72: =E72/8 -> 230.07457 | G72: =+R72*0.105 -> 2576.8352 | I72: =+R72*1.04 -> 25522.939 | J72: =+I72*0.075 -> 1914.2204 | K72: =I72/8 -> 3190.3674 | L72: =J72/8 -> 239.27755 | M72: =+I72*1.045 -> 26671.471 | N72: =+M72*0.055 -> 1466.9309 | O72: =M72/8 -> 3333.9339 | P72: =N72/8 -> 183.36637 | R72: 24541.288
B73: RAMA TELA
A74: 24 | B74: OFICIAL | C74: =+R74*0.05 -> 1241.1866 | D74: =C74/8 -> 155.14833 | E74: =+R74*0.075 -> 1861.78 | F74: =E74/8 -> 232.72249 | G74: =+R74*0.105 -> 2606.4919 | I74: =+R74*1.04 -> 25816.682 | J74: =+I74*0.075 -> 1936.2512 | K74: =I74/8 -> 3227.0853 | L74: =J74/8 -> 242.03139 | M74: =+I74*1.045 -> 26978.433 | N74: =+M74*0.055 -> 1483.8138 | O74: =M74/8 -> 3372.3041 | P74: =N74/8 -> 185.47672 | R74: 24823.733
A75: 25 | B75: MAQUINISTA | C75: =+R75*0.05 -> 1227.0644 | D75: =C75/8 -> 153.38305 | E75: =+R75*0.075 -> 1840.5966 | F75: =E75/8 -> 230.07457 | G75: =+R75*0.105 -> 2576.8352 | I75: =+R75*1.04 -> 25522.939 | J75: =+I75*0.075 -> 1914.2204 | K75: =I75/8 -> 3190.3674 | L75: =J75/8 -> 239.27755 | M75: =+I75*1.045 -> 26671.471 | N75: =+M75*0.055 -> 1466.9309 | O75: =M75/8 -> 3333.9339 | P75: =N75/8 -> 183.36637 | R75: 24541.288
A76: 26 | B76: PLANCHADOR | C76: =+R76*0.05 -> 1227.0644 | D76: =C76/8 -> 153.38305 | E76: =+R76*0.075 -> 1840.5966 | F76: =E76/8 -> 230.07457 | G76: =+R76*0.105 -> 2576.8352 | I76: =+R76*1.04 -> 25522.939 | J76: =+I76*0.075 -> 1914.2204 | K76: =I76/8 -> 3190.3674 | L76: =J76/8 -> 239.27755 | M76: =+I76*1.045 -> 26671.471 | N76: =+M76*0.055 -> 1466.9309 | O76: =M76/8 -> 3333.9339 | P76: =N76/8 -> 183.36637 | R76: 24541.288
A77: 27 | B77: TRABAJO A MANO | C77: =+R77*0.05 -> 1227.0644 | D77: =C77/8 -> 153.38305 | E77: =+R77*0.075 -> 1840.5966 | F77: =E77/8 -> 230.07457 | G77: =+R77*0.105 -> 2576.8352 | I77: =+R77*1.04 -> 25522.939 | J77: =+I77*0.075 -> 1914.2204 | K77: =I77/8 -> 3190.3674 | L77: =J77/8 -> 239.27755 | M77: =+I77*1.045 -> 26671.471 | N77: =+M77*0.055 -> 1466.9309 | O77: =M77/8 -> 3333.9339 | P77: =N77/8 -> 183.36637 | R77: 24541.288
B78: RAMA GUANTES INDUSTRIALES EN CUALQUIER TIPO DE MATERIAL.
A79: 28 | B79: OFICIAL | C79: =+R79*0.05 -> 1241.1866 | D79: =C79/8 -> 155.14833 | E79: =+R79*0.075 -> 1861.78 | F79: =E79/8 -> 232.72249 | G79: =+R79*0.105 -> 2606.4919 | I79: =+R79*1.04 -> 25816.682 | J79: =+I79*0.075 -> 1936.2512 | K79: =I79/8 -> 3227.0853 | L79: =J79/8 -> 242.03139 | M79: =+I79*1.045 -> 26978.433 | N79: =+M79*0.055 -> 1483.8138 | O79: =M79/8 -> 3372.3041 | P79: =N79/8 -> 185.47672 | R79: 24823.733
A80: 29 | B80: MAQUINISTA | C80: =+R80*0.05 -> 1227.0644 | D80: =C80/8 -> 153.38305 | E80: =+R80*0.075 -> 1840.5966 | F80: =E80/8 -> 230.07457 | G80: =+R80*0.105 -> 2576.8352 | I80: =+R80*1.04 -> 25522.939 | J80: =+I80*0.075 -> 1914.2204 | K80: =I80/8 -> 3190.3674 | L80: =J80/8 -> 239.27755 | M80: =+I80*1.045 -> 26671.471 | N80: =+M80*0.055 -> 1466.9309 | O80: =M80/8 -> 3333.9339 | P80: =N80/8 -> 183.36637 | R80: 24541.288
A81: 30 | B81: PLANCHADOR | C81: =+R81*0.05 -> 1227.0644 | D81: =C81/8 -> 153.38305 | E81: =+R81*0.075 -> 1840.5966 | F81: =E81/8 -> 230.07457 | G81: =+R81*0.105 -> 2576.8352 | I81: =+R81*1.04 -> 25522.939 | J81: =+I81*0.075 -> 1914.2204 | K81: =I81/8 -> 3190.3674 | L81: =J81/8 -> 239.27755 | M81: =+I81*1.045 -> 26671.471 | N81: =+M81*0.055 -> 1466.9309 | O81: =M81/8 -> 3333.9339 | P81: =N81/8 -> 183.36637 | R81: 24541.288
A82: 31 | B82: TRABAJO A MANO | C82: =+R82*0.05 -> 1227.0644 | D82: =C82/8 -> 153.38305 | E82: =+R82*0.075 -> 1840.5966 | F82: =E82/8 -> 230.07457 | G82: =+R82*0.105 -> 2576.8352 | I82: =+R82*1.04 -> 25522.939 | J82: =+I82*0.075 -> 1914.2204 | K82: =I82/8 -> 3190.3674 | L82: =J82/8 -> 239.27755 | M82: =+I82*1.045 -> 26671.471 | N82: =+M82*0.055 -> 1466.9309 | O82: =M82/8 -> 3333.9339 | P82: =N82/8 -> 183.36637 | R82: 24541.288
B83: RAMA PARAGUAS
A84: 32 | B84: OFICIAL CALIFICADO | C84: =+R84*0.05 -> 1319.4211 | D84: =C84/8 -> 164.92764 | E84: =+R84*0.075 -> 1979.1317 | F84: =E84/8 -> 247.39146 | G84: =+R84*0.105 -> 2770.7844 | I84: =+R84*1.04 -> 27443.959 | J84: =+I84*0.075 -> 2058.2969 | K84: =I84/8 -> 3430.4949 | L84: =J84/8 -> 257.28712 | M84: =+I84*1.045 -> 28678.937 | N84: =+M84*0.055 -> 1577.3416 | O84: =M84/8 -> 3584.8672 | P84: =N84/8 -> 197.1677 | R84: 26388.422
B85: Se considera Oficial Calificado al personal que realice alguna de las siguientes tareas:
B86: Costura única para paraguas, a máquina.
B87: Armado de puntas.
B88: Remate.
B89: Preparación de internos y trabajos de tornería en especial.
A90: 33 | B90: OFICIAL | C90: =+R90*0.05 -> 1232.1159 | D90: =C90/8 -> 154.01449 | E90: =+R90*0.075 -> 1848.1739 | F90: =E90/8 -> 231.02174 | G90: =+R90*0.105 -> 2587.4435 | I90: =+R90*1.04 -> 25628.011 | J90: =+I90*0.075 -> 1922.1009 | K90: =I90/8 -> 3203.5014 | L90: =J90/8 -> 240.26261 | M90: =+I90*1.045 -> 26781.272 | N90: =+M90*0.055 -> 1472.97 | O90: =M90/8 -> 3347.659 | P90: =N90/8 -> 184.12124 | R90: 24642.319
B91: Es el personal que realiza las siguientes tareas:
B92: Roseta externa.
B93: Colocación de elástico y su preparación.
B94: Puntadas en las varillas.
B95: Trabajo de torno.
A96: 34 | B96: MEDIO OFICIAL | C96: =+R96*0.05 -> 1187.6147 | D96: =C96/8 -> 148.45184 | E96: =+R96*0.075 -> 1781.422 | F96: =E96/8 -> 222.67775 | G96: =+R96*0.105 -> 2493.9908 | I96: =+R96*1.04 -> 24702.386 | J96: =+I96*0.075 -> 1852.6789 | K96: =I96/8 -> 3087.7982 | L96: =J96/8 -> 231.58486 | M96: =+I96*1.045 -> 25813.993 | N96: =+M96*0.055 -> 1419.7696 | O96: =M96/8 -> 3226.7491 | P96: =N96/8 -> 177.4712 | R96: 23752.294
B97: Es el personal que realiza las siguientes tareas:
B98: Colocación de trapillos.
B99: Forra clavitos.
B100: Rosetas internas planchado.
...

Sheet XII (DOCE)
A1: ITEM | B1: CATEGORIAS | C1: POR DIA | D1: POR HORA | E1: POR DIA | F1: POR HORA | G1: POR DIA | H1: POR HORA | I1: POR DIA | K1: POR HORA | M1: POR DIA | O1: POR HORA | Q1: POR DIA
C2: ='I (UNO)'!C2 -> Febrero | E2: Marzo | G2: Abril | I2: ='I (UNO)'!F2 -> Mayo | M2: ='I (UNO)'!H2 -> Junio | Q2: 45658
C3: N.R. | D3: N.R. | E3: N.R. | F3: N.R. | G3: N.R. | H3: N.R. | I3: BÁSICO | J3: N.R | K3: BÁSICO | L3: N.R | M3: BÁSICO | N3: N.R | O3: BÁSICO | P3: N.R | Q3: BÁSICO
B4: CONFECCION Y COSTURA DE ARTICULOS EN TELAS DE LONA Y SIMILARES
B5: PERSONAL COMPRENDIDO.
B6: El presente Capítulo comprende al personal de ambos sexos mayores y menores de edad, de las siguientes actividades:
B7: Confección de artículos en lona o similares en cualquier material. Colocación de toldos, cortinas y/o cortinados. Maquinistas. Impermeabilizado de lonas. Encerado de trajes. Cortado. Adornos. Tapicerías. Alfombras. Electricidad. Carpintería Mecánica. Herrería. Pegado, soldado o fusionado, costura de alfombras. Banderas. Fieltros. Almohadones y pantallas. Planchado de tapicería. Dibujantes. Paracaídas. Parasoles. Salvavidas. Piletas. Carpas. Mochilas. Bolsas de dormir. Artículos de camping, caza y pesca. Velas marinas en general. Bolsas. Chalecos salvavidas. Equipos de vestimenta para prácticas náuticas en cualquier tipo de material.
B8: DISCRIMINACION DE CATEGORIAS LABORALES, TAREAS Y SALARIOS
B9: (Exclusivamente para este capítulo)
A10: 1 | B10: OFICIAL CALIFICADO PARA TRABAJOS EXTERNOS E INTERNOS | C10: =+Q10*0.05 -> 1344.7198 | D10: =C10/8 -> 168.08998 | E10: =+Q10*0.075 -> 2017.0797 | F10: =E10/8 -> 252.13497 | G10: =+Q10*0.105 -> 2823.9116 | H10: =G10/8 -> 352.98895 | I10: =+Q10*1.04 -> 27970.172 | J10: =+I10*0.075 -> 2097.7629 | K10: =I10/8 -> 3496.2715 | L10: =J10/8 -> 262.22037 | M10: =+I10*1.045 -> 29228.83 | N10: =+M10*0.055 -> 1607.5857 | O10: =M10/8 -> 3653.6038 | P10: =N10/8 -> 200.94821 | Q10: 26894.396
B11: Es el trabajador que se desempeña con conocimiento en las tareas principales en la empresa o secciones.
B12: Todos los trabajadores de esta categoría no podrán negarse a realizar las tareas principales en la empresa o secciones, siempre que éstas no menoscaben su capacidad y categoría profesional.
B13: NOTA: Es obligatorio para la empresa tener Oficiales Calificados de acuerdo a la escala que se transcribe a continuación, como máximo:
B14: De 1 a 5 trabajadores 1 Oficial Calificado
B15: " 6 a 10 " 2 " "
B16: De 11 a 20 trabajadores 3 Oficiales Calificados
B17: " 21 a 30 " 4 " "
B18: " 31 a 40 " 5 " "
B19: " 41 a 50 " 6 " "
B20: " 51 a 60 " 7 " "
B21: Y así sucesivamente conservando la misma proporción que antecede.
A22: 2 | B22: OFICIAL | C22: =+Q22*0.05 -> 1287.3232 | D22: =C22/8 -> 160.91541 | E22: =+Q22*0.075 -> 1930.9849 | F22: =E22/8 -> 241.37311 | G22: =+Q22*0.105 -> 2703.3788 | H22: =G22/8 -> 337.92235 | I22: =+Q22*1.04 -> 26776.324 | J22: =+I22*0.075 -> 2008.2243 | K22: =I22/8 -> 3347.0404 | L22: =J22/8 -> 251.02803 | M22: =+I22*1.045 -> 27981.258 | N22: =+M22*0.055 -> 1538.9692 | O22: =M22/8 -> 3497.6573 | P22: =N22/8 -> 192.37115 | Q22: 25746.465
B23: Es el trabajador que se desempeña en una o mas tareas mencionadas en la primera parte de este capítulo.
A24: 3 | B24: MEDIO OFICIAL | C24: =+Q24*0.05 -> 1213.5276 | D24: =C24/8 -> 151.69096 | E24: =+Q24*0.075 -> 1820.2915 | F24: =E24/8 -> 227.53643 | G24: =+Q24*0.105 -> 2548.4081 | H24: =G24/8 -> 318.55101 | I24: =+Q24*1.04 -> 25241.375 | J24: =+I24*0.075 -> 1893.1031 | K24: =I24/8 -> 3155.1719 | L24: =J24/8 -> 236.63789 | M24: =+I24*1.045 -> 26377.237 | N24: =+M24*0.055 -> 1450.748 | O24: =M24/8 -> 3297.1546 | P24: =N24/8 -> 181.3435 | Q24: 24270.553
B25: Es el trabajador que secunda al Oficial en el trabajo.
A27: 4 | B27: PERSONAL FEMENINO
B28: El personal femenino percibirá igual salario que el masculino cuando realice tareas en : Lonas impermeables. Estampados. Caminos de coco. Alfombras de algodón y toda lona del n° 9 inclusive, en escala descendente, doble paño. Forros, entretelas. Maletones o cualquier otro trabajo similar.
A29: 5 | B29: OFICIALA CALIFICADA | C29: =+Q29*0.05 -> 1344.7198 | D29: =C29/8 -> 168.08998 | E29: =+Q29*0.075 -> 2017.0797 | F29: =E29/8 -> 252.13497 | G29: =+Q29*0.105 -> 2823.9116 | H29: =G29/8 -> 352.98895 | I29: =+Q29*1.04 -> 27970.172 | J29: =+I29*0.075 -> 2097.7629 | K29: =I29/8 -> 3496.2715 | L29: =J29/8 -> 262.22037 | M29: =+I29*1.045 -> 29228.83 | N29: =+M29*0.055 -> 1607.5857 | O29: =M29/8 -> 3653.6038 | P29: =N29/8 -> 200.94821 | Q29: 26894.396
B30: Es la trabajadora que se desempeña con conocimiento en las principales tareas en la empresa, taller o secciones.
A31: 6 | B31: OFICIALA | C31: =+Q31*0.05 -> 1287.3232 | D31: =C31/8 -> 160.91541 | E31: =+Q31*0.075 -> 1930.9849 | F31: =E31/8 -> 241.37311 | G31: =+Q31*0.105 -> 2703.3788 | H31: =G31/8 -> 337.92235 | I31: =+Q31*1.04 -> 26776.324 | J31: =+I31*0.075 -> 2008.2243 | K31: =I31/8 -> 3347.0404 | L31: =J31/8 -> 251.02803 | M31: =+I31*1.045 -> 27981.258 | N31: =+M31*0.055 -> 1538.9692 | O31: =M31/8 -> 3497.6573 | P31: =N31/8 -> 192.37115 | Q31: 25746.465
B32: Se comprende como Oficiala a la trabajadora que realice una o más tareas de las mencionadas en la primera parte de este capítulo. El trabajo que ejecute la Oficiala no podrá ser mayor de 25 metros cuadrados y en caso de que pasara dicha medida deberá tener la colaboración de una Medio Oficiala. Los trabajos de forma deberán tener ineludiblemente la colaboración de una Medio oficiala, siempre que se trate de máquinas que no tengan tira, costuras o rodillos. En casos especiales, la empresa deberá encomendarles otras tareas que las mismas puedan desempeñar, siempre y cuando éstas se realicen ocasionalmente y no en forma regular y permanente.
A33: 7 | B33: MEDIO OFICIALA | C33: =+Q33*0.05 -> 1213.5276 | D33: =C33/8 -> 151.69096 | E33: =+Q33*0.075 -> 1820.2915 | F33: =E33/8 -> 227.53643 | G33: =+Q33*0.105 -> 2548.4081 | H33: =G33/8 -> 318.55101 | I33: =+Q33*1.04 -> 25241.375 | J33: =+I33*0.075 -> 1893.1031 | K33: =I33/8 -> 3155.1719 | L33: =J33/8 -> 236.63789 | M33: =+I33*1.045 -> 26377.237 | N33: =+M33*0.055 -> 1450.748 | O33: =M33/8 -> 3297.1546 | P33: =N33/8 -> 181.3435 | Q33: 24270.553
B34: Es la trabajadora que secunda a la Oficiala en el trabajo.
B36: DISPOSICIONES GENERALES Y BENEFICIOS SOCIALES EXCLUSIVAMENTE PARA ESTE CAPITULO
A37: 8 | B37: HIGIENE Y SEGURIDAD
B38: a) Se recomienda a las empresas proveer a las máquinas de coser de motor eléctrico.
B39: b) Las empresas se encargarán de enviar al domicilio del cliente el material de colocación en los casos en que por razones de dimensión, colocación, peso o dificultad de traslado le impidan hacerlo al personal, como también la provisión de las escaleras correspondientes, cuando el cliente no disponga de ellas. Se recomienda al personal de las Empresas contemplar esta situación, con las consideraciones necesarias, en caso de fuerza mayor o necesidad, poniendo de su parte la mas amplia voluntad para resolver el caso que se plantee, como se ha venido realizando hasta la fecha.
B40: c) Las empresas no podrán hacer trabajar a los Oficiales en carga o descarga o limpieza del taller o local.
B41: d) Para los trabajos que el personal deba realizar fuera del taller se enviarán dos personas: un Oficial Calificado, un Oficial o un Medio Oficial, salvo aquellos trabajos cuya simplicidad requiera una sola persona.
B42: Las tareas indicadas en este inciso no podrán efectuarlas el personal femenino.
B43: e) Para los trabajadores que realicen tareas insalubres, que comúnmente se efectúan, como ser: colchonería con algodón sucio, pana y pluma, encerado de trajes, impermeabilización de lonas con aceites minerales, polvos litargidios o plovagina, limpieza de mano, las empresas proveerán a los trabajadores, de guantes de goma, caretas, máscaras y soluciones contravenenosas, en cuyo defecto, los trabajadores podrán negarse a realizar dichas tareas.
B44: f) Las empresas están obligadas a proveer de cinturones de seguridad, para aquellos trabajos que así lo requieran.
B45: Los trabajadores que realicen tareas al vacío, percibirán un 25% (veinticinco por ciento) más sobre su salario básico respectivo.
B46: g) Para los días de lluvia se proveerá de trajes o capotes impermeables, como así también de botas de goma o galochas al personal que deba realizar tareas fuera del establecimiento.
B47: Los trajes o capotes, como así también las botas o galochas deberán ser entregadas por el trabajador a la empresa, una vez realizada la tarea.
B48: h) El trabajador que fuera enviado a realizar tareas fuera del taller, percibirá los correspondientes gastos de movilidad y además una suma para solventar gastos de refrigerio que será el equivalente al 20% (veinte por ciento) del salario del Inciso 1 Oficial Calificado de este capítulo.
B49: Caso contrario el trabajador se trasladará como lo hace habitualmente, empleando para ello el tiempo que le demande.
... B53: NOTA: LAS ESCALAS SALARIALES AQUÍ PREVISTAS SE INCREMENTARÁN POR APLICACION DE LOS ADICIONALES PARA LA ZONA PATAGONICA DISPUESTOS EN EL ART. Nº 40 DE LA PRESENTE.

Sheet XIII (TRECE) 
A1: ITEM | B1: CATEGORIAS | C1: POR MES | D1: POR MES | E1: POR MES | F1: POR MES | H1: POR MES | K1: POR MES
C2: ='I (UNO)'!C2 -> Febrero | D2: ='I (UNO)'!D2 -> Marzo | E2: Abril | F2: ='I (UNO)'!F2 -> Mayo | H2: ='I (UNO)'!H2 -> Junio | K2: 45658
C3: ='I (UNO)'!C3 -> N.R | D3: ='I (UNO)'!D3 -> N.R | E3: N.R | F3: BÁSICO | G3: N.R | H3: BÁSICO | I3: N.R | K3: BÁSICO
B4: PERSONAL AUXILIAR EN PROCESO DE PRODUCCIÓN (Para todos los capítulos)
B5: DEPÓSITO DE MATERIAS PRIMAS
A6: 1 | B6: OFICIAL | C6: =+K6*0.05 -> 33606.012 | D6: =+K6*0.075 -> 50409.018 | E6: =+K6*0.105 -> 70572.626 | F6: =+K6*1.04 -> 699005.06 | G6: =+F6*0.075 -> 52425.379 | H6: =+F6*1.045 -> 730460.28 | I6: =+H6*0.055 -> 40175.316 | K6: 672120.25
B7: Tiene conocimientos de las materias primas utilizadas, las clasifica y ordena, atiende los pedidos del sector de costura y corte, despacha los pedidos a los talleres externos.
A8: 2 | B8: MEDIO OFICIAL | C8: =+K8*0.05 -> 29370.744 | D8: =+K8*0.075 -> 44056.116 | E8: =+K8*0.105 -> 61678.563 | F8: =+K8*1.04 -> 610911.48 | G8: =+F8*0.075 -> 45818.361 | H8: =+F8*1.045 -> 638402.49 | I8: =+H8*0.055 -> 35112.137 | K8: 587414.88
B9: Secunda al Oficial en las tareas generales del depósito, mantiene el orden y la limpieza.
A10: 3 | B10: REVISADOR DE TELAS | C10: =+K10*0.05 -> 36211.259 | D10: =+K10*0.075 -> 54316.888 | E10: =+K10*0.105 -> 76043.644 | F10: =+K10*1.04 -> 753194.18 | G10: =+F10*0.075 -> 56489.564 | H10: =+F10*1.045 -> 787087.92 | I10: =+H10*0.055 -> 43289.836 | K10: 724225.18
B11: Tiene conocimientos específicos para detectar las fallas técnicas de las telas, clasifica. NOTA: Dentro del sector de costura exclusivamente.
B12: EMPAQUE Y DEPÓSITO de PRODUCTO TERMINADO
A13: 4 | B13: OFICIAL | C13: =+K13*0.05 -> 33606.012 | D13: =+K13*0.075 -> 50409.018 | E13: =+K13*0.105 -> 70572.626 | F13: =+K13*1.04 -> 699005.06 | G13: =+F13*0.075 -> 52425.379 | H13: =+F13*1.045 -> 730460.28 | I13: =+H13*0.055 -> 40175.316 | K13: 672120.25
B14: Es el trabajador que habitualmente, empaca, pone en cajas o bolsas los productos terminados, conoce los modelos, colores, talles, etc. Ordena los productos embalados dentro del depósito, prepara los pedidos a clientes.
A15: 5 | B15: MEDIO OFICIAL | C15: =+K15*0.05 -> 29370.744 | D15: =+K15*0.075 -> 44056.116 | E15: =+K15*0.105 -> 61678.563 | F15: =+K15*1.04 -> 610911.48 | G15: =+F15*0.075 -> 45818.361 | H15: =+F15*1.045 -> 638402.49 | I15: =+H15*0.055 -> 35112.137 | K15: 587414.88
B16: Secunda al Oficial en las tareas generales del depósito, mantiene el orden y la limpieza.
B17: MANTENIMIENTO MECANICO, ELECTRICO Y ELECTRONICO
A18: 6 | B18: OFICIAL CALIFICADO ESPECIALIZADO | C18: =+K18*0.05 -> 46017.082 | D18: =+K18*0.075 -> 69025.623 | E18: =+K18*0.105 -> 96635.873 | F18: =+K18*1.04 -> 957155.31 | G18: =+F18*0.075 -> 71786.648 | H18: =+F18*1.045 -> 1000227.3 | I18: =+H18*0.055 -> 55012.502 | K18: 920341.65
B19: Es el trabajador que posee todos los conocimientos necesarios para realizar el mantenimiento de: parque de máquinas y accesorios, instalaciones eléctricas, electrónicas, electromecánicas, hidráulicas y neumáticas.
A20: 7 | B20: OFICIAL | C20: =+K20*0.05 -> 33606.034 | D20: =+K20*0.075 -> 50409.051 | E20: =+K20*0.105 -> 70572.672 | F20: =+K20*1.04 -> 699005.51 | G20: =+F20*0.075 -> 52425.413 | H20: =+F20*1.045 -> 730460.76 | I20: =+H20*0.055 -> 40175.342 | K20: 672120.69
B21: Es el trabajador que posee conocimientos mecánicos, eléctricos o electrónicos necesarios para el normal mantenimiento de su especialidad.
A22: 8 | B22: MEDIO OFICIAL | C22: =+K22*0.05 -> 30835.357 | D22: =+K22*0.075 -> 46253.035 | E22: =+K22*0.105 -> 64754.249 | F22: =+K22*1.04 -> 641375.42 | G22: =+F22*0.075 -> 48103.157 | H22: =+F22*1.045 -> 670237.31 | I22: =+H22*0.055 -> 36863.052 | K22: 616707.14
B23: Secunda al principal del Sector en tareas complementarias de limpieza, armado, etc. sin conocimientos específicos.
B24: TAREAS DE ORDEN Y LIMPIEZA
A25: 9 | B25: MEDIO OFICIAL | C25: =+K25*0.05 -> 30835.357 | D25: =+K25*0.075 -> 46253.035 | E25: =+K25*0.105 -> 64754.249 | F25: =+K25*1.04 -> 641375.42 | G25: =+F25*0.075 -> 48103.157 | H25: =+F25*1.045 -> 670237.31 | I25: =+H25*0.055 -> 36863.052 | K25: 616707.14
B26: Es aquel trabajador que tiene a su cargo las tareas generales de orden y limpieza.
C28: POR DIA | D28: POR HORA | E28: POR DIA | F28: POR HORA | G28: POR DIA | H28: POR HORA | I28: POR DIA | K28: POR HORA | M28: POR DIA | O28: POR HORA | Q28: POR DIA
C29: ='I (UNO)'!C29 -> 0 | E29: Marzo | G29: Abril | I29: Mayo | M29: Junio | Q29: 45658
C30: N.R. | D30: N.R. | E30: N.R. | F30: N.R. | G30: N.R. | H30: N.R. | I30: BÁSICO | J30: N.R | K30: BÁSICO | L30: N.R | M30: BÁSICO | N30: N.R | O30: BÁSICO | P30: N.R | Q30: BÁSICO
A31: 10 | B31: DIBUJANTE | C31: =+Q31*0.05 -> 1556.0172 | D31: =C31/8 -> 194.50215 | E31: =+Q31*0.075 -> 2334.0259 | F31: =E31/8 -> 291.75323 | G31: =+Q31*0.105 -> 3267.6362 | H31: =G31/8 -> 408.45452 | I31: =+Q31*1.04 -> 32365.158 | J31: =+I31*0.075 -> 2427.3869 | K31: =I31/8 -> 4045.6448 | L31: =J31/8 -> 303.42336 | M31: =+I31*1.045 -> 33821.591 | N31: =+M31*0.055 -> 1860.1875 | O31: =M31/8 -> 4227.6988 | P31: =N31/8 -> 232.52344 | Q31: 31120.345
B32: Es el trabajador que realiza habitualmente las siguientes tareas:
B33: Dibuja, copia, crea dibujos, no calca.
B35: NOTA: LAS ESCALAS SALARIALES AQUÍ PREVISTAS SE INCREMENTARÁN POR APLICACION DE LOS ADICIONALES PARA LA ZONA PATAGONICA DISPUESTOS EN EL ART. Nº 40 DE LA PRESENTE.

Sheet XIV (CATORCE)
A1: ITEM | B1: CATEGORIAS | C1: POR DIA | D1: POR HORA | E1: POR DIA | F1: POR HORA | G1: POR DIA | H1: POR HORA | I1: POR DIA | K1: POR HORA | M1: POR DIA | O1: POR HORA | Q1: POR DIA
C2: ='I (UNO)'!C2 -> Febrero | E2: Marzo | G2: Abril | I2: ='I (UNO)'!F2 -> Mayo | M2: ='I (UNO)'!H2 -> Junio | Q2: 45658
C3: N.R. | D3: N.R. | E3: N.R. | F3: N.R. | G3: N.R. | H3: N.R. | I3: BÁSICO | J3: N.R | K3: BÁSICO | L3: N.R | M3: BÁSICO | N3: N.R | O3: BÁSICO | P3: N.R | Q3: BÁSICO
B4: LENCERIA Y CORSETERIA EN GENERAL - CORPIÑOS - BIKINIS (TRUSAS) BODYS - TOPS - FAJAS - TRAJES DE BAÑO - LIGAS - TIRADORES - CINTURONES - ORTOPEDIA, CUELLOS, CORSET Y SIMILARES - PAÑALES - BOMBACHAS.
A5: 1 | B5: OFICIAL CALIFICADO MULTIPLE | C5: =+Q5*0.05 -> 1396.7651 | D5: =C5/8 -> 174.59564 | E5: =+Q5*0.075 -> 2095.1477 | F5: =E5/8 -> 261.89346 | G5: =+Q5*0.105 -> 2933.2068 | H5: =G5/8 -> 366.65085 | I5: =+Q5*1.04 -> 29052.715 | J5: =+I5*0.075 -> 2178.9536 | K5: =I5/8 -> 3631.5893 | L5: =J5/8 -> 272.3692 | M5: =+I5*1.045 -> 30360.087 | N5: =+M5*0.055 -> 1669.8048 | O5: =M5/8 -> 3795.0108 | P5: =N5/8 -> 208.7256 | Q5: 27935.303
B6: Es el trabajador que mantiene una diaria labor de acuerdo al promedio de trabajo realizado, y tomando como base de promedio la producción efectiva y normal de todos los trabajadores/as así calificados, que se dediquen a su especialidad, de acuerdo a la organización particular de cada empresa, maquinaria, tecnología y exigencias de calidad.
B7: Dicha producción no debe ser inferior al promedio del oficial Calificado y deberá realizar todas las tareas enunciadas en los siguientes incisos y operar indistintamente varias máquinas.
B8: CORSETERIA
B9: a) Armado de laterales.
B10: b) Armado de corpiño completo.
B11: c) Hacer pespunte de ornamentos.
B12: d) Revestimiento de copas.
B13: e) Unir tasas a frente y laterales.
B14: f) Pega puntillas.
B15: g) Elastizado en cualquier parte de la prenda.
B16: LENCERIA
B17: a) Pega: canesú
... B33: Esta categorización se hará de acuerdo a los términos del Art. 22 del presente CCT.
A34: 2 | B34: OFICIAL CALIFICADO | C34: =+Q34*0.05 -> 1324.1995 | D34: =C34/8 -> 165.52494 | E34: =+Q34*0.075 -> 1986.2992 | F34: =E34/8 -> 248.2874 | G34: =+Q34*0.105 -> 2780.8189 | H34: =G34/8 -> 347.60237 | I34: =+Q34*1.04 -> 27543.349 | J34: =+I34*0.075 -> 2065.7512 | K34: =I34/8 -> 3442.9187 | L34: =J34/8 -> 258.2189 | M34: =+I34*1.045 -> 28782.8 | N34: =+M34*0.055 -> 1583.054 | O34: =M34/8 -> 3597.85 | P34: =N34/8 -> 197.88175 | Q34: 26483.99
B35: Es el trabajador que mantiene una diaria labor de acuerdo al promedio de trabajo realizado, tomando como base de promedio la producción efectiva y normal de todos los trabajadores que se dediquen a su especialidad, de acuerdo a la organización, maquinaria , tecnología y exigencias de calidad.
B36: CORSETERIA
B37: a) Armado de laterales.
B38: b) Armado de corpiño completo.
B39: c) Hacer pespunte de ornamentos.
B40: d) Revestimiento de copas.
B41: e) Unir tasas a frente y laterales.
B42: f) Pega puntillas.
B43: g) Elastizado en cualquier parte de la prenda.
B44: LENCERIA
B45: a) Pega: canesú
B46: puntilla
... B69: c) Hace: forrados
A70: 3 | B70: OFICIAL | C70: =+Q70*0.05 -> 1234.5248 | D70: =C70/8 -> 154.3156 | E70: =+Q70*0.075 -> 1851.7873 | F70: =E70/8 -> 231.47341 | G70: =+Q70*0.105 -> 2592.5022 | H70: =G70/8 -> 324.06277 | I70: =+Q70*1.04 -> 25678.117 | J70: =+I70*0.075 -> 1925.8587 | K70: =I70/8 -> 3209.7646 | L70: =J70/8 -> 240.73234 | M70: =+I70*1.045 -> 26833.632 | N70: =+M70*0.055 -> 1475.8497 | O70: =M70/8 -> 3354.204 | P70: =N70/8 -> 184.48122 | Q70: 24690.497
B71: Es el trabajador que mantiene una diaria labor de acuerdo al promedio de trabajo realizado en cada una de las máquinas, tomando como base promedio la producción efectiva y normal de todos lo trabajadores/as así calificados, que se dediquen a su especialidad, de acuerdo a la organización, maquinaria y tecnología de cada empresa.
B72: Deberá realizar como mínimo una de las tareas enunciadas a continuación.
B73: CORSETERIA
B74: a) Armado de laterales.
B75: b) Armado de corpiño completo.
B76: c) Hacer pespunte de ornamentos.
B77: d) Revestimiento de copas.
B78: e) Unir tasas a frente y laterales.
B79: f) Pega puntillas.
B80: g) Elastizado en cualquier parte de la prenda.
B81: h) Pegar botones, poner broches, hacer atraques, hacer ojales en máquina específica.
B82: LENCERIA
... B109: c) Hace: forrados
A110: 4 | B110: MEDIO OFICIAL | C110: =+Q110*0.05 -> 1171.9519 | D110: =C110/8 -> 146.49399 | E110: =+Q110*0.075 -> 1757.9278 | F110: =E110/8 -> 219.74098 | G110: =+Q110*0.105 -> 2461.099 | H110: =G110/8 -> 307.63737 | I110: =+Q110*1.04 -> 24376.6 | J110: =+I110*0.075 -> 1828.245 | K110: =I110/8 -> 3047.0749 | L110: =J110/8 -> 228.53062 | M110: =+I110*1.045 -> 25473.546 | N110: =+M110*0.055 -> 1401.0451 | O110: =M110/8 -> 3184.1933 | P110: =N110/8 -> 175.13063 | Q110: 23439.038
B111: Es el trabajador cuyo rendimiento mínimo es el setenta por ciento (70%) de la producción del Oficial de su especialidad y/o a falta de este último del Oficial calificado.
B112: Deberá realizar como mínimo una de las tareas enunciadas a continuación:
B113: CORSETERIA
B114: a) Armado de laterales.
B115: b) Armado de corpiño completo.
B116: c) Hacer pespunte de ornamentos.
B117: d) Revestimiento de copas.
B118: e) Unir tasas a frente y laterales.
B119: f) Pega puntillas.
B120: g) Elastizado en cualquier parte de la prenda.
B121: h) Pega botones, pone broches, hace atraques, hace ojales en máquina específica.
B122: LENCERIA
... B152: TRABAJOS DE MANO, DE MESA, DE PREPARACION Y TERMINACION.
A153: 5 | B153: OFICIAL | C153: =+Q153*0.05 -> 1234.5248 | D153: =C153/8 -> 154.3156 | E153: =+Q153*0.075 -> 1851.7873 | F153: =E153/8 -> 231.47341 | G153: =+Q153*0.105 -> 2592.5022 | H153: =G153/8 -> 324.06277 | I153: =+Q153*1.04 -> 25678.117 | J153: =+I153*0.075 -> 1925.8587 | K153: =I153/8 -> 3209.7646 | L153: =J153/8 -> 240.73234 | M153: =+I153*1.045 -> 26833.632 | N153: =+M153*0.055 -> 1475.8497 | O153: =M153/8 -> 3354.204 | P153: =N153/8 -> 184.48122 | Q153: 24690.497
B154: Es el trabajador que mantiene una diaria labor de acuerdo al promedio de trabajo realizado, tomando como base promedio la producción efectiva y normal de todos los trabajadores/as así calificados, que se dediquen a su especialidad, de acuerdo a la organización, y tecnología de cada empresa.
B155: Deberá realizar como mínimo, por lo menos una de las tareas enunciadas a continuación:
B156: Emballenar.
B157: Preparar breteles y elásticos.
B158: Pasar correderas.
B159: Pasar anillos.
B160: Coser adornos, etiquetas y apliques.
B161: Limpieza y corte de los hilos.
B162: Doblado y empaque de prendas.
B163: Repartidores de trabajo.
B164: Planchado.
B165: Revisado en proceso de producción.
A166: 6 | B166: MEDIO OFICIAL | C166: =+Q166*0.05 -> 1171.9519 | D166: =C166/8 -> 146.49399 | E166: =+Q166*0.075 -> 1757.9278 | F166: =E166/8 -> 219.74098 | G166: =+Q166*0.105 -> 2461.099 | H166: =G166/8 -> 307.63737 | I166: =+Q166*1.04 -> 24376.6 | J166: =+I166*0.075 -> 1828.245 | K166: =I166/8 -> 3047.0749 | L166: =J166/8 -> 228.53062 | M166: =+I166*1.045 -> 25473.546 | N166: =+M166*0.055 -> 1401.0451 | O166: =M166/8 -> 3184.1933 | P166: =N166/8 -> 175.13063 | Q166: 23439.038
B167: Es el trabajador cuyo rendimiento mínimo es el setenta por ciento (70%) de la producción del oficial de su especialidad y/o a falta de este último del Oficial calificado.
B168: Deberá realizar como mínimo una de las tareas enunciadas a continuación:
B169: Emballenar.
B170: Preparar breteles y elásticos.
B171: Pasar correderas.
B172: Pasar anillos.
B173: Coser adornos, etiquetas y apliques.
B174: Limpieza y corte de los hilos.
B175: Doblado y empaque de prendas.
B176: Repartidores de trabajo.
B177: Planchado.
B178: Revisado en proceso de producción.
B179: CONTROL DE CALIDAD
A180: 7 | B180: OFICIAL CALIFICADO | C180: =+Q180*0.05 -> 1324.1995 | D180: =C180/8 -> 165.52494 | E180: =+Q180*0.075 -> 1986.2992 | F180: =E180/8 -> 248.2874 | G180: =+Q180*0.105 -> 2780.8189 | H180: =G180/8 -> 347.60237 | I180: =+Q180*1.04 -> 27543.349 | J180: =+I180*0.075 -> 2065.7512 | K180: =I180/8 -> 3442.9187 | L180: =J180/8 -> 258.2189 | M180: =+I180*1.045 -> 28782.8 | N180: =+M180*0.055 -> 1583.054 | O180: =M180/8 -> 3597.85 | P180: =N180/8 -> 197.88175 | Q180: 26483.99
B181: Es el trabajador/a que revisa y controla la confección de la prenda terminada para determinar los defectos técnicos que la misma pudiera tener.
A182: 8 | B182: OFICIAL | C182: =+Q182*0.05 -> 1234.5248 | D182: =C182/8 -> 154.3156 | E182: =+Q182*0.075 -> 1851.7873 | F182: =E182/8 -> 231.47341 | G182: =+Q182*0.105 -> 2592.5022 | H182: =G182/8 -> 324.06277 | I182: =+Q182*1.04 -> 25678.117 | J182: =+I182*0.075 -> 1925.8587 | K182: =I182/8 -> 3209.7646 | L182: =J182/8 -> 240.73234 | M182: =+I182*1.045 -> 26833.632 | N182: =+M182*0.055 -> 1475.8497 | O182: =M182/8 -> 3354.204 | P182: =N182/8 -> 184.48122 | Q182: 24690.497
B183: Es el trabajador/a que revisa y controla la confección de la prenda en el proceso de producción para determinar los defectos técnicos que la misma pudiera tener.
B184: TRABAJO A MEDIDA EN CORPIÑOS, ORTOPEDIA, FAJAS Y CORSETERIA EN FAJAS Y CORSETERIA EN GENERAL (Minoristas).
B185: FAJAS Y CORSETERIA EN GENERAL
A186: 9 | B186: OFICIAL CALIFICADO | C186: =+Q186*0.05 -> 1324.1995 | D186: =C186/8 -> 165.52494 | E186: =+Q186*0.075 -> 1986.2992 | F186: =E186/8 -> 248.2874 | G186: =+Q186*0.105 -> 2780.8189 | H186: =G186/8 -> 347.60237 | I186: =+Q186*1.04 -> 27543.349 | J186: =+I186*0.075 -> 2065.7512 | K186: =I186/8 -> 3442.9187 | L186: =J186/8 -> 258.2189 | M186: =+I186*1.045 -> 28782.8 | N186: =+M186*0.055 -> 1583.054 | O186: =M186/8 -> 3597.85 | P186: =N186/8 -> 197.88175 | Q186: 26483.99
A187: 10 | B187: OFICIAL | C187: =+Q187*0.05 -> 1234.5248 | D187: =C187/8 -> 154.3156 | E187: =+Q187*0.075 -> 1851.7873 | F187: =E187/8 -> 231.47341 | G187: =+Q187*0.105 -> 2592.5022 | H187: =G187/8 -> 324.06277 | I187: =+Q187*1.04 -> 25678.117 | J187: =+I187*0.075 -> 1925.8587 | K187: =I187/8 -> 3209.7646 | L187: =J187/8 -> 240.73234 | M187: =+I187*1.045 -> 26833.632 | N187: =+M187*0.055 -> 1475.8497 | O187: =M187/8 -> 3354.204 | P187: =N187/8 -> 184.48122 | Q187: 24690.497
B188: Abanicar y/o armar la faja para probar.
B189: Ballenar.
B190: Rectifica la faja después de probada.
B191: Termina toda la operación de máquina.
A192: 11 | B192: MEDIO OFICIAL | C192: =+Q192*0.05 -> 1171.9519 | D192: =C192/8 -> 146.49399 | E192: =+Q192*0.075 -> 1757.9278 | F192: =E192/8 -> 219.74098 | G192: =+Q192*0.105 -> 2461.099 | H192: =G192/8 -> 307.63737 | I192: =+Q192*1.04 -> 24376.6 | J192: =+I192*0.075 -> 1828.245 | K192: =I192/8 -> 3047.0749 | L192: =J192/8 -> 228.53062 | M192: =+I192*1.045 -> 25473.546 | N192: =+M192*0.055 -> 1401.0451 | O192: =M192/8 -> 3184.1933 | P192: =N192/8 -> 175.13063 | Q192: 23439.038
...

Sheet XV (QUINCE)
A1: ITEM | B1: CATEGORIAS | C1: POR DIA | D1: POR HORA | E1: POR DIA | F1: POR HORA | G1: POR DIA | H1: POR HORA | I1: POR DIA | K1: POR HORA | M1: POR DIA | O1: POR HORA | Q1: POR DIA
C2: ='I (UNO)'!C2 -> Febrero | E2: Marzo | G2: Abril | I2: ='I (UNO)'!F2 -> Mayo | M2: ='I (UNO)'!H2 -> Junio | Q2: 45658
C3: N.R. | D3: N.R. | E3: N.R. | F3: N.R. | G3: N.R. | H3: N.R. | I3: BÁSICO | J3: N.R | K3: BÁSICO | L3: N.R | M3: BÁSICO | N3: N.R | O3: BÁSICO | P3: N.R | Q3: BÁSICO
B4: BORDADOS EN GENERAL, ESTAMPADOS EN GENERAL
B5: (Para todos los capítulos)
A6: 1 | B6: OFICIAL BORDADOR/A CALIFICADO EN MAQUINAS AUTOMATICAS (computarizada) | C6: =+Q6*0.05 -> 1499.64 | D6: =C6/8 -> 187.455 | E6: =+Q6*0.075 -> 2249.4601 | F6: =E6/8 -> 281.18251 | G6: =+Q6*0.105 -> 3149.2441 | H6: =G6/8 -> 393.65551 | I6: =+Q6*1.04 -> 31192.513 | J6: =+I6*0.075 -> 2339.4385 | K6: =I6/8 -> 3899.0641 | L6: =J6/8 -> 292.42981 | M6: =+I6*1.045 -> 32596.176 | N6: =+M6*0.055 -> 1792.7897 | O6: =M6/8 -> 4074.522 | P6: =N6/8 -> 224.09871 | Q6: 29992.801
B7: Es el trabajador que deberá conocer y realizar habitualmente las tareas enunciadas a continuación:
B8: Limpieza de la máquina.
B9: Programación de agujas.
B10: Armado de bastidores de 1 a 24 cabezales.
A11: 2 | B11: OFICIAL BORDADOR/A CALIFICADO EN MAQUINAS SEMIAUTOMATICAS | C11: =+Q11*0.05 -> 1448.5467 | D11: =C11/8 -> 181.06834 | E11: =+Q11*0.075 -> 2172.8201 | F11: =E11/8 -> 271.60251 | G11: =+Q11*0.105 -> 3041.9481 | H11: =G11/8 -> 380.24351 | I11: =+Q11*1.04 -> 30129.772 | J11: =+I11*0.075 -> 2259.7329 | K11: =I11/8 -> 3766.2214 | L11: =J11/8 -> 282.46661 | M11: =+I11*1.045 -> 31485.611 | N11: =+M11*0.055 -> 1731.7086 | O11: =M11/8 -> 3935.7014 | P11: =N11/8 -> 216.46358 | Q11: 28970.934
B12: Es el trabajador que deberá conocer y realizar habitualmente las tareas enunciadas a continuación:
B13: Armado de bastidores de 1 o más cabezales.
B14: Limpieza de la máquina.
A15: 3 | B15: OFICIAL BORDADOR/A CALIFICADO EN MAQUINAS MANUALES (festón, overlock) | C15: =+Q15*0.05 -> 1397.5831 | D15: =C15/8 -> 174.69789 | E15: =+Q15*0.075 -> 2096.3747 | F15: =E15/8 -> 262.04683 | G15: =+Q15*0.105 -> 2934.9245 | H15: =G15/8 -> 366.86557 | I15: =+Q15*1.04 -> 29069.729 | J15: =+I15*0.075 -> 2180.2297 | K15: =I15/8 -> 3633.7161 | L15: =J15/8 -> 272.52871 | M15: =+I15*1.045 -> 30377.867 | N15: =+M15*0.055 -> 1670.7827 | O15: =M15/8 -> 3797.2333 | P15: =N15/8 -> 208.84783 | Q15: 27951.662
B16: Es el trabajador que deberá conocer y realizar habitualmente las tareas enunciadas a continuación:
B17: 1 cabezal.
B18: Armado de bastidores.
B19: Limpieza de la máquina.
B20: Arreglo de bordados.
A21: 4 | B21: OFICIAL BORDADOR/A CALIFICADO A MANO | C21: =+Q21*0.05 -> 1556.0186 | D21: =C21/8 -> 194.50233 | E21: =+Q21*0.075 -> 2334.028 | F21: =E21/8 -> 291.7535 | G21: =+Q21*0.105 -> 3267.6392 | H21: =G21/8 -> 408.45489 | I21: =+Q21*1.04 -> 32365.188 | J21: =+I21*0.075 -> 2427.3891 | K21: =I21/8 -> 4045.6485 | L21: =J21/8 -> 303.42364 | M21: =+I21*1.045 -> 33821.621 | N21: =+M21*0.055 -> 1860.1892 | O21: =M21/8 -> 4227.7027 | P21: =N21/8 -> 232.52365 | Q21: 31120.373
B22: Es el trabajador que deberá conocer y realizar habitualmente las tareas enunciadas a continuación:
B23: Armado de bastidores.
B24: Arreglo de bordados.
B25: Bordado sin bastidores.
A26: 5 | B26: OFICIAL BORDADOR/A CALIFICADO A MAQUINAS MECANICAS (jackard) | C26: =+Q26*0.05 -> 1448.5467 | D26: =C26/8 -> 181.06834 | E26: =+Q26*0.075 -> 2172.8201 | F26: =E26/8 -> 271.60251 | G26: =+Q26*0.105 -> 3041.9481 | H26: =G26/8 -> 380.24351 | I26: =+Q26*1.04 -> 30129.772 | J26: =+I26*0.075 -> 2259.7329 | K26: =I26/8 -> 3766.2214 | L26: =J26/8 -> 282.46661 | M26: =+I26*1.045 -> 31485.611 | N26: =+M26*0.055 -> 1731.7086 | O26: =M26/8 -> 3935.7014 | P26: =N26/8 -> 216.46358 | Q26: 28970.934
B27: Es el trabajador que deberá conocer y realizar habitualmente las tareas enunciadas a continuación:
B28: Armado de bastidores.
B29: Arreglo de bordados.
B30: Conocimientos generales del bordado.
B31: DISPOSICIONES GENERALES PARA ESTE CAPITULO
A32: 6 | B32: Los Bordadores que tengan a su cargo la orientación por ciento (30%) de su tiempo laboral, percibirán un adicional de un veinte por ciento (20%) más de su respectivo salario básico.
A33: 7 | B33: Los trabajadores que operen Máquinas Automáticas de más de tres (3) bastidores, percibirán un veinte por ciento (20%) más sobre su respectivo salario básico.
A34: 8 | B34: El trabajador que atienda más de una Máquina Automática y no tenga Ayudante, percibirá un cincuenta por ciento (50%) más sobre su respectivo salario básico.
A35: 9 | B35: Los trabajadores que realicen bordados a mano en prendas que se encuentran comprendidas en el capitulo II, percibirán un adicional del 13% sobre su respectivo salario básico.
A36: 10 | B36: Los trabajadores que realicen bordados a máquina manuales en prendas que se encuentran comprendidas en el capitulo II, percibirían un adicional del 22% sobre su respectivo salario básico.
A37: 11 | B37: Los trabajadores que colaboren en las tareas generales del sector de bordados, serán calificados como Ayudantes y percibirían un salario básico diario de: | C37: =+Q37*0.05 -> 1194.8007 | D37: =C37/8 -> 149.35009 | E37: =+Q37*0.075 -> 1792.2011 | F37: =E37/8 -> 224.02514 | G37: =+Q37*0.105 -> 2509.0815 | H37: =G37/8 -> 313.63519 | I37: =+Q37*1.04 -> 24851.855 | J37: =+I37*0.075 -> 1863.8891 | K37: =I37/8 -> 3106.4819 | L37: =J37/8 -> 232.98614 | M37: =+I37*1.045 -> 25970.189 | N37: =+M37*0.055 -> 1428.3604 | O37: =M37/8 -> 3246.2736 | P37: =N37/8 -> 178.54505 | Q37: 23896.015
A38: 12 | B38: Los trabajadores que operen máquinas bordadoras de una aguja, 1 solo hilo, que realizan monogramas, percibirán un salario básico diario de: | C38: =+Q38*0.05 -> 1244.5175 | D38: =C38/8 -> 155.56469 | E38: =+Q38*0.075 -> 1866.7763 | F38: =E38/8 -> 233.34704 | G38: =+Q38*0.105 -> 2613.4868 | H38: =G38/8 -> 326.68585 | I38: =+Q38*1.04 -> 25885.965 | J38: =+I38*0.075 -> 1941.4474 | K38: =I38/8 -> 3235.7456 | L38: =J38/8 -> 242.68092 | M38: =+I38*1.045 -> 27050.833 | N38: =+M38*0.055 -> 1487.7958 | O38: =M38/8 -> 3381.3541 | P38: =N38/8 -> 185.97448 | Q38: 24890.351
B39: TAREAS DE ESTAMPADO EN GENERAL
A40: 13 | B40: OFICIAL ESTAMPADOR CALIFICADO | C40: =+Q40*0.05 -> 1448.5467 | D40: =C40/8 -> 181.06834 | E40: =+Q40*0.075 -> 2172.8201 | F40: =E40/8 -> 271.60251 | G40: =+Q40*0.105 -> 3041.9481 | H40: =G40/8 -> 380.24351 | I40: =+Q40*1.04 -> 30129.772 | J40: =+I40*0.075 -> 2259.7329 | K40: =I40/8 -> 3766.2214 | L40: =J40/8 -> 282.46661 | M40: =+I40*1.045 -> 31485.611 | N40: =+M40*0.055 -> 1731.7086 | O40: =M40/8 -> 3935.7014 | P40: =N40/8 -> 216.46358 | Q40: 28970.934
B41: Es el trabajador que deberá conocer habitualmente cualquiera de las siguientes tareas:
B42: Saca rapor o centro del motivo a estampar, prepara variantes y mezcla de colores; afila espátulas y sabe cual es la que sirve para cada tipo de tela a estampar.
A43: 14 | B43: COLORISTA | C43: =+Q43*0.05 -> 1315.817 | D43: =C43/8 -> 164.47713 | E43: =+Q43*0.075 -> 1973.7256 | F43: =E43/8 -> 246.7157 | G43: =+Q43*0.105 -> 2763.2158 | H43: =G43/8 -> 345.40197 | I43: =+Q43*1.04 -> 27368.995 | J43: =+I43*0.075 -> 2052.6746 | K43: =I43/8 -> 3421.1243 | L43: =J43/8 -> 256.58432 | M43: =+I43*1.045 -> 28600.599 | N43: =+M43*0.055 -> 1573.033 | O43: =M43/8 -> 3575.0749 | P43: =N43/8 -> 196.62912 | Q43: 26316.341
B44: Es el trabajador que deberá conocer habitualmente cualquiera de las siguientes tareas:
B45: Prepara colores en todas las mezclas y componentes para cada tipo de tela.
A46: 15 | B46: SCHABLONERO | C46: =+Q46*0.05 -> 1392.1823 | D46: =C46/8 -> 174.02278 | E46: =+Q46*0.075 -> 2088.2734 | F46: =E46/8 -> 261.03417 | G46: =+Q46*0.105 -> 2923.5828 | H46: =G46/8 -> 365.44784 | I46: =+Q46*1.04 -> 28957.391 | J46: =+I46*0.075 -> 2171.8043 | K46: =I46/8 -> 3619.6739 | L46: =J46/8 -> 271.47554 | M46: =+I46*1.045 -> 30260.474 | N46: =+M46*0.055 -> 1664.3261 | O46: =M46/8 -> 3782.5592 | P46: =N46/8 -> 208.04076 | Q46: 27843.645
B47: Es el trabajador que deberá conocer habitualmente cualquiera de las siguientes tareas:
B48: Arma schablones, estira las sedas o tela a mano o a máquina, graba y debe saber los tipos de emulsionar y componentes a utilizar, conoce las medidas de mallas para cada tipo de tela a estampar.
A49: 16 | B49: OFICIAL ESTAMPADOR A SCHABLON | C49: =+Q49*0.05 -> 1231.4277 | D49: =C49/8 -> 153.92846 | E49: =+Q49*0.075 -> 1847.1415 | F49: =E49/8 -> 230.89269 | G49: =+Q49*0.105 -> 2585.9981 | H49: =G49/8 -> 323.24976 | I49: =+Q49*1.04 -> 25613.696 | J49: =+I49*0.075 -> 1921.0272 | K49: =I49/8 -> 3201.7119 | L49: =J49/8 -> 240.1284 | M49: =+I49*1.045 -> 26766.312 | N49: =+M49*0.055 -> 1472.1472 | O49: =M49/8 -> 3345.789 | P49: =N49/8 -> 184.01839 | Q49: 24628.553
B50: Es el trabajador que deberá conocer habitualmente cualquiera de las siguientes tareas:
B51: Estampa, levanta la tela, pega y saca el trabajo parejo y estampa el fino.
A52: 17 | B52: AYUDANTE | C52: =+Q52*0.05 -> 1169.8718 | D52: =C52/8 -> 146.23398 | E52: =+Q52*0.075 -> 1754.8077 | F52: =E52/8 -> 219.35096 | G52: =+Q52*0.105 -> 2456.7308 | H52: =G52/8 -> 307.09135 | I52: =+Q52*1.04 -> 24333.333 | J52: =+I52*0.075 -> 1825 | K52: =I52/8 -> 3041.6667 | L52: =J52/8 -> 228.125 | M52: =+I52*1.045 -> 25428.333 | N52: =+M52*0.055 -> 1398.5583 | O52: =M52/8 -> 3178.5417 | P52: =N52/8 -> 174.81979 | Q52: 23397.436
B53: Es el trabajador que deberá conocer habitualmente cualquiera de las siguientes tareas:
B54: Lava cuadras y ayuda al Oficial estampador cuando este lo necesita.
B56: NOTA: LAS ESCALAS SALARIALES AQUÍ PREVISTAS SE INCREMENTARÁN POR APLICACION DE LOS ADICIONALES PARA LA ZONA PATAGONICA DISPUESTOS EN EL ART. Nº 40 DE LA PRESENTE.

Sheet XVI (DIECISEIS)
A1: ITEM | B1: CATEGORIAS | C1: POR DIA | D1: POR HORA | E1: POR DIA | F1: POR HORA | G1: POR DIA | H1: POR HORA | I1: POR DIA | K1: POR HORA | M1: POR DIA | O1: POR HORA | Q1: POR DIA
C2: ='I (UNO)'!C2 -> Febrero | E2: Marzo | G2: Abril | I2: ='I (UNO)'!F2 -> Mayo | M2: ='I (UNO)'!H2 -> Junio | Q2: 45658
C3: N.R. | D3: N.R. | E3: N.R. | F3: N.R. | G3: N.R. | H3: N.R. | I3: BÁSICO | J3: N.R | K3: BÁSICO | L3: N.R | M3: BÁSICO | N3: N.R | O3: BÁSICO | P3: N.R | Q3: BÁSICO
B4: AVÍOS INTERIORES PARA PRENDAS DE VESTIR.
B5: TALLERES DE CONFECCION Y DE MEDIDA DE AVÍOS INTERIORES PARA PRENDAS DE VESTIR EN GENERAL, CUALQUIERA FUERE EL MATERIAL EMPLEADO EN SU CONFECCION Y/O ELABORACIÓN.
A6: 1 | B6: OFICIAL CALIFICADO MULTIPLE | C6: =+Q6*0.05 -> 1396.8542 | D6: =C6/8 -> 174.60677 | E6: =+Q6*0.075 -> 2095.2813 | F6: =E6/8 -> 261.91016 | G6: =+Q6*0.105 -> 2933.3938 | H6: =G6/8 -> 366.67422 | I6: =+Q6*1.04 -> 29054.567 | J6: =+I6*0.075 -> 2179.0925 | K6: =I6/8 -> 3631.8209 | L6: =J6/8 -> 272.38657 | M6: =+I6*1.045 -> 30362.023 | N6: =+M6*0.055 -> 1669.9112 | O6: =M6/8 -> 3795.2528 | P6: =N6/8 -> 208.7389 | Q6: 27937.084
B7: Es el trabajador/a que mantiene una diaria labor de acuerdo al promedio del trabajo realizado, y tomando como base de promedio la producción efectiva y normal de todos los trabajadores/as así calificados, que se dediquen a su especialidad, de acuerdo a la organización particular de cada Casa, maquinaria y tecnología.
B8: Dicha producción no debe ser inferior al promedio del Oficial Calificado y deberá realizar todas las tareas de todos los procesos enunciadas en los siguientes incisos conforme a calidad normal y habitual registradas en la empresa
B9: a) Todas las operaciones que comprenden el proceso de producción de hombreras para prendas de vestir según Anexo A1, A2 y A3
B10: b) Todas las operaciones que comprenden el proceso de producción de cabezas de mangas para prendas de vestir según Anexo B1, B2 y B3
B11: c) Todas las operaciones que comprenden el proceso de producción de piezas de pecho para prendas de vestir según Anexo C1, C2 y C3
A12: 2 | B12: OFICIAL CALIFICADO | C12: =+Q12*0.05 -> 1324.4208 | D12: =C12/8 -> 165.5526 | E12: =+Q12*0.075 -> 1986.6312 | F12: =E12/8 -> 248.3289 | G12: =+Q12*0.105 -> 2781.2837 | H12: =G12/8 -> 347.66047 | I12: =+Q12*1.04 -> 27547.953 | J12: =+I12*0.075 -> 2066.0965 | K12: =I12/8 -> 3443.4941 | L12: =J12/8 -> 258.26206 | M12: =+I12*1.045 -> 28787.611 | N12: =+M12*0.055 -> 1583.3186 | O12: =M12/8 -> 3598.4514 | P12: =N12/8 -> 197.91483 | Q12: 26488.416
B13: Es el trabajador/a que mantiene una diaria labor de acuerdo al promedio del trabajo realizado, y tomando como base de promedio la producción efectiva y normal de todos los trabajadores/as así calificados, que se dediquen a su especialidad, de acuerdo a la organización particular de cada Casa, maquinaria y tecnología.
B14: Dicha producción no debe ser inferior al promedio del Oficial y deberá realizar como mínimo todas las tareas de dos de los procesos enunciadas en los siguientes incisos conforme a calidad normal y habitual registradas en la empresa.
B15: a) Todas las operaciones que comprenden el proceso de producción de hombreras para prendas de vestir según Anexo A1, A2 y A3
B16: b) Todas las operaciones que comprenden el proceso de producción de cabezas de mangas para prendas de vestir según Anexo B1, B2 y B3
B17: c) Todas las operaciones que comprenden el proceso de producción de piezas de pecho para prendas de vestir según Anexo C1, C2 y C3
A18: 3 | B18: OFICIAL | C18: =+Q18*0.05 -> 1234.5248 | D18: =C18/8 -> 154.3156 | E18: =+Q18*0.075 -> 1851.7873 | F18: =E18/8 -> 231.47341 | G18: =+Q18*0.105 -> 2592.5022 | H18: =G18/8 -> 324.06277 | I18: =+Q18*1.04 -> 25678.117 | J18: =+I18*0.075 -> 1925.8587 | K18: =I18/8 -> 3209.7646 | L18: =J18/8 -> 240.73234 | M18: =+I18*1.045 -> 26833.632 | N18: =+M18*0.055 -> 1475.8497 | O18: =M18/8 -> 3354.204 | P18: =N18/8 -> 184.48122 | Q18: 24690.497
B19: Es el trabajador/a que mantiene una diaria labor de acuerdo al promedio del trabajo realizado, y tomando como base de promedio la producción efectiva y normal de todos los trabajadores/as así calificados, que se dediquen a su especialidad, de acuerdo a la organización particular de cada Casa, maquinaria y tecnología.
B20: Deberá realizar como mínimo todas las tareas de preparación de los tres productos (según anexos A1 y B1 y C1) y además deberá hacer todas las tareas de costura y terminación de uno de los tres productos (según anexos A2 y A3, ó B2 y B3, ó C2 y C3) conforme a calidad normal y habitual registradas en la empresa.
A21: 4 | B21: SEGUNDO OFICIAL | C21: =+Q21*0.05 -> 1201.0006 | D21: =C21/8 -> 150.12507 | E21: =+Q21*0.075 -> 1801.5009 | F21: =E21/8 -> 225.18761 | G21: =+Q21*0.105 -> 2522.1012 | H21: =G21/8 -> 315.26265 | I21: =+Q21*1.04 -> 24980.812 | J21: =+I21*0.075 -> 1873.5609 | K21: =I21/8 -> 3122.6015 | L21: =J21/8 -> 234.19511 | M21: =+I21*1.045 -> 26104.949 | N21: =+M21*0.055 -> 1435.7722 | O21: =M21/8 -> 3263.1186 | P21: =N21/8 -> 179.47152 | Q21: 24020.012
B22: Es el trabajador/a que mantiene una diaria labor de acuerdo al promedio del trabajo realizado, y tomando como base de promedio la producción efectiva y normal de todos los trabajadores/as así calificados, que se dediquen a su especialidad, de acuerdo a la organización particular de cada Casa, maquinaria y tecnología.
B23: Deberá realizar como mínimo todas las tareas de preparación de los tres productos (según anexos A1 y B1 y C1) y además deberá hacer todas las tareas de terminación de uno de los tres productos (según anexos A3, B3 ó C3) conforme a calidad normal y habitual registradas en la empresa.
A24: 5 | B24: MEDIO OFICIAL | C24: =+Q24*0.05 -> 1172.0243 | D24: =C24/8 -> 146.50304 | E24: =+Q24*0.075 -> 1758.0365 | F24: =E24/8 -> 219.75456 | G24: =+Q24*0.105 -> 2461.251 | H24: =G24/8 -> 307.65638 | I24: =+Q24*1.04 -> 24378.105 | J24: =+I24*0.075 -> 1828.3579 | K24: =I24/8 -> 3047.2632 | L24: =J24/8 -> 228.54474 | M24: =+I24*1.045 -> 25475.12 | N24: =+M24*0.055 -> 1401.1316 | O24: =M24/8 -> 3184.39 | P24: =N24/8 -> 175.14145 | Q24: 23440.486
B25: Es el trabajador/a que mantiene una diaria labor de acuerdo al promedio del trabajo realizado, y tomando como base de promedio la producción efectiva y normal de todos los trabajadores/as así calificados, que se dediquen a su especialidad, de acuerdo a la organización particular de cada Casa, maquinaria y tecnología.
B26: Deberá realizar como mínimo todas las tareas de preparación de los tres productos (según anexos A1 y B1 y C1).
A27: 6 | B27: AUXILIAR PREPARADOR | C27: =+Q27*0.05 -> 1117.8509 | D27: =C27/8 -> 139.73136 | E27: =+Q27*0.075 -> 1676.7763 | F27: =E27/8 -> 209.59704 | G27: =+Q27*0.105 -> 2347.4868 | H27: =G27/8 -> 293.43585 | I27: =+Q27*1.04 -> 23251.298 | J27: =+I27*0.075 -> 1743.8473 | K27: =I27/8 -> 2906.4122 | L27: =J27/8 -> 217.98092 | M27: =+I27*1.045 -> 24297.606 | N27: =+M27*0.055 -> 1336.3683 | O27: =M27/8 -> 3037.2008 | P27: =N27/8 -> 167.04604 | Q27: 22357.017
B28: Es el trabajador que realiza las mismas tareas que el medio oficial y cuyo rendimiento mínimo es el setenta por ciento (70%) de la producción del mismo.
B29: ANEXO
A30: 7 | B30: OPERACIONES QUE COMPRENDEN LA PRODUCCIÓN DE HOMBRERAS
B31: Preparación
B32: - Preparación de rellenos de hombreras
B33: - Preparación de telas y prensado.
B34: - Colocación de adhesivo a las piezas de tela.
B35: - Costuras previas sobre las piezas de tela.
B36: - Apilado de componentes.
B37: - Unión mediante compactado de componentes.
B38: Costura
B39: - Costura de ensamble.
B40: Terminación
B41: - Separación en mitades.
B42: - Revisión, emprolijamiento y empaque.
A43: 8 | B43: OPERACIONES QUE COMPRENDEN LA PRODUCCIÓN DE CABEZAS DE MANGA
B44: Preparación
B45: - Preparación de telas y prensado.
B46: - Costuras previas sobre las piezas de tela.
B47: - Apilado de componentes.
B48: - Unión mediante compactado de componentes.
B49: Costura
B50: - Costura de ensamble.
B51: Terminación
B52: - Revisión, emprolijamiento y empaque.
A53: 9 | B53: OPERACIONES QUE COMPRENDEN LA PRODUCCIÓN DE PIEZAS DE PECHO
B54: Preparación
B55: - Preparación de telas y prensado.
B56: - Apilado de componentes.
B57: - Unión mediante compactado de componentes.
B58: - Costuras previas sobre las piezas de tela.
B59: - Colocación de adhesivo a las piezas de tela y sellado identificatorio.
B60: Costura
B61: - Costura de ensamble.
B62: Terminación
B63: - Revisión, emprolijamiento y empaque.
B65: NOTA: LAS ESCALAS SALARIALES AQUÍ PREVISTAS SE INCREMENTARÁN POR APLICACION DE LOS ADICIONALES PARA LA ZONA PATAGONICA DISPUESTOS EN EL ART. Nº 40 DE LA PRESENTE.

Sheet XVII (DIECISIETE)
A1: ITEM | B1: CATEGORIAS | C1: POR DIA | D1: POR HORA | E1: POR DIA | F1: POR HORA | G1: POR DIA | H1: POR HORA | I1: POR DIA | K1: POR HORA | M1: POR DIA | O1: POR HORA | R1: POR DIA
C2: ='I (UNO)'!C2 -> Febrero | E2: Marzo | G2: Abril | I2: ='I (UNO)'!F2 -> Mayo | M2: ='I (UNO)'!H2 -> Junio | R2: 45658
C3: N.R. | D3: N.R. | E3: N.R. | F3: N.R. | G3: N.R. | H3: N.R. | I3: BÁSICO | J3: N.R | K3: BÁSICO | L3: N.R | M3: BÁSICO | N3: N.R | O3: BÁSICO | P3: N.R | R3: BÁSICO
B4: ROPA DE TEJIDO DE PUNTO
B5: CHOMBAS, REMERAS, BUZOS, SHORTS, JOGGINGS, CALZAS DE TODO TIPO, FUSSEAU, BERMUDAS, POLERAS. ( PARA AMBOS SEXOS)
B6: A) PRODUCCIÓN ASISTIDA.
B7: MEDIANTE UTILIZACIÓN CONTINUA Y SISTEMÁTICA DE MÁQUINAS Y EQUIPOS.
A8: 1 | B8: OFICIAL DE COSTURA CALIFICADO MÚLTIPLE "A" | C8: =+R8*0.05 -> 1459.513 | D8: =C8/8 -> 182.43912 | E8: =+R8*0.075 -> 2189.2695 | F8: =E8/8 -> 273.65868 | G8: =+R8*0.105 -> 3064.9773 | H8: =G8/8 -> 383.12216 | I8: =+R8*1.04 -> 30357.87 | J8: =+I8*0.075 -> 2276.8402 | K8: =I8/8 -> 3794.7337 | L8: =J8/8 -> 284.60503 | M8: =+I8*1.045 -> 31723.974 | N8: =+M8*0.055 -> 1744.8186 | O8: =M8/8 -> 3965.4968 | P8: =N8/8 -> 218.10232 | R8: 29190.26
B9: Es el trabajador que realiza, o está en condiciones de realizar, todas las tareas productivas relativas a la confección de indumentaria en telas de punto, de acuerdo a la organización de cada Empresa(*), manejando todo tipo de máquinas, dispositivos, accesorios, etc., con un óptimo nivel de calidad, alcanzando de manera regular los niveles de producción establecidos.-
B10: Entre otras máquinas maneja, de la manera descripta, Overlocks de todo tipo, Rectas de una, dos o múltiples agujas, Envivadoras, Ojaladoras, Botonadoras, Collaretas, Tapacosturas, Cintureras, Pegaelásticos, Atracadoras, Ametralladoras, Pasaelásticos, Bordadoras simples, Zigzag, etc., además de las específicas para la producción de cada Empresa(*)
B11: Entre otras tareas, arma todo tipo de prendas, hace pespuntes, envivados, coloca apliques, pega o pasa elásticos, hace bolsillos de todo tipo, pega cierres de cremallera, hace vistas y/o carteras para camisas, blusas o chombas, etc.; arma y pega cuellos, realiza costuras y/o ruedos con overlock, tanto con costura invisible como abierta, ruedos con recta o tapa costura, etc., además de las tareas específicas de la producción de cada Empresa(*)
B12: (*) A los efectos de considerar la totalidadde las máquinas debe tenerse en cuenta las de cada establecimiento.
A13: 2 | B13: OFICIAL DE COSTURA CALIFICADO MÚLTIPLE "B" | C13: =+R13*0.05 -> 1402.1164 | D13: =C13/8 -> 175.26455 | E13: =+R13*0.075 -> 2103.1746 | F13: =E13/8 -> 262.89683 | G13: =+R13*0.105 -> 2944.4444 | H13: =G13/8 -> 368.05556 | I13: =+R13*1.04 -> 29164.021 | J13: =+I13*0.075 -> 2187.3016 | K13: =I13/8 -> 3645.5026 | L13: =J13/8 -> 273.4127 | M13: =+I13*1.045 -> 30476.402 | N13: =+M13*0.055 -> 1676.2021 | O13: =M13/8 -> 3809.5503 | P13: =N13/8 -> 209.52526 | R13: 28042.328
B14: Es el trabajador que realiza, o está en condiciones de realizar, todas las tareas productivas mencionadas en el punto anterior, manejando igualmente todo tipo de máquinas del establecimiento donde realiza sus labores, dispositivos, accesorios, etc., con un óptimo nivel de calidad, alcanzando de manera regular, niveles de producción no inferiores al 95% del OFICIAL PRODUCTIVO CALIFICADO MÚLTIPLE “A”.-
A15: 3 | B15: OFICIAL DE COSTURA CALIFICADO MÚLTIPLE "C" | C15: =+R15*0.05 -> 1361.1188 | D15: =C15/8 -> 170.13986 | E15: =+R15*0.075 -> 2041.6783 | F15: =E15/8 -> 255.20978 | G15: =+R15*0.105 -> 2858.3496 | H15: =G15/8 -> 357.2937 | I15: =+R15*1.04 -> 28311.272 | J15: =+I15*0.075 -> 2123.3454 | K15: =I15/8 -> 3538.909 | L15: =J15/8 -> 265.41818 | M15: =+I15*1.045 -> 29585.279 | N15: =+M15*0.055 -> 1627.1904 | O15: =M15/8 -> 3698.1599 | P15: =N15/8 -> 203.39879 | R15: 27222.377
B16: Es el trabajador que realiza, o está en condiciones de realizar, todas las tareas productivas mencionadas en los dos puntos anteriores, manejando igualmente todo tipo de máquinas, dispositivos, accesorios, etc., con un óptimo nivel de calidad, alcanzando de manera regular, niveles de producción no inferiores al 90% del OFICIAL PRODUCTIVO CALIFICADO MÚLTIPLE “A”.-
A17: 4 | B17: OFICIAL DE COSTURA CALIFICADO | C17: =+R17*0.05 -> 1278.2569 | D17: =C17/8 -> 159.78211 | E17: =+R17*0.075 -> 1917.3854 | F17: =E17/8 -> 239.67317 | G17: =+R17*0.105 -> 2684.3395 | H17: =G17/8 -> 335.54244 | I17: =+R17*1.04 -> 26587.744 | J17: =+I17*0.075 -> 1994.0808 | K17: =I17/8 -> 3323.468 | L17: =J17/8 -> 249.2601 | M17: =+I17*1.045 -> 27784.192 | N17: =+M17*0.055 -> 1528.1306 | O17: =M17/8 -> 3473.024 | P17: =N17/8 -> 191.01632 | R17: 25565.138
B18: Es el trabajador que realiza, o está en condiciones de realizar, las tareas productivas relativas a la confección de indumentaria en telas de punto, de acuerdo a la organización particular de cada Empresa, manejando como mínimo tres tipos de máquinas diferentes (por ejemplo Overlock, Recta y Tapacostura), con sus respectivos dispositivos, accesorios, etc., con un óptimo nivel de calidad, alcanzando de manera regular los niveles de producción establecidos.-
B19: Los tres tipos de máquinas serán definidos en la Empresa, para cada sección de la misma, de acuerdo a los productos que se fabriquen y a las tareas específicas que requiera.-
B20: Las tareas a realizar serán todas las que se requieran en la Empresa, con la utilización de dichos tipos de máquinas.-
A21: 5 | B21: OFICIAL DE COSTURA | C21: =+R21*0.05 -> 1239.9259 | D21: =C21/8 -> 154.99073 | E21: =+R21*0.075 -> 1859.8888 | F21: =E21/8 -> 232.4861 | G21: =+R21*0.105 -> 2603.8443 | H21: =G21/8 -> 325.48054 | I21: =+R21*1.04 -> 25790.458 | J21: =+I21*0.075 -> 1934.2844 | K21: =I21/8 -> 3223.8073 | L21: =J21/8 -> 241.78555 | M21: =+I21*1.045 -> 26951.029 | N21: =+M21*0.055 -> 1482.3066 | O21: =M21/8 -> 3368.8786 | P21: =N21/8 -> 185.28832 | R21: 24798.517
B22: Es el trabajador que realiza, o está en condiciones de realizar, las tareas productivas relativas a la confección de indumentaria en telas de punto, de acuerdo a la organización particular de la Empresa, manejando como mínimo dos tipos de máquinas diferentes (por ejemplo Overlock y Recta), con sus respectivos dispositivos, accesorios, etc., con un alto nivel de calidad, alcanzando de manera regular, niveles de producción no inferiores al 90% del OFICIAL PRODUCTIVO CALIFICADO.-
B23: Los dos tipos de máquinas serán definidos por la Empresa, para cada sección de la misma, de acuerdo a los productos que se fabriquen y a las tareas específicas que requiera.-
B24: Las tareas a realizar serán todas las que se requieran en la Empresa, con la utilización de dichos tipos de máquinas.-
A25: 6 | B25: ½ OFICIAL DE COSTURA | C25: =+R25*0.05 -> 1196.6222 | D25: =C25/8 -> 149.57777 | E25: =+R25*0.075 -> 1794.9333 | F25: =E25/8 -> 224.36666 | G25: =+R25*0.105 -> 2512.9066 | H25: =G25/8 -> 314.11332 | I25: =+R25*1.04 -> 24889.742 | J25: =+I25*0.075 -> 1866.7306 | K25: =I25/8 -> 3111.2177 | L25: =J25/8 -> 233.34133 | M25: =+I25*1.045 -> 26009.78 | N25: =+M25*0.055 -> 1430.5379 | O25: =M25/8 -> 3251.2225 | P25: =N25/8 -> 178.81724 | R25: 23932.444
B26: Es el trabajador que realiza las tareas productivas relativas a la confección de indumentaria en telas de punto, de acuerdo a la organización particular de la Empresa, manejando como mínimo un tipo de máquina, con sus respectivos dispositivos, accesorios, etc., con un buen nivel de calidad.-
B27: B) PRODUCCIÓN MANUAL.
B28: CON O SIN APARATOS, DISPOSITIVOS, HERRAMIENTAS Y/O ACCESORIOS.
A29: 7 | B29: OFICIAL DE MANO CALIFICADO MÚLTIPLE "A" | C29: =+R29*0.05 -> 1459.513 | D29: =C29/8 -> 182.43912 | E29: =+R29*0.075 -> 2189.2695 | F29: =E29/8 -> 273.65868 | G29: =+R29*0.105 -> 3064.9773 | H29: =G29/8 -> 383.12216 | I29: =+R29*1.04 -> 30357.87 | J29: =+I29*0.075 -> 2276.8402 | K29: =I29/8 -> 3794.7337 | L29: =J29/8 -> 284.60503 | M29: =+I29*1.045 -> 31723.974 | N29: =+M29*0.055 -> 1744.8186 | O29: =M29/8 -> 3965.4968 | P29: =N29/8 -> 218.10232 | R29: 29190.26
B30: Es el trabajador que realiza, o está en condiciones de realizar, todas las tareas de mano relativas a la confección y terminación de indumentaria en telas de punto, cubriendo los puestos que fueren necesarios según programación de tareas y de acuerdo a la organización particular de la Empresa, manejando todo tipo de aparatos, dispositivos, herramientas, accesorios, etc., con un óptimo nivel de calidad, alcanzando de manera regular los niveles de producción establecidos y controlando la calidad de la producción en cualquier puesto en que fuese asignado.-
B31: a) Realiza las tareas más complejas como colocar ojalillos, broches, tachas, etc.; planchar por medios manuales o mecánicos, con excelente terminación, las prendas confeccionadas dejándolas listas para su venta; hacer zurcidos invisibles, etc.-
B32: b) También asiste a los operarios de su módulo (o grupo de trabajo), alcanzándoles los productos para elaborar y proveyéndoles de todos los elementos que aquellos necesiten para su labor, tratando por todos los medios a su alcance que no interrumpan su tarea productiva.
B33: c) Asimismo corta y/o coloca elásticos, cintas, etc.; corta collaretas; hace costuras manuales; acomoda y/o marca con tiza u otro elemento las partes que sean necesarias para facilitar la costura; pega entretelas o similares; coloca transfers; corta los hilos sobrantes de costura; plancha por medios mecánicos o manuales partes de prendas; revisa, dobla, etiqueta, ensobra, clasifica, etc., como así también realiza todas las otras tareas manuales que sean específicas de la producción de la Empresa.-
A34: 8 | B34: OFICIAL DE MANO CALIFICADO MÚLTIPLE "B" | C34: =+R34*0.05 -> 1402.1164 | D34: =C34/8 -> 175.26455 | E34: =+R34*0.075 -> 2103.1746 | F34: =E34/8 -> 262.89683 | G34: =+R34*0.105 -> 2944.4444 | H34: =G34/8 -> 368.05556 | I34: =+R34*1.04 -> 29164.021 | J34: =+I34*0.075 -> 2187.3016 | K34: =I34/8 -> 3645.5026 | L34: =J34/8 -> 273.4127 | M34: =+I34*1.045 -> 30476.402 | N34: =+M34*0.055 -> 1676.2021 | O34: =M34/8 -> 3809.5503 | P34: =N34/8 -> 209.52526 | R34: 28042.328
B35: Es el trabajador que realiza, o está en condiciones de realizar, todas las tareas mencionadas en el punto anterior, manejando igualmente todo tipo de aparatos, dispositivos, herramientas, accesorios, etc., con un óptimo nivel de calidad, alcanzando de manera regular, niveles de producción no inferiores al 95% del OFICIAL DE MANO CALIFICADO MÚLTIPLE “A”.-
A36: 9 | B36: OFICIAL DE MANO CALIFICADO MÚLTIPLE "C" | C36: =+R36*0.05 -> 1361.1188 | D36: =C36/8 -> 170.13986 | E36: =+R36*0.075 -> 2041.6783 | F36: =E36/8 -> 255.20978 | G36: =+R36*0.105 -> 2858.3496 | H36: =G36/8 -> 357.2937 | I36: =+R36*1.04 -> 28311.272 | J36: =+I36*0.075 -> 2123.3454 | K36: =I36/8 -> 3538.909 | L36: =J36/8 -> 265.41818 | M36: =+I36*1.045 -> 29585.279 | N36: =+M36*0.055 -> 1627.1904 | O36: =M36/8 -> 3698.1599 | P36: =N36/8 -> 203.39879 | R36: 27222.377
B37: Es el trabajador que realiza, o está en condiciones de realizar, todas las tareas mencionadas en los dos puntos anteriores, manejando igualmente todo tipo de aparatos, dispositivos, herramientas, accesorios, etc., con un óptimo nivel de calidad, alcanzando de manera regular, niveles de producción no inferiores al 90% del OFICIAL DE MANO CALIFICADO MÚLTIPLE “A”.-
A38: 10 | B38: OFICIAL DE MANO CALIFICADO | C38: =+R38*0.05 -> 1278.2569 | D38: =C38/8 -> 159.78211 | E38: =+R38*0.075 -> 1917.3854 | F38: =E38/8 -> 239.67317 | G38: =+R38*0.105 -> 2684.3395 | H38: =G38/8 -> 335.54244 | I38: =+R38*1.04 -> 26587.744 | J38: =+I38*0.075 -> 1994.0808 | K38: =I38/8 -> 3323.468 | L38: =J38/8 -> 249.2601 | M38: =+I38*1.045 -> 27784.192 | N38: =+M38*0.055 -> 1528.1306 | O38: =M38/8 -> 3473.024 | P38: =N38/8 -> 191.01632 | R38: 25565.138
B39: Es el trabajador que realiza o está en condiciones de realizar, todas las tareas de mano relativas a la confección y terminación de indumentaria en telas de punto, indicadas en los puntos b) y c) del OFICIAL DE MANO CALIFICADO MÚLTIPLE, cubriendo los puestos que fueren necesarios según programación de tareas y de acuerdo a la organización particular de cada Empresa, manejando todo tipo de aparatos, dispositivos, herramientas, accesorios, etc., con un óptimo nivel de calidad, alcanzando de manera regular los niveles de producción establecidos y controlando la calidad de la producción en cualquier puesto en que fuese asignado.-
A40: 11 | B40: OFICIAL DE MANO | C40: =+R40*0.05 -> 1239.9259 | D40: =C40/8 -> 154.99073 | E40: =+R40*0.075 -> 1859.8888 | F40: =E40/8 -> 232.4861 | G40: =+R40*0.105 -> 2603.8443 | H40: =G40/8 -> 325.48054 | I40: =+R40*1.04 -> 25790.458 | J40: =+I40*0.075 -> 1934.2844 | K40: =I40/8 -> 3223.8073 | L40: =J40/8 -> 241.78555 | M40: =+I40*1.045 -> 26951.029 | N40: =+M40*0.055 -> 1482.3066 | O40: =M40/8 -> 3368.8786 | P40: =N40/8 -> 185.28832 | R40: 24798.517
B41: Es el trabajador que realiza, o está en condiciones de realizar, todas las tareas de mano relativas a la confección y terminación de indumentaria en telas de punto, indicadas en el punto c) del OFICIAL DE MANO CALIFICADO MÚLTIPLE, cubriendo los puestos que fueren necesarios según programación de tareas y de acuerdo a la organización particular de cada Empresa, manejando según necesidad, aparatos, dispositivos, herramientas, accesorios, etc., con un alto nivel de calidad, alcanzando de manera regular los niveles de producción establecidos y controlando la calidad de la producción en cualquier puesto en que fuese asignado.-
A42: 12 | B42: ½ OFICIAL DE MANO | C42: =+R42*0.05 -> 1196.6222 | D42: =C42/8 -> 149.57777 | E42: =+R42*0.075 -> 1794.9333 | F42: =E42/8 -> 224.36666 | G42: =+R42*0.105 -> 2512.9066 | H42: =G42/8 -> 314.11332 | I42: =+R42*1.04 -> 24889.742 | J42: =+I42*0.075 -> 1866.7306 | K42: =I42/8 -> 3111.2177 | L42: =J42/8 -> 233.34133 | M42: =+I42*1.045 -> 26009.78 | N42: =+M42*0.055 -> 1430.5379 | O42: =M42/8 -> 3251.2225 | P42: =N42/8 -> 178.81724 | R42: 23932.444
B43: Es el trabajador que realiza, o está en condiciones de realizar, algunas tareas de mano relativas a la confección y terminación de indumentaria en telas de punto, cubriendo los puestos que fueren necesarios según programación de tareas y de acuerdo a la organización particular de la Empresa, manejando según necesidad, aparatos, dispositivos, herramientas, accesorios, etc., con un buen nivel de calidad.
B44: DISPOSICIONES ESPECÍFICAS DEL CAPÍTULO
B45: Estas disposiciones reemplazan a cualquier otra que, por similar concepto, estuvieran establecidas o lo estén en el futuro, en las Disposiciones Generales del presente CCT de la actividad.
B46: l) ADICIONAL POR CAPACITACIÓN A LOS COMPAÑEROS DE TRABAJO:
B47: Las exigencias actuales del mercado de la indumentaria en telas de punto, demanda escalas de producción más pequeñas, artículos cada vez más variados, y con el aporte de costuras de diferentes tipos de máquinas.
B48: Por tal motivo, va desapareciendo el modelo de costura repetitiva que efectuaba el operario durante mucho tiempo y que, por tal motivo, se especializaba en una sola máquina de costura, y en muy pocas tareas.
B49: En el contexto actual, se considera de suma importancia la constante capacitación de los costureros, en la mayor variedad de máquinas y de tareas posible.
B50: Siguiendo este criterio, la empresa podrá designar como capacitadores a los costureros que considere más apropiados (si éstos están de acuerdo), para que enseñen a los compañeros que deseen capacitarse, el manejo de máquinas y la realización de aquellas tareas que les permitan mejorar su calificación profesional.
B51: La empresa al optar por este sistema de capacitación, deberán programar las actividades respectivas.
B52: Los costureros que participen como capacitadores en dichos eventos, cobrarán $218,78 (Mayo), $ 228,63 (Junio), por cada hora de clase y de carácter No Remunerativos, además del importe de la hora normal o extra que les correspondiera. | Q52: VER ACTUALIZACION CON MIRTA
B53: ll) PRUEBAS Y CAMBIOS DE CATEGORÍA.
B54: Los operarios que se hubieren capacitado y deseen cambiar de categoría, podrán solicitar efectuar una prueba a tal efecto, una vez por año.
B55: La Empresa coordinará la misma, estableciendo un período de prueba que durará dos meses. Se realizará de común acuerdo con el trabajador y constará por escrito en qué categoría revista y a cual cree poder acceder.
B56: De acuerdo a los resultados obtenidos, el trabajador en prueba accederá a la nueva categoría en caso de lograr los objetivos requeridos, o se mantendrá en la categoría anterior en caso de no lograrlo.
B57: lll) CONFECCIÓN DE MUESTRAS Y/O PEQUEÑAS PRODUCCIONES.
B58: MUESTRAS: se entiende por muestras o prototipos aquellas prendas que se confeccionan a los fines de definir algunos detalles del producto, como por ejemplo calce, aspecto, proceso productivo, etc. Son producciones que no superan las tres prendas por modelo.
B59: Cuando estas muestras o prototipos las realiza un solo operario, en forma completa y sin la participación de otros, percibirá un adicional de $ 538,08 (Mayo) , $562,3 (Junio), remunerativos por cada hora dedicada a esta tarea, además del importe de la hora normal o extra que les correspondiera. | Q59: VER ACTUALIZACION CON MIRTA
B60: Cuando las mismas fueran confeccionadas por un grupo de trabajo (dos o más personas), será considerado como pequeña producción y no corresponderá el pago del adicional mencionado.
B61: PEQUEÑA PRODUCCIÓN: se entiende por pequeña producción a las series de un mismo producto, que en su conjunto de talles y colores, no superan las 30 unidades.
B62: Como estas pequeñas producciones requieren un tiempo inicial de adaptación al costurero, la Empresa deberá arbitrar los medios para que no influya negativamente en el premio por productividad.
B64: NOTA: LAS ESCALAS SALARIALES AQUÍ PREVISTAS SE INCREMENTARÁN POR APLICACION DE LOS ADICIONALES PARA LA ZONA PATAGONICA DISPUESTOS EN EL ART. Nº 40 DE LA PRESENTE.

Sheet XVIII (DIECIOCHO)
A1: ITEM | B1: CATEGORIAS | C1: POR DIA | D1: POR HORA | E1: POR DIA | F1: POR HORA | G1: POR DIA | H1: POR HORA | I1: POR DIA | K1: POR HORA | M1: POR DIA | O1: POR HORA | Q1: POR DIA
C2: ='I (UNO)'!C2 -> Febrero | E2: Marzo | G2: Abril | I2: ='I (UNO)'!F2 -> Mayo | M2: ='I (UNO)'!H2 -> Junio | Q2: 45658
C3: N.R. | D3: N.R. | E3: N.R. | F3: N.R. | G3: N.R. | H3: N.R. | I3: BÁSICO | J3: N.R | K3: BÁSICO | L3: N.R | M3: BÁSICO | N3: N.R | O3: BÁSICO | P3: N.R | Q3: BÁSICO
B4: PARA LAS EMPRESAS QUE TENGAN COMO ACTIVIDAD ESPECÍFICA, LAS TAREAS DETERMINADAS EN ESTE CAPITULO
B5: SUAVIZADO Y DESGASTADO DE TODAS LAS PRENDAS EN PROCESO DE PRODUCCION.
B6: SUAVIZADO Y DESGASTADO EXTERNOS, PROCESOS DE TRATAMIENTO, DESTEÑIDOS, ENVEJECIMIENTO, TERMINACION Y CONTROL DE CALIDAD DE PRENDAS SIN USO EN PROCESO DE PRODUCCION INDEPENDIENTES DE EMPRESAS INDUSTRIALES DE CONFECCION.
B7: NOTA: Se aplica también para el resto de los capítulos de la presente C.C.T.
A9: 12 | B9: CATEGORIA 12 | C9: =+Q9*0.05 -> 1423.626 | D9: =C9/8 -> 177.95325 | E9: =+Q9*0.075 -> 2135.439 | F9: =E9/8 -> 266.92987 | G9: =+Q9*0.105 -> 2989.6145 | H9: =G9/8 -> 373.70182 | I9: =+Q9*1.04 -> 29611.42 | J9: =+I9*0.075 -> 2220.8565 | K9: =I9/8 -> 3701.4275 | L9: =J9/8 -> 277.60707 | M9: =+I9*1.045 -> 30943.934 | N9: =+M9*0.055 -> 1701.9164 | O9: =M9/8 -> 3867.9918 | P9: =N9/8 -> 212.73955 | Q9: 28472.52
B10: 12.1. SUAVIZADO Y DESGASTADO: El trabajador deberá conocer y realizar todas las tareas del proceso de producción del Sector.
B11: 12.2. PLANCHADO : El trabajador deberá conocer y realizar todas las tareas del del proceso de producción de las distintas prendas del Sector ( planchado con robot / muñeco / plancha o planchón a vapor ).
B12: 12.3. LOCALIZADO Y PINTADO CON SOPLETE : El trabajador deberá conocer realizar todas las tareas del proceso de producción del Sector.
B13: 12.4. ARENADO : El trabajador deberá conocer y realizar todas las tareas del proceso de producción del sector.
B14: 12.5. HORNO . El trabajador deberá conocer y realizar todas las tareas del proceso de de producción del Sector ( Horneado de pintado, quebrado, arrugado, etc. ).
B15: 12.6. CONTROL DE CALIDAD : El trabajador deberá conocer y realizar todas las tareas de control del proceso completo de producción ( Identificar los defectos de las prendas confeccionadas en los talleres y aquellas que han terminado el proceso de suavizado, desgastado y planchado).
B16: 12.7. EXPEDICION : El trabajador deberá conocer y realizar todas las tareas del proceso del Sector (Recepción de las prendas provenientes de los talleres y la expedición de las consideradas Producto Terminado).
B17: La presente estructura no significará en su aplicación la disminución de la categoría o de la remuneración que el trabajador tenía con anterioridad a la misma.
B18: CONDICION GENERAL PARA LA CATEGORIA 12 .
B19: Cuando el trabajador incluído en esta categoría deba entrenar o reentrenar a otro personal deberá recibir un aumento equivalente al 30 % de su remuneración total habitual. Este incremento como Instructor será considerado remuneración accesoria a todos los efectos, liquidandose por separado, tomandose en cuenta para todas las licencias legales y/o convencionales.
A21: 13 | B21: CATEGORIA 13 | C21: =+Q21*0.05 -> 1341.421 | D21: =C21/8 -> 167.67763 | E21: =+Q21*0.075 -> 2012.1315 | F21: =E21/8 -> 251.51644 | G21: =+Q21*0.105 -> 2816.9842 | H21: =G21/8 -> 352.12302 | I21: =+Q21*1.04 -> 27901.557 | J21: =+I21*0.075 -> 2092.6168 | K21: =I21/8 -> 3487.6947 | L21: =J21/8 -> 261.5771 | M21: =+I21*1.045 -> 29157.128 | N21: =+M21*0.055 -> 1603.642 | O21: =M21/8 -> 3644.6409 | P21: =N21/8 -> 200.45525 | Q21: 26828.421
B22: 13.1. SUAVIZADO Y DESGASTADO: El trabajador deberá conocer y realizar eventualmente cualquiera de las siguientes tareas del proceso del Sector :
B23: · Máquina de suavizado y desgaste / secadora.
B24: · Preparación y control de la proporción de materiales del suavizado y desgaste.
B25: · Teñido y desteñido.
B26: 13.2. PLANCHADO : El trabajador deberá conocer y realizar eventualmente el planchado con robot o muñeco.
B27: 13.3. LOCALIZADO : Es el trabajador que se inicia en el sector localizado con soplete.
B28: 13.4. ARENADO : Es el trabajador que se inicia en el sector y deberá conocer y realizar eventualmente el arenado
B29: 13.5. TRABAJOS ESPECIALES: Es el trabajador que deberá conocer y realizar las siguientes tareas del proceso del Sector:
B30: a) LIJADO
B31: * Bigote con aerógrafo.
B32: * Bigote permanente con plancha.
B33: * Lijado sobre banco.
... B54: Cuando el trabajador complete un período de 3 (TRES) meses trabajando en tareas de la categoría superior podrá acceder a la misma sin que medie condición restrictiva alguna en cuanto a nivel de rendimiento se refiera. Las horas trabajadas en la categoría superior serán remuneradas a todos los efectos de acuerdo con el valor convencional correspondiente a la misma y liquidadas separadamente, tomándose en cuenta para todas las licencias legales y/o convencionales.
A55: 13 BIS | B55: CATEGORIA 13 BIS | C55: =+Q55*0.05 -> 1231.593 | D55: =C55/8 -> 153.94913 | E55: =+Q55*0.075 -> 1847.3896 | F55: =E55/8 -> 230.92369 | G55: =+Q55*0.105 -> 2586.3454 | H55: =G55/8 -> 323.29317 | I55: =+Q55*1.04 -> 25617.135 | J55: =+I55*0.075 -> 1921.2851 | K55: =I55/8 -> 3202.1419 | L55: =J55/8 -> 240.16064 | M55: =+I55*1.045 -> 26769.906 | N55: =+M55*0.055 -> 1472.3448 | O55: =M55/8 -> 3346.2383 | P55: =N55/8 -> 184.04311 | Q55: 24631.861
B56: 13 BIS.1. SUAVIZADO Y DESGASTADO : El trabajador deberá conocer y realizar eventualmente cualquiera de las siguientes tareas del proceso del Sector :
B57: * Centrifugado.
B58: * Sacar piedra.
B59: * Ayudar en secadora.
B60: 13 BIS.2. PLANCHADO : El trabajador deberá conocer y realizar las siguientes tareas del proceso del sector:
B61: *Abastecer de prendas al planchador.
B62: * Retirar y atar las prendas planchadas.
B63: 13 BIS.3. LOCALIZADO : El trabajador deberá conocer y realizar las siguientes tareas del proceso del Sector :
B64: * Colgar y descolgar las prendas del lugar de trabajo.
B65: * Abastecer el Sector.
B66: 13 BIS.4. ARENADO : El trabajador deberá conocer y realizar las siguientes tareas del Sector :
B67: *Colocar y retirar las prendas del lugar de trabajo.
... B75: PLANCHADO A MANO (CAMISAS).
A76: 14 | B76: OFICIAL CALIFICADO | C76: =+Q76*0.05 -> 1310.7655 | D76: =C76/8 -> 163.84569 | E76: =+Q76*0.075 -> 1966.1482 | F76: =E76/8 -> 245.76853 | G76: =+Q76*0.105 -> 2752.6075 | H76: =G76/8 -> 344.07594 | I76: =+Q76*1.04 -> 27263.922 | J76: =+I76*0.075 -> 2044.7942 | K76: =I76/8 -> 3407.9903 | L76: =J76/8 -> 255.59927 | M76: =+I76*1.045 -> 28490.799 | N76: =+M76*0.055 -> 1566.9939 | O76: =M76/8 -> 3561.3499 | P76: =N76/8 -> 195.87424 | Q76: 26215.31
B77: Plancha la prenda con la modalidad de la empresa.
A78: 15 | B78: OFICIAL PLANCHADOR CALIFICADO | C78: =+Q78*0.05 -> 1310.7655 | D78: =C78/8 -> 163.84569 | E78: =+Q78*0.075 -> 1966.1482 | F78: =E78/8 -> 245.76853 | G78: =+Q78*0.105 -> 2752.6075 | H78: =G78/8 -> 344.07594 | I78: =+Q78*1.04 -> 27263.922 | J78: =+I78*0.075 -> 2044.7942 | K78: =I78/8 -> 3407.9903 | L78: =J78/8 -> 255.59927 | M78: =+I78*1.045 -> 28490.799 | N78: =+M78*0.055 -> 1566.9939 | O78: =M78/8 -> 3561.3499 | P78: =N78/8 -> 195.87424 | Q78: 26215.31
B79: Es el trabajador que deberá conocer y realizar eventualmente cualquiera de las siguientes tareas:
B80: Plancha pantalón completo y/o cintura y/o piernas y/o camperas.
B81: REVISADO Y CONTROL DE CALIDAD.
A82: 16 | B82: REVISADOR | C82: =+Q82*0.05 -> 1238.544 | D82: =C82/8 -> 154.818 | E82: =+Q82*0.075 -> 1857.816 | F82: =E82/8 -> 232.227 | G82: =+Q82*0.105 -> 2600.9424 | H82: =G82/8 -> 325.1178 | I82: =+Q82*1.04 -> 25761.715 | J82: =+I82*0.075 -> 1932.1286 | K82: =I82/8 -> 3220.2144 | L82: =J82/8 -> 241.51608 | M82: =+I82*1.045 -> 26920.992 | N82: =+M82*0.055 -> 1480.6546 | O82: =M82/8 -> 3365.124 | P82: =N82/8 -> 185.08182 | Q82: 24770.88
B83: Es el trabajador que revisa y controla la calidad de la prenda para determinar los defectos técnicos que la misma pudiera tener.
B84: TRABAJO EN TALLERES DE CONFECCION PANTALONES, POLLERAS,
B85: CAMPERAS, CAMISAS, CHALECOS EN TELA DE JEANS, PANTALONES VAQUEROS, JARDINEROS EN TELAS DENIM - BROCKEN - TWILL - CORDEROY Y LONETA Y EN TELAS CON MEZCLA DE ALGODON O LANA, SE UTILIZARAN LAS SIGUIENTES MAQUINARIAS:
B86: MAQUINAS ESPECIALES.
A87: 17 | B87: OFICIALA CALIFICADA | C87: =+Q87*0.05 -> 1310.7655 | D87: =C87/8 -> 163.84569 | E87: =+Q87*0.075 -> 1966.1482 | F87: =E87/8 -> 245.76853 | G87: =+Q87*0.105 -> 2752.6075 | H87: =G87/8 -> 344.07594 | I87: =+Q87*1.04 -> 27263.922 | J87: =+I87*0.075 -> 2044.7942 | K87: =I87/8 -> 3407.9903 | L87: =J87/8 -> 255.59927 | M87: =+I87*1.045 -> 28490.799 | N87: =+M87*0.055 -> 1566.9939 | O87: =M87/8 -> 3561.3499 | P87: =N87/8 -> 195.87424 | Q87: 26215.31
A88: 18 | B88: OFICIALA | C88: =+Q88*0.05 -> 1238.544 | D88: =C88/8 -> 154.818 | E88: =+Q88*0.075 -> 1857.816 | F88: =E88/8 -> 232.227 | G88: =+Q88*0.105 -> 2600.9424 | H88: =G88/8 -> 325.1178 | I88: =+Q88*1.04 -> 25761.715 | J88: =+I88*0.075 -> 1932.1286 | K88: =I88/8 -> 3220.2144 | L88: =J88/8 -> 241.51608 | M88: =+I88*1.045 -> 26920.992 | N88: =+M88*0.055 -> 1480.6546 | O88: =M88/8 -> 3365.124 | P88: =N88/8 -> 185.08182 | Q88: 24770.88
B89: Overlock - 2, 3 o mas agujas - Ametralladoras - Máquina de ojales - Atraques - Zig zag - Automáticas - Computarizadas - Robots - Máquina pega botón de pasta.
B90: NOTA: con excepción de las tareas expresamente determinadas en la categoría de medio oficial, todos los trabajadores que efectúen tareas en las máquinas mencionadas anteriormente, estarán encuadradas como Oficial y/u Oficial calificada, de acuerdo a las tareas que realicen.
B91: DISPOSICIONES GENERALES PARA ESTE CAPITULO .
A92: 19 | B92: El Medio oficial con un año de antigüedad como tal, percibirá un adicional equivalente al 50% (cincuenta por ciento) más por día de su respectivo jornal básico, de la diferencia entre el salario de ese inciso y el de Oficial, o sea el inmediato superior.
A93: 20 | B93: Los trabajadores que eventualmente realicen muestras o modelos y siempre que en la ejecución de los mismos no tome parte de la totalidad del personal, percibirá un 25% (veinticinco por ciento) sobre sus salarios básicos respectivos, únicamente durante el tiempo que dure la ejecución de dichas tareas.
A94: 21 | B94: Los trabajadores que operen indistintamente una máquina de costura recta o máquinas especiales, computadas o robóticas o trabajen en dos máquinas de las especiales mencionadas en el último párrafo, percibirán un 10% (diez por ciento) mas sobre sus espectivos salarios básicos establecidos en el presente capítulo.
A95: 22 | B95: Los trabajadores que realicen tareas varias como ser: repartir hilos, retirar trabajo, repartir, empaquetar, clasificar, embolsar, etc. se hallan comprendidos en la presente Convención Colectiva de Trabajo y serán consideradas como Medio oficial después de tres (3) meses de antigüedad en el establecimiento, al año pasará a la categoría correspondiente.
A96: 23 | B96: Los Oficiales calificados y Oficiales que tengan a su cargo la orientación y enseñanza del personal, percibirán un adicional de un 20% (veinte por ciento) sobre sus respectivos salarios básicos.
A97: 24 | B97: ARTICULO TRANSITORIO:
B98: Las empresas incrementarán las remuneraciones accesorias que por concepto de premio por Productividad estén determinadas en las respectivas bases, en un monto que refleje al máximo de la escala un incremento que será equivalente al 10% del salario básico del Oficial Calificado del presente Capítulo, observando una curva proporcional en la base que genera este premio.
B99: Las remuneraciones accesorias por concepto de premio por Productividad que se modifiquen por aplicación del presente acuerdo podrán absorber hasta su concurrencia los incrementos salariales que por este concepto hubieren otorgado las empresas con posterioridad al 1-7-92.
B101: NOTA: LAS ESCALAS SALARIALES AQUÍ PREVISTAS SE INCREMENTARÁN POR APLICACION DE LOS ADICIONALES PARA LA ZONA PATAGONICA DISPUESTOS EN EL ART. Nº 40 DE LA PRESENTE.

Sheet XIX (DIECINUEVE)
A1: ITEM | B1: CATEGORIAS | C1: POR DIA | D1: POR HORA | E1: POR DIA | F1: POR HORA | G1: POR DIA | H1: POR HORA | I1: POR DIA | K1: POR HORA | M1: POR DIA | O1: POR HORA | Q1: POR DIA
